Workbook

Sheet Intro
A1: KZN RISK INDICES | N1: Low or Decreasing Risk
C2: Risk Index | N2: Neutral Risk
C3: KZN GDP vs KZN Risk | N3: High or Increasing Risk
C4: KZN Shift Share Analysis | H4: Risk Index | M4: ='Risk Analysis'!B1 -> KZN | N4: ='Risk Analysis'!C1 -> Durban | O4: ='Risk Analysis'!D1 -> PMB | P4: ='Risk Analysis'!E1 -> Rbay | Q4: ='Risk Analysis'!F1 -> Newcastle | R4: ='Risk Analysis'!G1 -> Port Shepstone | S4: ='Risk Analysis'!H1 -> Ilembe
C5: KZN Comparative Analysis | H5: Increasing | I5: Neutral | J5: Decreasing | L5: ='Risk Analysis'!A151 -> 40330 | M5: ='Risk Analysis'!B151 -> 0.57380612 | N5: ='Risk Analysis'!C151 -> 0.48075584 | O5: ='Risk Analysis'!D151 -> 0.53303367 | P5: ='Risk Analysis'!E151 -> 0.68852989 | Q5: ='Risk Analysis'!F151 -> 0.5466684 | R5: ='Risk Analysis'!G151 -> 0.60435453 | S5: ='Risk Analysis'!H151 -> 0.81985989
C6: KZN Sector Analysis | H6: <0 | I6: =0 -> 0 | J6: >0 | L6: ='Risk Analysis'!A152 -> 40360 | M6: ='Risk Analysis'!B152 -> -1.1264194 | N6: ='Risk Analysis'!C152 -> -1.1541088 | O6: ='Risk Analysis'!D152 -> -0.8322688 | P6: ='Risk Analysis'!E152 -> -1.8157061 | Q6: ='Risk Analysis'!F152 -> -1.2369855 | R6: ='Risk Analysis'!G152 -> -0.90433399 | S6: ='Risk Analysis'!H152 -> -1.1436695
L7: ='Risk Analysis'!A153 -> 40391 | M7: ='Risk Analysis'!B153 -> 0.82750608 | N7: ='Risk Analysis'!C153 -> 0.76762006 | O7: ='Risk Analysis'!D153 -> 0.77536717 | P7: ='Risk Analysis'!E153 -> 0.96585953 | Q7: ='Risk Analysis'!F153 -> 0.72774446 | R7: ='Risk Analysis'!G153 -> 0.88176649 | S7: ='Risk Analysis'!H153 -> 0.91491671
A8: Relative Economic Sector Impact | B8: Rand Dollar (Rand per USD) | C8: Interest Rate (R157 = %) | D8: Inflation (pa %) | E8: Oil Price (USD) | F8: Sugar Price (US cents per pound) | G8: Gold Price (USD) | H8: Credit extended to the domestic private sector (Rm) | I8: Physical volume of electricity production (2005=100) | J8: Total Weights | L8: ='Risk Analysis'!A154 -> 40422 | M8: ='Risk Analysis'!B154 -> -1.0625476 | N8: ='Risk Analysis'!C154 -> -1.2858176 | O8: ='Risk Analysis'!D154 -> -0.82506936 | P8: ='Risk Analysis'!E154 -> -1.403375 | Q8: ='Risk Analysis'!F154 -> -1.2944415 | R8: ='Risk Analysis'!G154 -> -0.74963921 | S8: ='Risk Analysis'!H154 -> -0.74556532
A9: Agriculture, forestry and fishing | B9: 0.2 | C9: 0.1 | D9: 0.05 | E9: 0.17 | F9: 0.3 | G9: 0 | H9: 0.1 | I9: 0.08 | J9: =SUM(B9:I9) -> 1 | L9: ='Risk Analysis'!A155 -> 40452 | M9: ='Risk Analysis'!B155 -> 0.34324118 | N9: ='Risk Analysis'!C155 -> 0.1213467 | O9: ='Risk Analysis'!D155 -> 0.31010264 | P9: ='Risk Analysis'!E155 -> 0.51074048 | Q9: ='Risk Analysis'!F155 -> 0.31637969 | R9: ='Risk Analysis'!G155 -> 0.41439864 | S9: ='Risk Analysis'!H155 -> 0.9289905
A10: Mining and quarrying | B10: 0.3 | C10: 0 | D10: 0 | E10: 0.1 | F10: 0 | G10: 0.4 | H10: 0 | I10: 0.2 | J10: =SUM(B10:I10) -> 1 | L10: ='Risk Analysis'!A156 -> 40483 | M10: ='Risk Analysis'!B156 -> -0.42917386 | N10: ='Risk Analysis'!C156 -> -0.45359833 | O10: ='Risk Analysis'!D156 -> -0.40879213 | P10: ='Risk Analysis'!E156 -> -0.27778591 | Q10: ='Risk Analysis'!F156 -> -0.31175127 | R10: ='Risk Analysis'!G156 -> -0.48877275 | S10: ='Risk Analysis'!H156 -> -0.40020485
A11: Manufacturing | B11: 0.35 | C11: 0.2 | D11: 0.05 | E11: 0.1 | F11: 0 | G11: 0 | H11: 0.1 | I11: 0.2 | J11: =SUM(B11:I11) -> 1 | L11: ='Risk Analysis'!A157 -> 40513 | M11: ='Risk Analysis'!B157 -> -1.9764798 | N11: ='Risk Analysis'!C157 -> -2.035796 | O11: ='Risk Analysis'!D157 -> -1.6880605 | P11: ='Risk Analysis'!E157 -> -2.3965852 | Q11: ='Risk Analysis'!F157 -> -2.0820897 | R11: ='Risk Analysis'!G157 -> -1.785888 | S11: ='Risk Analysis'!H157 -> -2.0817248
A12: Electricity, gas and water | B12: 0.1 | C12: 0.05 | D12: 0.05 | E12: 0.2 | F12: 0 | G12: 0 | H12: 0.1 | I12: 0.5 | J12: =SUM(B12:I12) -> 1 | L12: ='Risk Analysis'!A158 -> 40544 | M12: ='Risk Analysis'!B158 -> 0.72705859 | N12: ='Risk Analysis'!C158 -> 0.60171868 | O12: ='Risk Analysis'!D158 -> 0.6001371 | P12: ='Risk Analysis'!E158 -> 1.1298208 | Q12: ='Risk Analysis'!F158 -> 1.015024 | R12: ='Risk Analysis'!G158 -> 0.56052752 | S12: ='Risk Analysis'!H158 -> 1.2832154
A13: Construction | B13: 0.1 | C13: 0.3 | D13: 0.1 | E13: 0.15 | F13: 0 | G13: 0 | H13: 0.3 | I13: 0.05 | J13: =SUM(B13:I13) -> 1 | L13: ='Risk Analysis'!A159 -> 40575 | M13: ='Risk Analysis'!B159 -> -1.4891752 | N13: ='Risk Analysis'!C159 -> -1.5329372 | O13: ='Risk Analysis'!D159 -> -1.2807097 | P13: ='Risk Analysis'!E159 -> -1.4985573 | Q13: ='Risk Analysis'!F159 -> -1.3732378 | R13: ='Risk Analysis'!G159 -> -1.4910806 | S13: ='Risk Analysis'!H159 -> -1.5989347
A14: Wholesale & retail trade; hotels & restaurants | B14: 0.1 | C14: 0.35 | D14: 0.2 | E14: 0.1 | F14: 0 | G14: 0 | H14: 0.25 | I14: 0 | J14: =SUM(B14:I14) -> 1 | L14: ='Risk Analysis'!A160 -> 40603 | M14: ='Risk Analysis'!B160 -> -1.0599857 | N14: ='Risk Analysis'!C160 -> -0.95575151 | O14: ='Risk Analysis'!D160 -> -0.93342328 | P14: ='Risk Analysis'!E160 -> -1.1610133 | Q14: ='Risk Analysis'!F160 -> -0.9760505 | R14: ='Risk Analysis'!G160 -> -1.1148176 | S14: ='Risk Analysis'!H160 -> -1.4491947
A15: Transport , storage and communication | B15: 0.1 | C15: 0.2 | D15: 0.1 | E15: 0.3 | F15: 0 | G15: 0 | H15: 0.2 | I15: 0.1 | J15: =SUM(B15:I15) -> 1 | L15: ='Risk Analysis'!A161 -> 40634 | M15: ='Risk Analysis'!B161 -> -1.233264 | N15: ='Risk Analysis'!C161 -> -1.2022072 | O15: ='Risk Analysis'!D161 -> -1.0809561 | P15: ='Risk Analysis'!E161 -> -1.1921787 | Q15: ='Risk Analysis'!F161 -> -1.180431 | R15: ='Risk Analysis'!G161 -> -1.2490562 | S15: ='Risk Analysis'!H161 -> -1.5603325
A16: Finance, real estate and business services | B16: 0.1 | C16: 0.35 | D16: 0.1 | E16: 0.1 | F16: 0 | G16: 0 | H16: 0.3 | I16: 0.05 | J16: =SUM(B16:I16) -> 1 | L16: ='Risk Analysis'!A162 -> 40664 | M16: ='Risk Analysis'!B162 -> 1.4596048 | N16: ='Risk Analysis'!C162 -> 1.5436355 | O16: ='Risk Analysis'!D162 -> 1.2373229 | P16: ='Risk Analysis'!E162 -> 1.7923623 | Q16: ='Risk Analysis'!F162 -> 1.5152959 | R16: ='Risk Analysis'!G162 -> 1.322266 | S16: ='Risk Analysis'!H162 -> 1.3992684
A17: Personal and General Government Services | B17: 0.1 | C17: 0.35 | D17: 0.2 | E17: 0 | F17: 0 | G17: 0 | H17: 0.3 | I17: 0.05 | J17: =SUM(B17:I17) -> 1 | L17: ='Risk Analysis'!A163 -> 40695 | M17: ='Risk Analysis'!B163 -> 0.28395349 | N17: ='Risk Analysis'!C163 -> 0.19413324 | O17: ='Risk Analysis'!D163 -> 0.31776363 | P17: ='Risk Analysis'!E163 -> -0.00083568043 | Q17: ='Risk Analysis'!F163 -> 0.083215118 | R17: ='Risk Analysis'!G163 -> 0.46689498 | S17: ='Risk Analysis'!H163 -> 0.52587176
L18: ='Risk Analysis'!A164 -> 40725 | M18: ='Risk Analysis'!B164 -> -0.39209266 | N18: ='Risk Analysis'!C164 -> -0.59593337 | O18: ='Risk Analysis'!D164 -> -0.26628789 | P18: ='Risk Analysis'!E164 -> -0.47710806 | Q18: ='Risk Analysis'!F164 -> -0.56977319 | R18: ='Risk Analysis'!G164 -> -0.15725964 | S18: ='Risk Analysis'!H164 -> -0.070931941
L19: ='Risk Analysis'!A165 -> 40756 | M19: ='Risk Analysis'!B165 -> 1.151109 | N19: ='Risk Analysis'!C165 -> 1.0708515 | O19: ='Risk Analysis'!D165 -> 0.9013015 | P19: ='Risk Analysis'!E165 -> 2.009091 | Q19: ='Risk Analysis'!F165 -> 1.2712654 | R19: ='Risk Analysis'!G165 -> 0.96991677 | S19: ='Risk Analysis'!H165 -> 1.3359438

Sheet Notes
A1: Economic Indicator | B1: Unit | C1: Movement | D1: Decreasing Risk | E1: Increasing Risk | F1: Source
A2: Rand Dollar Exchange Rate | B2: Rand per 1USD | C2: Appreciate or Depreciate | D2: Depreciate | E2: Appreciate | F2: Sharenet
A3: Interest Rate | B3: Percentage R157 Bond | C3: Increase or Decrease | D3: Decrease | E3: Increase | F3: Sharenet
A4: Inflation Rate | B4: Percentage Per Annum | C4: Increase or Decrease | D4: Decrease | E4: Increase | F4: Stats SA
A5: Oil Price | B5: USD per Barrel | C5: Increase or Decrease | D5: Decrease | E5: Increase | F5: Sharenet
A6: Sugar Price | B6: US cents per pound | C6: Increase or Decrease | D6: Increase | E6: Decrease | F6: Indexmundi
A7: Gold Price | B7: USD per Ounce | C7: Increase or Decrease | D7: Increase | E7: Decrease | F7: Sharenet
A8: Credit extended to the domestic private sector | B8: Rand million | C8: Increase or Decrease | D8: Increase | E8: Decrease | F8: SARB
A9: Physical volume of electricity production | B9: Index, 2005=100 | C9: Increase or Decrease | D9: Increase | E9: Decrease | F9: Stats SA
A12: Risk Index Interpretation
A14: Positive Numbers | B14: Low or Decreasing Risk
A15: Zero | B15: Neutral Risk
A16: Negative Numbers | B16: High or Increasing Risk

Sheet KZN
A1: KwaZulu-Natal
A2: Number of formally employed people | B2: Agriculture | D2: Mining | F2: Manufacturing | H2: Electricity | J2: Construction | L2: Trade | N2: Transport | P2: Finance | R2: Community services | T2: Private Households | V2: Total | X2: Year-on-Year MA | Y2: Total-Private Households
B3: SA | C3: KZN | D3: SA | E3: =C3 -> KZN | F3: SA | G3: =E3 -> KZN | H3: SA | I3: =G3 -> KZN | J3: SA | K3: =I3 -> KZN | L3: SA | M3: =K3 -> KZN | N3: SA | O3: =M3 -> KZN | P3: SA | Q3: =O3 -> KZN | R3: SA | S3: =Q3 -> KZN | T3: SA | U3: =S3 -> KZN | V3: SA | W3: =U3 -> KZN | Y3: SA | Z3: MA
A4: 1996 | B4: 887880 | C4: 119935.87 | D4: 568517 | E4: 12742.287 | F4: 1457136.5 | G4: 298396.56 | H4: 76930.867 | I4: 9439.4677 | J4: 345823.5 | K4: 37055.55 | L4: 1085992 | M4: 110834.7 | N4: 479493.16 | O4: 74232.951 | P4: 713126.49 | Q4: 92858.436 | R4: 1578263.3 | S4: 230694.89 | T4: 1015292.6 | U4: 153872.12 | V4: =B4+D4+F4+H4+J4+L4+N4+P4+R4+T4 -> 8208455.4 | W4: =C4+E4+G4+I4+K4+M4+O4+Q4+S4+U4 -> 1140062.8 | Y4: =V4-T4 -> 7193162.8 | Z4: =W4-U4 -> 986190.71
A5: =A4+1 -> 1997 | B5: 881959.67 | C5: 119290.18 | D5: 552238 | E5: 10731.787 | F5: 1396428.8 | G5: 285072.38 | H5: 77385.042 | I5: 9522.6779 | J5: 357720.37 | K5: 38356.855 | L5: 1120388.8 | M5: 114457.71 | N5: 486881.96 | O5: 75572.063 | P5: 747970.5 | Q5: 97744.033 | R5: 1683664.2 | S5: 247302.37 | T5: 1003185.5 | U5: 151949.32 | V5: =B5+D5+F5+H5+J5+L5+N5+P5+R5+T5 -> 8307822.7 | W5: =C5+E5+G5+I5+K5+M5+O5+Q5+S5+U5 -> 1149999.4 | X5: =(W5-W4)/W4*100 -> 0.87157818 | Y5: =V5-T5 -> 7304637.2 | Z5: =W5-U5 -> 998050.05
A6: =A5+1 -> 1998 | B6: 867918.28 | C6: 117430.64 | D6: 465851 | E6: 9516.8939 | F6: 1350784.2 | G6: 273390.61 | H6: 75323.284 | I6: 9144.5514 | J6: 336634.99 | K6: 35789.493 | L6: 1189534.6 | M6: 120378.1 | N6: 461107.75 | O6: 71429.169 | P6: 773497.72 | Q6: 99537.299 | R6: 1772084.2 | S6: 260368.4 | T6: 991531.26 | U6: 148994.34 | V6: =B6+D6+F6+H6+J6+L6+N6+P6+R6+T6 -> 8284267.3 | W6: =C6+E6+G6+I6+K6+M6+O6+Q6+S6+U6 -> 1145979.5 | X6: =(W6-W5)/W5*100 -> -0.34955423 | Y6: =V6-T6 -> 7292736 | Z6: =W6-U6 -> 996985.16
A7: =A6+1 -> 1999 | B7: 866463.02 | C7: 117279.42 | D7: 436254 | E7: 7319.5869 | F7: 1315722.5 | G7: 264821.89 | H7: 74493.773 | I7: 8938.1365 | J7: 332065.66 | K7: 34509.149 | L7: 1307911.3 | M7: 129366.16 | N7: 462724.37 | O7: 70142.255 | P7: 812416.77 | Q7: 101702.16 | R7: 1837006.2 | S7: 269829.03 | T7: 985259.98 | U7: 146600.04 | V7: =B7+D7+F7+H7+J7+L7+N7+P7+R7+T7 -> 8430317.6 | W7: =C7+E7+G7+I7+K7+M7+O7+Q7+S7+U7 -> 1150507.8 | X7: =(W7-W6)/W6*100 -> 0.39515017 | Y7: =V7-T7 -> 7445057.6 | Z7: =W7-U7 -> 1003907.8
A8: =A7+1 -> 2000 | B8: 856696.91 | C8: 116128.47 | D8: 417717 | E8: 6322.7164 | F8: 1296165.5 | G8: 260883.83 | H8: 74502.364 | I8: 8875.0146 | J8: 350824.84 | K8: 36068.179 | L8: 1300427.2 | M8: 126760.83 | N8: 456984.32 | O8: 67634.965 | P8: 852256.59 | Q8: 105587.71 | R8: 1892891.1 | S8: 278101.68 | T8: 968553.77 | U8: 143196.29 | V8: =B8+D8+F8+H8+J8+L8+N8+P8+R8+T8 -> 8467019.5 | W8: =C8+E8+G8+I8+K8+M8+O8+Q8+S8+U8 -> 1149559.7 | X8: =(W8-W7)/W7*100 -> -0.082411095 | Y8: =V8-T8 -> 7498465.8 | Z8: =W8-U8 -> 1006363.4
A9: =A8+1 -> 2001 | B9: 916347.6 | C9: 123006.08 | D9: 406654 | E9: 5755.1779 | F9: 1262623.2 | G9: 253856.85 | H9: 74310.356 | I9: 8769.8623 | J9: 336682.72 | K9: 34804.01 | L9: 1319587.6 | M9: 129071.44 | N9: 440380.52 | O9: 64794.466 | P9: 931090.71 | Q9: 114349.95 | R9: 1879377.6 | S9: 273448.78 | T9: 953808.48 | U9: 139474.5 | V9: =B9+D9+F9+H9+J9+L9+N9+P9+R9+T9 -> 8520862.8 | W9: =C9+E9+G9+I9+K9+M9+O9+Q9+S9+U9 -> 1147331.1 | X9: =(W9-W8)/W8*100 -> -0.19386396 | Y9: =V9-T9 -> 7567054.3 | Z9: =W9-U9 -> 1007856.6
A10: =A9+1 -> 2002 | B10: 934015.47 | C10: 125405 | D10: 416153 | E10: 5780.2124 | F10: 1270647 | G10: 254839.75 | H10: 74998.982 | I10: 8944.5009 | J10: 336239.54 | K10: 34621.136 | L10: 1320665.2 | M10: 128804.3 | N10: 446726.56 | O10: 64599.084 | P10: 1009426.3 | Q10: 122510.19 | R10: 1944631.2 | S10: 280444.93 | T10: 954695.98 | U10: 138878.8 | V10: =B10+D10+F10+H10+J10+L10+N10+P10+R10+T10 -> 8708199.2 | W10: =C10+E10+G10+I10+K10+M10+O10+Q10+S10+U10 -> 1164827.9 | X10: =(W10-W9)/W9*100 -> 1.524998 | Y10: =V10-T10 -> 7753503.2 | Z10: =W10-U10 -> 1025949.1
A11: =A10+1 -> 2003 | B11: 905008.74 | C11: 122030.58 | D11: 433700 | E11: 6377.6469 | F11: 1239012.6 | G11: 248418.65 | H11: 71848.049 | I11: 8419.1897 | J11: 374174.99 | K11: 38273.893 | L11: 1415881 | M11: 137496.49 | N11: 425105.42 | O11: 61553.887 | P11: 1027718.8 | Q11: 123357.46 | R11: 2049583.8 | S11: 290955.2 | T11: 987319.81 | U11: 142821.99 | V11: =B11+D11+F11+H11+J11+L11+N11+P11+R11+T11 -> 8929353.2 | W11: =C11+E11+G11+I11+K11+M11+O11+Q11+S11+U11 -> 1179705 | X11: =(W11-W10)/W10*100 -> 1.2771935 | Y11: =V11-T11 -> 7942033.4 | Z11: =W11-U11 -> 1036883
A12: =A11+1 -> 2004 | B12: 823813.55 | C12: 109453.26 | D12: 455367 | E12: 7936.8594 | F12: 1294617 | G12: 254885.43 | H12: 72457.373 | I12: 8382.2427 | J12: 446174.83 | K12: 45396.098 | L12: 1491315.6 | M12: 144543.82 | N12: 438479.23 | O12: 63788.294 | P12: 1110165 | Q12: 132166.49 | R12: 2048749 | S12: 292721.53 | T12: 952845.06 | U12: 137626.88 | V12: =B12+D12+F12+H12+J12+L12+N12+P12+R12+T12 -> 9133983.6 | W12: =C12+E12+G12+I12+K12+M12+O12+Q12+S12+U12 -> 1196900.9 | X12: =(W12-W11)/W11*100 -> 1.4576451 | Y12: =V12-T12 -> 8181138.5 | Z12: =W12-U12 -> 1059274
A13: =A12+1 -> 2005 | B13: 775444.7 | C13: 102061.28 | D13: 443266.67 | E13: 8009.8446 | F13: 1314558.3 | G13: 252954.23 | H13: 74136.926 | I13: 8438.3424 | J13: 526599.68 | K13: 53079.222 | L13: 1644000.5 | M13: 158196.93 | N13: 450342.35 | O13: 65149.405 | P13: 1208059.9 | Q13: 142075.39 | R13: 2032627.8 | S13: 291310.95 | T13: 951818.88 | U13: 137284.96 | V13: =B13+D13+F13+H13+J13+L13+N13+P13+R13+T13 -> 9420855.7 | W13: =C13+E13+G13+I13+K13+M13+O13+Q13+S13+U13 -> 1218560.6 | X13: =(W13-W12)/W12*100 -> 1.8096438 | Y13: =V13-T13 -> 8469036.9 | Z13: =W13-U13 -> 1081275.6
A14: =A13+1 -> 2006 | B14: 758916.65 | C14: 100336.72 | D14: 458600 | E14: 9798.0739 | F14: 1371316.6 | G14: 261904.82 | H14: 75338.886 | I14: 8461.2486 | J14: 533220.28 | K14: 53684.525 | L14: 1800159.6 | M14: 173400.93 | N14: 444421.66 | O14: 64231.357 | P14: 1304349 | Q14: 153118.98 | R14: 2065501.6 | S14: 298134.59 | T14: 978273.99 | U14: 141663.32 | V14: =B14+D14+F14+H14+J14+L14+N14+P14+R14+T14 -> 9790098.3 | W14: =C14+E14+G14+I14+K14+M14+O14+Q14+S14+U14 -> 1264734.6 | X14: =(W14-W13)/W13*100 -> 3.7892256 | Y14: =V14-T14 -> 8811824.3 | Z14: =W14-U14 -> 1123071.2
A15: =A14+1 -> 2007 | B15: 819375.96 | C15: 108729.23 | D15: 495474 | E15: 10313.374 | F15: 1398078.7 | G15: 264242.48 | H15: 77581.522 | I15: 8700.9809 | J15: 548754.73 | K15: 55474.553 | L15: 1848834.1 | M15: 179201.65 | N15: 445507.11 | O15: 64146.299 | P15: 1425301.5 | Q15: 167868.28 | R15: 2174677.6 | S15: 317047.23 | T15: 1084152.9 | U15: 158286.56 | V15: =B15+D15+F15+H15+J15+L15+N15+P15+R15+T15 -> 10317738 | W15: =C15+E15+G15+I15+K15+M15+O15+Q15+S15+U15 -> 1334010.6 | X15: =(W15-W14)/W14*100 -> 5.4775191 | Y15: =V15-T15 -> 9233585.2 | Z15: =W15-U15 -> 1175724.1
A16: =A15+1 -> 2008 | B16: 809281.53 | C16: 107870.49 | D16: 515725.42 | E16: 11125.93 | F16: 1469726.2 | G16: 280018.91 | H16: 74320.434 | I16: 8421.6006 | J16: 575886.64 | K16: 59127.815 | L16: 1859529.3 | M16: 183120.02 | N16: 503022.2 | O16: 73825.657 | P16: 1529644.5 | Q16: 182762.95 | R16: 2294855.6 | S16: 341387.98 | T16: 1180526.3 | U16: 174745.33 | V16: =B16+D16+F16+H16+J16+L16+N16+P16+R16+T16 -> 10812518 | W16: =C16+E16+G16+I16+K16+M16+O16+Q16+S16+U16 -> 1422406.7 | X16: =(W16-W15)/W15*100 -> 6.6263382 | Y16: =V16-T16 -> 9631991.8 | Z16: =W16-U16 -> 1247661.4
... A18: =A17+1 -> 2010 | B18: 701904.36 | C18: 93910.155 | D18: 498055.17 | E18: 11357.113 | F18: 1396938.5 | G18: 280912.28 | H18: 65610.247 | I18: 7637.4072 | J18: 551968.07 | K18: 58397.078 | L18: 1737056.5 | M18: 175770.37 | N18: 494852.77 | O18: 74000.265 | P18: 1539060.5 | Q18: 188766.73 | R18: 2324767.9 | S18: 356811.24 | T18: 1121504.2 | U18: 171126.56 | V18: =B18+D18+F18+H18+J18+L18+N18+P18+R18+T18 -> 10431718 | W18: =C18+E18+G18+I18+K18+M18+O18+Q18+S18+U18 -> 1418689.2 | X18: =(W18-W17)/W17*100 -> 0.12512413 | Y18: =V18-T18 -> 9310214 | Z18: =W18-U18 -> 1247562.6
A20: Gross Value Added by Region (GVA-R) | B20: Agriculture | D20: Mining | F20: Manufacturing | H20: Electricity | J20: Construction | L20: Trade | N20: Transport | P20: Finance | R20: Community services | V20: Total | X20: Year-on-Year MA
A21: Constant 2005 prices (R 1000) | B21: SA | C21: =C3 -> KZN | D21: SA | E21: =E3 -> KZN | F21: SA | G21: =G3 -> KZN | H21: SA | I21: =I3 -> KZN | J21: SA | K21: =K3 -> KZN | L21: SA | M21: =M3 -> KZN | N21: SA | O21: =O3 -> KZN | P21: SA | Q21: =Q3 -> KZN | R21: SA | S21: =S3 -> KZN | V21: SA | W21: =W3 -> KZN
A22: =A4 -> 1996 | B22: 32582299 | C22: 9562775.6 | D22: 99506344 | E22: 6108300 | F22: 1.987152e+08 | G22: 41760874 | H22: 28494360 | I22: 4974365 | J22: 26033135 | K22: 4525152.4 | L22: 1.3585407e+08 | M22: 21832344 | N22: 79153561 | O22: 18171674 | P22: 1.8566338e+08 | Q22: 25955780 | R22: 2.5896799e+08 | S22: 37988506 | V22: =B22+D22+F22+H22+J22+L22+N22+P22+R22+T22 -> 1.0449703e+09 | W22: =C22+E22+G22+I22+K22+M22+O22+Q22+S22+U22 -> 1.7087977e+08
A23: =A5 -> 1997 | B23: 32906507 | C23: 9539885.9 | D23: 1.0129328e+08 | E23: 6181240.1 | F23: 2.0427276e+08 | G23: 42907239 | H23: 29633529 | I23: 5150178.2 | J23: 26929349 | K23: 4783448.2 | L23: 1.3652596e+08 | M23: 21971673 | N23: 85249460 | O23: 19199733 | P23: 1.9458399e+08 | Q23: 27080880 | R23: 2.6072052e+08 | S23: 37367522 | V23: =B23+D23+F23+H23+J23+L23+N23+P23+R23+T23 -> 1.0721154e+09 | W23: =C23+E23+G23+I23+K23+M23+O23+Q23+S23+U23 -> 1.741818e+08 | X23: =(W23-W22)/W22*100 -> 1.9323697
A24: =A6 -> 1998 | B24: 31153062 | C24: 9621678.5 | D24: 1.0116145e+08 | E24: 6096050.3 | F24: 2.0380269e+08 | G24: 42699604 | H24: 27758236 | I24: 4834245.4 | J24: 25342082 | K24: 4245578.9 | L24: 1.3825907e+08 | M24: 22153373 | N24: 89911045 | O24: 20061898 | P24: 1.9900335e+08 | Q24: 27727494 | R24: 2.6322982e+08 | S24: 38522252 | V24: =B24+D24+F24+H24+J24+L24+N24+P24+R24+T24 -> 1.0796208e+09 | W24: =C24+E24+G24+I24+K24+M24+O24+Q24+S24+U24 -> 1.7596217e+08 | X24: =(W24-W23)/W23*100 -> 1.022136
A25: =A7 -> 1999 | B25: 33129731 | C25: 9387106.7 | D25: 99881396 | E25: 4424531.5 | F25: 2.0530547e+08 | G25: 43442091 | H25: 27657162 | I25: 4844981.6 | J25: 24998102 | K25: 4004203.9 | L25: 1.489699e+08 | M25: 23766478 | N25: 94715567 | O25: 20802989 | P25: 2.0945915e+08 | Q25: 29452691 | R25: 2.6461575e+08 | S25: 38066218 | V25: =B25+D25+F25+H25+J25+L25+N25+P25+R25+T25 -> 1.1087322e+09 | W25: =C25+E25+G25+I25+K25+M25+O25+Q25+S25+U25 -> 1.7819129e+08 | X25: =(W25-W24)/W24*100 -> 1.2668155
A26: =A8 -> 2000 | B26: 34721349 | C26: 9743891.6 | D26: 98881009 | E26: 4314555.1 | F26: 2.221561e+08 | G26: 47224994 | H26: 28542916 | I26: 5134847.8 | J26: 26410338 | K26: 4162462.5 | L26: 1.6119674e+08 | M26: 25762927 | N26: 1.0267905e+08 | O26: 22169060 | P26: 2.1633553e+08 | Q26: 29837448 | R26: 2.6656813e+08 | S26: 38596162 | V26: =B26+D26+F26+H26+J26+L26+N26+P26+R26+T26 -> 1.1574912e+09 | W26: =C26+E26+G26+I26+K26+M26+O26+Q26+S26+U26 -> 1.8694635e+08 | X26: =(W26-W25)/W25*100 -> 4.9132914
A27: =A9 -> 2001 | B27: 33596824 | C27: 9731948.9 | D27: 98844719 | E27: 4097183.6 | F27: 2.2941036e+08 | G27: 48659746 | H27: 27504242 | I27: 5129083.6 | J27: 27711128 | K27: 5580757.8 | L27: 1.6436355e+08 | M27: 27772733 | N27: 1.0880602e+08 | O27: 23139624 | P27: 2.3415309e+08 | Q27: 31561290 | R27: 2.6665188e+08 | S27: 39148038 | V27: =B27+D27+F27+H27+J27+L27+N27+P27+R27+T27 -> 1.1910418e+09 | W27: =C27+E27+G27+I27+K27+M27+O27+Q27+S27+U27 -> 1.948204e+08 | X27: =(W27-W26)/W26*100 -> 4.2119337
A28: =A10 -> 2002 | B28: 35826000 | C28: 10181108 | D28: 99959810 | E28: 3665594.8 | F28: 2.36133e+08 | G28: 50004904 | H28: 28503000 | I28: 5630179.6 | J28: 29321000 | K28: 4409433.3 | L28: 1.683572e+08 | M28: 28490010 | N28: 1.18749e+08 | O28: 25336584 | P28: 2.49165e+08 | Q28: 33199227 | R28: 2.70256e+08 | S28: 39616845 | V28: =B28+D28+F28+H28+J28+L28+N28+P28+R28+T28 -> 1.23627e+09 | W28: =C28+E28+G28+I28+K28+M28+O28+Q28+S28+U28 -> 2.0053389e+08 | X28: =(W28-W27)/W27*100 -> 2.9326912
A29: =A11 -> 2003 | B29: 36070000 | C29: 10703723 | D29: 1.0335482e+08 | E29: 3879581.8 | F29: 2.32581e+08 | G29: 49546138 | H29: 29344000 | I29: 4983876.8 | J29: 31575000 | K29: 4621229.4 | L29: 1.728452e+08 | M29: 29472754 | N29: 1.26287e+08 | O29: 27106804 | P29: 2.61123e+08 | Q29: 35054126 | R29: 2.79949e+08 | S29: 40925113 | V29: =B29+D29+F29+H29+J29+L29+N29+P29+R29+T29 -> 1.273129e+09 | W29: =C29+E29+G29+I29+K29+M29+O29+Q29+S29+U29 -> 2.0629335e+08 | X29: =(W29-W28)/W28*100 -> 2.8720638
A30: =A12 -> 2004 | B30: 36380000 | C30: 10738206 | D30: 1.0491526e+08 | E30: 3957124 | F30: 2.43965e+08 | G30: 51873630 | H30: 31335000 | I30: 5348135.5 | J30: 34451000 | K30: 5054489.7 | L30: 1.82175e+08 | M30: 31070165 | N30: 1.32459e+08 | O30: 28320059 | P30: 2.79544e+08 | Q30: 37586504 | R30: 2.85166e+08 | S30: 41538495 | V30: =B30+D30+F30+H30+J30+L30+N30+P30+R30+T30 -> 1.3303903e+09 | W30: =C30+E30+G30+I30+K30+M30+O30+Q30+S30+U30 -> 2.1548681e+08 | X30: =(W30-W29)/W29*100 -> 4.4564994
A31: =A13 -> 2005 | B31: 37402392 | C31: 10109249 | D31: 1.0599188e+08 | E31: 3709413.8 | F31: 2.5910094e+08 | G31: 55070173 | H31: 33010193 | I31: 5695450.5 | J31: 38558200 | K31: 5738870.6 | L31: 1.9501216e+08 | M31: 33073603 | N31: 1.3947227e+08 | O31: 29994478 | P31: 2.9550364e+08 | Q31: 41559581 | R31: 2.9701544e+08 | S31: 43251444 | V31: =B31+D31+F31+H31+J31+L31+N31+P31+R31+T31 -> 1.4010671e+09 | W31: =C31+E31+G31+I31+K31+M31+O31+Q31+S31+U31 -> 2.2820226e+08 | X31: =(W31-W30)/W30*100 -> 5.9008047
A32: =A14 -> 2006 | B32: 35359000 | C32: 10173891 | D32: 1.0536426e+08 | E32: 3585375.8 | F32: 2.757824e+08 | G32: 58392376 | H32: 34139000 | I32: 5883144.8 | J32: 42582000 | K32: 6174933.4 | L32: 2.06636e+08 | M32: 35182914 | N32: 1.46607e+08 | O32: 31553257 | P32: 3.24002e+08 | Q32: 44750052 | R32: 3.0802e+08 | S32: 44876863 | V32: =B32+D32+F32+H32+J32+L32+N32+P32+R32+T32 -> 1.4784917e+09 | W32: =C32+E32+G32+I32+K32+M32+O32+Q32+S32+U32 -> 2.4057281e+08 | X32: =(W32-W31)/W31*100 -> 5.4208679
A33: =A15 -> 2007 | B33: 36301000 | C33: 10587367 | D33: 1.0533568e+08 | E33: 3674644.4 | F33: 2.90246e+08 | G33: 61485577 | H33: 35294000 | I33: 6078945 | J33: 48971000 | K33: 7064988.8 | L33: 2.17607e+08 | M33: 37143260 | N33: 1.56289e+08 | O33: 33802472 | P33: 3.49501e+08 | Q33: 48220421 | R33: 3.21865e+08 | S33: 46975138 | V33: =B33+D33+F33+H33+J33+L33+N33+P33+R33+T33 -> 1.5614097e+09 | W33: =C33+E33+G33+I33+K33+M33+O33+Q33+S33+U33 -> 2.5503281e+08 | X33: =(W33-W32)/W32*100 -> 6.0106568
A34: =A16 -> 2008 | B34: 42154000 | C34: 12121171 | D34: 99397870 | E34: 3436627.5 | F34: 2.979e+08 | G34: 63054732 | H34: 34198000 | I34: 5835190.6 | J34: 53644000 | K34: 7744235.9 | L34: 2.19359e+08 | M34: 37460514 | N34: 1.61672e+08 | O34: 35081946 | P34: 3.7509e+08 | Q34: 51736244 | R34: 3.3576e+08 | S34: 49078098 | V34: =B34+D34+F34+H34+J34+L34+N34+P34+R34+T34 -> 1.6191749e+09 | W34: =C34+E34+G34+I34+K34+M34+O34+Q34+S34+U34 -> 2.6554876e+08 | X34: =(W34-W33)/W33*100 -> 4.1233697
... A36: =A18 -> 2010 | B36: 41246962 | C36: 11846292 | D36: 1.0065926e+08 | E36: 3741899.8 | F36: 2.8018998e+08 | G36: 59053300 | H36: 34310972 | I36: 5920287.4 | J36: 58523000 | K36: 8164699.5 | L36: 2.1856982e+08 | M36: 37815501 | N36: 1.6746229e+08 | O36: 36508406 | P36: 3.8549086e+08 | Q36: 53420526 | R36: 3.5291788e+08 | S36: 51609651 | V36: =B36+D36+F36+H36+J36+L36+N36+P36+R36+T36 -> 1.639371e+09 | W36: =C36+E36+G36+I36+K36+M36+O36+Q36+S36+U36 -> 2.6808056e+08 | X36: =(W36-W35)/W35*100 -> 2.670416
A39: Location Quotients | C39: Agriculture, forestry and fishing | D39: Mining and quarrying | E39: Manufacturing | F39: Electricity, gas and water | G39: Construction | H39: Wholesale & retail trade; hotels & restaurants | I39: Transport , storage and communication | J39: Finance, real estate and business services | K39: Personal and General Government Services | L39: Actual vs Necessary Employment | M39: Agriculture, forestry and fishing | N39: Mining and quarrying | O39: Manufacturing | P39: Electricity, gas and water | Q39: Construction | R39: Wholesale & retail trade; hotels & restaurants | S39: Transport , storage and communication | T39: Finance, real estate and business services | U39: Personal and General Government Services
A40: 1996 | C40: =(C4/$W4)/(B4/$V4) -> 0.97258476 | D40: =(E4/$W4)/(D4/$V4) -> 0.16137513 | E40: =(G4/$W4)/(F4/$V4) -> 1.474437 | F40: =(I4/$W4)/(H4/$V4) -> 0.88344503 | G40: =(K4/$W4)/(J4/$V4) -> 0.77149199 | H40: =(M4/$W4)/(L4/$V4) -> 0.73482134 | I40: =(O4/$W4)/(N4/$V4) -> 1.1146717 | J40: =(Q4/$W4)/(P4/$V4) -> 0.93753491 | K40: =(S4/$W4)/(R4/$V4) -> 1.0524251 | L40: =A40 -> 1996 | M40: =(1-1/C40)*C4 -> -3380.7546 | N40: =(1-1/D40)*E4 -> -66218.379 | O40: =(1-1/E40)*G4 -> 96016.563 | P40: =(1-1/F40)*I4 -> -1245.3711 | Q40: =(1-1/G40)*K4 -> -10975.474 | R40: =(1-1/H40)*M4 -> -39997.471 | S40: =(1-1/I40)*O4 -> 7636.7031 | T40: =(1-1/J40)*Q4 -> -6186.8738 | U40: =(1-1/K40)*S4 -> 11491.74 | V40: =AVERAGE(M40:U40) -> -1428.8131 | W40: =V40/1000 -> -1.4288131
A41: =A40+1 -> 1997 | C41: =(C5/$W5)/(B5/$V5) -> 0.97711479 | D41: =(E5/$W5)/(D5/$V5) -> 0.14038975 | E41: =(G5/$W5)/(F5/$V5) -> 1.4747757 | F41: =(I5/$W5)/(H5/$V5) -> 0.88897939 | G41: =(K5/$W5)/(J5/$V5) -> 0.7746204 | H41: =(M5/$W5)/(L5/$V5) -> 0.73801623 | I41: =(O5/$W5)/(N5/$V5) -> 1.1213139 | J41: =(Q5/$W5)/(P5/$V5) -> 0.94405088 | K41: =(S5/$W5)/(R5/$V5) -> 1.0611149 | L41: =A41 -> 1997 | M41: =(1-1/C41)*C5 -> -2793.9198 | N41: =(1-1/D41)*E5 -> -65711.027 | O41: =(1-1/E41)*G5 -> 91773.576 | P41: =(1-1/F41)*I5 -> -1189.2441 | Q41: =(1-1/G41)*K5 -> -11160.115 | R41: =(1-1/H41)*M5 -> -40630.625 | S41: =(1-1/I41)*O5 -> 8176.072 | T41: =(1-1/J41)*Q5 -> -5792.7949 | U41: =(1-1/K41)*S5 -> 14243.386 | V41: =AVERAGE(M41:U41) -> -1453.8547 | W41: =V41/1000 -> -1.4538547
A42: =A41+1 -> 1998 | C42: =(C6/$W6)/(B6/$V6) -> 0.97809235 | D42: =(E6/$W6)/(D6/$V6) -> 0.14768128 | E42: =(G6/$W6)/(F6/$V6) -> 1.4631029 | F42: =(I6/$W6)/(H6/$V6) -> 0.87762788 | G42: =(K6/$W6)/(J6/$V6) -> 0.7685525 | H42: =(M6/$W6)/(L6/$V6) -> 0.73155617 | I42: =(O6/$W6)/(N6/$V6) -> 1.1198257 | J42: =(Q6/$W6)/(P6/$V6) -> 0.9302594 | K42: =(S6/$W6)/(R6/$V6) -> 1.0621386 | L42: =A42 -> 1998 | M42: =(1-1/C42)*C6 -> -2630.2526 | N42: =(1-1/D42)*E6 -> -54925.22 | O42: =(1-1/E42)*G6 -> 86533.885 | P42: =(1-1/F42)*I6 -> -1275.0713 | Q42: =(1-1/G42)*K6 -> -10777.909 | R42: =(1-1/H42)*M6 -> -44172.629 | S42: =(1-1/I42)*O6 -> 7643.199 | T42: =(1-1/J42)*Q6 -> -7462.2096 | U42: =(1-1/K42)*S6 -> 15232.397 | V42: =AVERAGE(M42:U42) -> -1314.8677 | W42: =V42/1000 -> -1.3148677
A43: =A42+1 -> 1999 | C43: =(C7/$W7)/(B7/$V7) -> 0.99180466 | D43: =(E7/$W7)/(D7/$V7) -> 0.12294235 | E43: =(G7/$W7)/(F7/$V7) -> 1.4748367 | F43: =(I7/$W7)/(H7/$V7) -> 0.87918722 | G43: =(K7/$W7)/(J7/$V7) -> 0.76149075 | H43: =(M7/$W7)/(L7/$V7) -> 0.72476423 | I43: =(O7/$W7)/(N7/$V7) -> 1.1107382 | J43: =(Q7/$W7)/(P7/$V7) -> 0.91728788 | K43: =(S7/$W7)/(R7/$V7) -> 1.0762977 | L43: =A43 -> 1999 | M43: =(1-1/C43)*C7 -> -969.08662 | N43: =(1-1/D43)*E7 -> -52217.156 | O43: =(1-1/E43)*G7 -> 85261.749 | P43: =(1-1/F43)*I7 -> -1228.2266 | Q43: =(1-1/G43)*K7 -> -10808.734 | R43: =(1-1/H43)*M7 -> -49127.969 | S43: =(1-1/I43)*O7 -> 6993.031 | T43: =(1-1/J43)*Q7 -> -9170.5145 | U43: =(1-1/K43)*S7 -> 19127.912 | V43: =AVERAGE(M43:U43) -> -1348.7773 | W43: =V43/1000 -> -1.3487773
A44: =A43+1 -> 2000 | C44: =(C8/$W8)/(B8/$V8) -> 0.99841371 | D44: =(E8/$W8)/(D8/$V8) -> 0.11148607 | E44: =(G8/$W8)/(F8/$V8) -> 1.4824694 | F44: =(I8/$W8)/(H8/$V8) -> 0.87740087 | G44: =(K8/$W8)/(J8/$V8) -> 0.75723889 | H44: =(M8/$W8)/(L8/$V8) -> 0.71795642 | I44: =(O8/$W8)/(N8/$V8) -> 1.0901067 | J44: =(Q8/$W8)/(P8/$V8) -> 0.91251926 | K44: =(S8/$W8)/(R8/$V8) -> 1.082124 | L44: =A44 -> 2000 | M44: =(1-1/C44)*C8 -> -184.50608 | N44: =(1-1/D44)*E8 -> -50390.348 | O44: =(1-1/E44)*G8 -> 84904.594 | P44: =(1-1/F44)*I8 -> -1240.1049 | Q44: =(1-1/G44)*K8 -> -11562.997 | R44: =(1-1/H44)*M8 -> -49797.005 | S44: =(1-1/I44)*O8 -> 5590.6116 | T44: =(1-1/J44)*Q8 -> -10122.406 | U44: =(1-1/K44)*S8 -> 21105.55 | V44: =AVERAGE(M44:U44) -> -1299.6236 | W44: =V44/1000 -> -1.2996236
A45: =A44+1 -> 2001 | C45: =(C9/$W9)/(B9/$V9) -> 0.99692185 | D45: =(E9/$W9)/(D9/$V9) -> 0.10510624 | E45: =(G9/$W9)/(F9/$V9) -> 1.4931722 | F45: =(I9/$W9)/(H9/$V9) -> 0.87647238 | G45: =(K9/$W9)/(J9/$V9) -> 0.76772072 | H45: =(M9/$W9)/(L9/$V9) -> 0.72641824 | I45: =(O9/$W9)/(N9/$V9) -> 1.0927092 | J45: =(Q9/$W9)/(P9/$V9) -> 0.91209228 | K45: =(S9/$W9)/(R9/$V9) -> 1.0805796 | L45: =A45 -> 2001 | M45: =(1-1/C45)*C9 -> -379.79964 | N45: =(1-1/D45)*E9 -> -49000.637 | O45: =(1-1/E45)*G9 -> 83845.086 | P45: =(1-1/F45)*I9 -> -1236.0004 | Q45: =(1-1/G45)*K9 -> -10530.197 | R45: =(1-1/H45)*M9 -> -48610.551 | S45: =(1-1/I45)*O9 -> 5497.3874 | T45: =(1-1/J45)*Q9 -> -11021.081 | U45: =(1-1/K45)*S9 -> 20391.264 | V45: =AVERAGE(M45:U45) -> -1227.1699 | W45: =V45/1000 -> -1.2271699
A46: =A45+1 -> 2002 | C46: =(C10/$W10)/(B10/$V10) -> 1.0037542 | D46: =(E10/$W10)/(D10/$V10) -> 0.10383825 | E46: =(G10/$W10)/(F10/$V10) -> 1.4993701 | F46: =(I10/$W10)/(H10/$V10) -> 0.89159441 | G46: =(K10/$W10)/(J10/$V10) -> 0.76976671 | H46: =(M10/$W10)/(L10/$V10) -> 0.72912875 | I46: =(O10/$W10)/(N10/$V10) -> 1.0810634 | J46: =(Q10/$W10)/(P10/$V10) -> 0.90732773 | K46: =(S10/$W10)/(R10/$V10) -> 1.0781444 | L46: =A46 -> 2002 | M46: =(1-1/C46)*C10 -> 469.03377 | N46: =(1-1/D46)*E10 -> -49885.329 | O46: =(1-1/E46)*G10 -> 84875.207 | P46: =(1-1/F46)*I10 -> -1087.528 | Q46: =(1-1/G46)*K10 -> -10355.005 | R46: =(1-1/H46)*M10 -> -47850.785 | S46: =(1-1/I46)*O10 -> 4843.9559 | T46: =(1-1/J46)*Q10 -> -12512.896 | U46: =(1-1/K46)*S10 -> 20326.784 | V46: =AVERAGE(M46:U46) -> -1241.8402 | W46: =V46/1000 -> -1.2418402
A47: =A46+1 -> 2003 | C47: =(C11/$W11)/(B11/$V11) -> 1.0206163 | D47: =(E11/$W11)/(D11/$V11) -> 0.11130576 | E47: =(G11/$W11)/(F11/$V11) -> 1.5175921 | F47: =(I11/$W11)/(H11/$V11) -> 0.88695563 | G47: =(K11/$W11)/(J11/$V11) -> 0.77423798 | H47: =(M11/$W11)/(L11/$V11) -> 0.73504078 | I47: =(O11/$W11)/(N11/$V11) -> 1.0959871 | J47: =(Q11/$W11)/(P11/$V11) -> 0.90852673 | K47: =(S11/$W11)/(R11/$V11) -> 1.0745015 | L47: =A47 -> 2003 | M47: =(1-1/C47)*C11 -> 2464.9991 | N47: =(1-1/D47)*E11 -> -50920.799 | O47: =(1-1/E47)*G11 -> 84726.018 | P47: =(1-1/F47)*I11 -> -1073.0435 | Q47: =(1-1/G47)*K11 -> -11160.382 | R47: =(1-1/H47)*M11 -> -49563.186 | S47: =(1-1/I47)*O11 -> 5390.9179 | T47: =(1-1/J47)*Q11 -> -12420.01 | U47: =(1-1/K47)*S11 -> 20173.633 | V47: =AVERAGE(M47:U47) -> -1375.7613 | W47: =V47/1000 -> -1.3757613
A48: =A47+1 -> 2004 | C48: =(C12/$W12)/(B12/$V12) -> 1.0139156 | D48: =(E12/$W12)/(D12/$V12) -> 0.13301149 | E48: =(G12/$W12)/(F12/$V12) -> 1.5024697 | F48: =(I12/$W12)/(H12/$V12) -> 0.88283528 | G48: =(K12/$W12)/(J12/$V12) -> 0.77645357 | H48: =(M12/$W12)/(L12/$V12) -> 0.7396598 | I48: =(O12/$W12)/(N12/$V12) -> 1.1101815 | J48: =(Q12/$W12)/(P12/$V12) -> 0.90852287 | K48: =(S12/$W12)/(R12/$V12) -> 1.0903551 | L48: =A48 -> 2004 | M48: =(1-1/C48)*C12 -> 1502.2005 | N48: =(1-1/D48)*E12 -> -51733.62 | O48: =(1-1/E48)*G12 -> 85241.128 | P48: =(1-1/F48)*I12 -> -1112.4421 | Q48: =(1-1/G48)*K12 -> -13069.855 | R48: =(1-1/H48)*M12 -> -50875.507 | S48: =(1-1/I48)*O12 -> 6330.7581 | T48: =(1-1/J48)*Q12 -> -13307.548 | U48: =(1-1/K48)*S12 -> 24257.118 | V48: =AVERAGE(M48:U48) -> -1418.6408 | W48: =V48/1000 -> -1.4186408
A49: =A48+1 -> 2005 | C49: =(C13/$W13)/(B13/$V13) -> 1.0175446 | D49: =(E13/$W13)/(D13/$V13) -> 0.13970188 | E49: =(G13/$W13)/(F13/$V13) -> 1.4876656 | F49: =(I13/$W13)/(H13/$V13) -> 0.87996582 | G49: =(K13/$W13)/(J13/$V13) -> 0.77926864 | H49: =(M13/$W13)/(L13/$V13) -> 0.74394245 | I49: =(O13/$W13)/(N13/$V13) -> 1.1184354 | J49: =(Q13/$W13)/(P13/$V13) -> 0.90922971 | K49: =(S13/$W13)/(R13/$V13) -> 1.1080062 | L49: =A49 -> 2005 | M49: =(1-1/C49)*C13 -> 1759.7464 | N49: =(1-1/D49)*E13 -> -49325.422 | O49: =(1-1/E49)*G13 -> 82919.899 | P49: =(1-1/F49)*I13 -> -1151.0555 | Q49: =(1-1/G49)*K13 -> -15034.929 | R49: =(1-1/H49)*M13 -> -54449.801 | S49: =(1-1/I49)*O13 -> 6898.9193 | T49: =(1-1/J49)*Q13 -> -14183.681 | U49: =(1-1/K49)*S13 -> 28396.397 | V49: =AVERAGE(M49:U49) -> -1574.4363 | W49: =V49/1000 -> -1.5744363
A50: =A49+1 -> 2006 | C50: =(C14/$W14)/(B14/$V14) -> 1.0234191 | D50: =(E14/$W14)/(D14/$V14) -> 0.16538432 | E50: =(G14/$W14)/(F14/$V14) -> 1.478405 | F50: =(I14/$W14)/(H14/$V14) -> 0.86936656 | G50: =(K14/$W14)/(J14/$V14) -> 0.77934566 | H50: =(M14/$W14)/(L14/$V14) -> 0.74563808 | I50: =(O14/$W14)/(N14/$V14) -> 1.1187667 | J50: =(Q14/$W14)/(P14/$V14) -> 0.9087049 | K50: =(S14/$W14)/(R14/$V14) -> 1.1173121 | L50: =A50 -> 2006 | M50: =(1-1/C50)*C14 -> 2296.0218 | N50: =(1-1/D50)*E14 -> -49446.2 | O50: =(1-1/E50)*G14 -> 84751.182 | P50: =(1-1/F50)*I14 -> -1271.4108 | Q50: =(1-1/G50)*K14 -> -15199.575 | R50: =(1-1/H50)*M14 -> -59152.818 | S50: =(1-1/I50)*O14 -> 6818.7126 | T50: =(1-1/J50)*Q14 -> -15383.446 | U50: =(1-1/K50)*S14 -> 31302.61 | V50: =AVERAGE(M50:U50) -> -1698.3249 | W50: =V50/1000 -> -1.6983249
A51: =A50+1 -> 2007 | C51: =(C15/$W15)/(B15/$V15) -> 1.0263331 | D51: =(E15/$W15)/(D15/$V15) -> 0.1609923 | E51: =(G15/$W15)/(F15/$V15) -> 1.4618278 | F51: =(I15/$W15)/(H15/$V15) -> 0.86743139 | G51: =(K15/$W15)/(J15/$V15) -> 0.78188115 | H51: =(M15/$W15)/(L15/$V15) -> 0.7496685 | I51: =(O15/$W15)/(N15/$V15) -> 1.1136332 | J51: =(Q15/$W15)/(P15/$V15) -> 0.9109344 | K51: =(S15/$W15)/(R15/$V15) -> 1.127598 | L51: =A51 -> 2007 | M51: =(1-1/C51)*C15 -> 2789.7124 | N51: =(1-1/D51)*E15 -> -53747.913 | O51: =(1-1/E51)*G15 -> 83480.782 | P51: =(1-1/F51)*I15 -> -1329.7616 | Q51: =(1-1/G51)*K15 -> -15475.556 | R51: =(1-1/H51)*M15 -> -59839.538 | S51: =(1-1/I51)*O15 -> 6545.3773 | T51: =(1-1/J51)*Q15 -> -16413.135 | U51: =(1-1/K51)*S15 -> 35876.784 | V51: =AVERAGE(M51:U51) -> -2012.5832 | W51: =V51/1000 -> -2.0125832
A52: =A51+1 -> 2008 | C52: =(C16/$W16)/(B16/$V16) -> 1.0132254 | D52: =(E16/$W16)/(D16/$V16) -> 0.16399132 | E52: =(G16/$W16)/(F16/$V16) -> 1.4482849 | F52: =(I16/$W16)/(H16/$V16) -> 0.86136946 | G52: =(K16/$W16)/(J16/$V16) -> 0.78047301 | H52: =(M16/$W16)/(L16/$V16) -> 0.74857597 | I52: =(O16/$W16)/(N16/$V16) -> 1.1156378 | J52: =(Q16/$W16)/(P16/$V16) -> 0.90824017 | K52: =(S16/$W16)/(R16/$V16) -> 1.1308264 | L52: =A52 -> 2008 | M52: =(1-1/C52)*C16 -> 1408.0113 | N52: =(1-1/D52)*E16 -> -56718.699 | O52: =(1-1/E52)*G16 -> 86673.725 | P52: =(1-1/F52)*I16 -> -1355.3895 | Q52: =(1-1/G52)*K16 -> -16631.134 | R52: =(1-1/H52)*M16 -> -61504.478 | S52: =(1-1/I52)*O16 -> 7652.1597 | T52: =(1-1/J52)*Q16 -> -18464.607 | U52: =(1-1/K52)*S16 -> 39495.492 | V52: =AVERAGE(M52:U52) -> -2160.5466 | W52: =V52/1000 -> -2.1605466
... A54: =A53+1 -> 2010 | C54: =(C18/$W18)/(B18/$V18) -> 0.98379182 | D54: =(E18/$W18)/(D18/$V18) -> 0.16767143 | E54: =(G18/$W18)/(F18/$V18) -> 1.4786385 | F54: =(I18/$W18)/(H18/$V18) -> 0.85593909 | G54: =(K18/$W18)/(J18/$V18) -> 0.77793936 | H54: =(M18/$W18)/(L18/$V18) -> 0.74404691 | I54: =(O18/$W18)/(N18/$V18) -> 1.0995775 | J54: =(Q18/$W18)/(P18/$V18) -> 0.90185841 | K54: =(S18/$W18)/(R18/$V18) -> 1.1285674 | L54: =A54 -> 2010 | M54: =(1-1/C54)*C18 -> -1547.1901 | N54: =(1-1/D54)*E18 -> -56377.221 | O54: =(1-1/E54)*G18 -> 90931.915 | P54: =(1-1/F54)*I18 -> -1285.4323 | Q54: =(1-1/G54)*K18 -> -16669.284 | R54: =(1-1/H54)*M18 -> -60465.235 | S54: =(1-1/I54)*O18 -> 6701.4493 | T54: =(1-1/J54)*Q18 -> -20541.879 | U54: =(1-1/K54)*S18 -> 40648.264 | V54: =AVERAGE(M54:U54) -> -2067.1792 | W54: =V54/1000 -> -2.0671792
A57: Economic Structure | C57: Agriculture, forestry and fishing | D57: Mining and quarrying | E57: Manufacturing | F57: Electricity, gas and water | G57: Construction | H57: Wholesale & retail trade; hotels & restaurants | I57: Transport , storage and communication | J57: Finance, real estate and business services | K57: Personal and General Government Services | L57: Average
A58: =A40 -> 1996 | C58: =C22/$W22*100 -> 5.5962011 | D58: =E22/$W22*100 -> 3.5746186 | E58: =G22/$W22*100 -> 24.438746 | F58: =I22/$W22*100 -> 2.9110321 | G58: =K22/$W22*100 -> 2.6481499 | H58: =M22/$W22*100 -> 12.776436 | I58: =O22/$W22*100 -> 10.634187 | J58: =Q22/$W22*100 -> 15.189499 | K58: =S22/$W22*100 -> 22.231131 | L58: =AVERAGE(C58:K58) -> 11.111111
A59: =A41 -> 1997 | C59: =C23/$W23*100 -> 5.4769706 | D59: =E23/$W23*100 -> 3.5487291 | E59: =G23/$W23*100 -> 24.633595 | F59: =I23/$W23*100 -> 2.9567832 | G59: =K23/$W23*100 -> 2.7462388 | H59: =M23/$W23*100 -> 12.614219 | I59: =O23/$W23*100 -> 11.022813 | J59: =Q23/$W23*100 -> 15.54748 | K59: =S23/$W23*100 -> 21.453172 | L59: =AVERAGE(C59:K59) -> 11.111111
A60: =A42 -> 1998 | C60: =C24/$W24*100 -> 5.4680379 | D60: =E24/$W24*100 -> 3.4644095 | E60: =G24/$W24*100 -> 24.266354 | F60: =I24/$W24*100 -> 2.7473208 | G60: =K24/$W24*100 -> 2.4127793 | H60: =M24/$W24*100 -> 12.58985 | I60: =O24/$W24*100 -> 11.401256 | J60: =Q24/$W24*100 -> 15.757645 | K60: =S24/$W24*100 -> 21.892348 | L60: =AVERAGE(C60:K60) -> 11.111111
A61: =A43 -> 1999 | C61: =C25/$W25*100 -> 5.2679941 | D61: =E25/$W25*100 -> 2.4830235 | E61: =G25/$W25*100 -> 24.37947 | F61: =I25/$W25*100 -> 2.7189778 | G61: =K25/$W25*100 -> 2.2471378 | H61: =M25/$W25*100 -> 13.33762 | I61: =O25/$W25*100 -> 11.674527 | J61: =Q25/$W25*100 -> 16.528693 | K61: =S25/$W25*100 -> 21.362558 | L61: =AVERAGE(C61:K61) -> 11.111111
A62: =A44 -> 2000 | C62: =C26/$W26*100 -> 5.2121326 | D62: =E26/$W26*100 -> 2.3079109 | E62: =G26/$W26*100 -> 25.261255 | F62: =I26/$W26*100 -> 2.746696 | G62: =K26/$W26*100 -> 2.2265546 | H62: =M26/$W26*100 -> 13.78092 | I62: =O26/$W26*100 -> 11.858515 | J62: =Q26/$W26*100 -> 15.960434 | K62: =S26/$W26*100 -> 20.645582 | L62: =AVERAGE(C62:K62) -> 11.111111
A63: =A45 -> 2001 | C63: =C27/$W27*100 -> 4.9953438 | D63: =E27/$W27*100 -> 2.1030567 | E63: =G27/$W27*100 -> 24.97672 | F63: =I27/$W27*100 -> 2.6327241 | G63: =K27/$W27*100 -> 2.8645654 | H63: =M27/$W27*100 -> 14.255556 | I63: =O27/$W27*100 -> 11.877413 | J63: =Q27/$W27*100 -> 16.200197 | K63: =S27/$W27*100 -> 20.094424 | L63: =AVERAGE(C63:K63) -> 11.111111
A64: =A46 -> 2002 | C64: =C28/$W28*100 -> 5.0770014 | D64: =E28/$W28*100 -> 1.8279179 | E64: =G28/$W28*100 -> 24.935888 | F64: =I28/$W28*100 -> 2.8075951 | G64: =K28/$W28*100 -> 2.198847 | H64: =M28/$W28*100 -> 14.20708 | I64: =O28/$W28*100 -> 12.634565 | J64: =Q28/$W28*100 -> 16.55542 | K64: =S28/$W28*100 -> 19.755686 | L64: =AVERAGE(C64:K64) -> 11.111111
A65: =A47 -> 2003 | C65: =C29/$W29*100 -> 5.1885935 | D65: =E29/$W29*100 -> 1.8806141 | E65: =G29/$W29*100 -> 24.017322 | F65: =I29/$W29*100 -> 2.4159174 | G65: =K29/$W29*100 -> 2.2401253 | H65: =M29/$W29*100 -> 14.286818 | I65: =O29/$W29*100 -> 13.139931 | J65: =Q29/$W29*100 -> 16.992369 | K65: =S29/$W29*100 -> 19.83831 | L65: =AVERAGE(C65:K65) -> 11.111111
A66: =A48 -> 2004 | C66: =C30/$W30*100 -> 4.9832314 | D66: =E30/$W30*100 -> 1.8363648 | E66: =G30/$W30*100 -> 24.072764 | F66: =I30/$W30*100 -> 2.4818854 | G66: =K30/$W30*100 -> 2.3456144 | H66: =M30/$W30*100 -> 14.418592 | I66: =O30/$W30*100 -> 13.142363 | J66: =Q30/$W30*100 -> 17.442601 | K66: =S30/$W30*100 -> 19.276584 | L66: =AVERAGE(C66:K66) -> 11.111111
A67: =A49 -> 2005 | C67: =C31/$W31*100 -> 4.4299515 | D67: =E31/$W31*100 -> 1.6254939 | E67: =G31/$W31*100 -> 24.132177 | F67: =I31/$W31*100 -> 2.4957905 | G67: =K31/$W31*100 -> 2.5148176 | H67: =M31/$W31*100 -> 14.493109 | I67: =O31/$W31*100 -> 13.143813 | J67: =Q31/$W31*100 -> 18.21173 | K67: =S31/$W31*100 -> 18.953118 | L67: =AVERAGE(C67:K67) -> 11.111111
A68: =A50 -> 2006 | C68: =C32/$W32*100 -> 4.2290277 | D68: =E32/$W32*100 -> 1.4903496 | E68: =G32/$W32*100 -> 24.272226 | F68: =I32/$W32*100 -> 2.4454737 | G68: =K32/$W32*100 -> 2.5667628 | H68: =M32/$W32*100 -> 14.624643 | I68: =O32/$W32*100 -> 13.115887 | J68: =Q32/$W32*100 -> 18.601459 | K68: =S32/$W32*100 -> 18.654171 | L68: =AVERAGE(C68:K68) -> 11.111111
A69: =A51 -> 2007 | C69: =C33/$W33*100 -> 4.1513743 | D69: =E33/$W33*100 -> 1.4408516 | E69: =G33/$W33*100 -> 24.108889 | F69: =I33/$W33*100 -> 2.3835933 | G69: =K33/$W33*100 -> 2.7702274 | H69: =M33/$W33*100 -> 14.56411 | I69: =O33/$W33*100 -> 13.254166 | J69: =Q33/$W33*100 -> 18.907536 | K69: =S33/$W33*100 -> 18.419252 | L69: =AVERAGE(C69:K69) -> 11.111111
... A72: =A54 -> 2010 | C72: =C36/$W36*100 -> 4.4189299 | D72: =E36/$W36*100 -> 1.3958117 | E72: =G36/$W36*100 -> 22.028191 | F72: =I36/$W36*100 -> 2.2083986 | G72: =K36/$W36*100 -> 3.0456141 | H72: =M36/$W36*100 -> 14.106021 | I72: =O36/$W36*100 -> 13.618446 | J72: =Q36/$W36*100 -> 19.927042 | K72: =S36/$W36*100 -> 19.251545 | L72: =AVERAGE(C72:K72) -> 11.111111
A74: Average | C74: =AVERAGE(C58:C72) -> 4.9037187 | D74: =AVERAGE(D58:D72) -> 2.1085359 | E74: =AVERAGE(E58:E72) -> 24.056527 | F74: =AVERAGE(F58:F72) -> 2.5582828 | G74: =AVERAGE(G58:G72) -> 2.5885807 | H74: =AVERAGE(H58:H72) -> 13.89062 | I74: =AVERAGE(I58:I72) -> 12.488727 | J74: =AVERAGE(J58:J72) -> 17.428084 | K74: =AVERAGE(K58:K72) -> 19.976924
A75: Deviation | C75: =C72-C58 -> -1.1772712 | D75: =D72-D58 -> -2.1788069 | E75: =E72-E58 -> -2.4105549 | F75: =F72-F58 -> -0.7026335 | G75: =G72-G58 -> 0.39746426 | H75: =H72-H58 -> 1.3295856 | I75: =I72-I58 -> 2.984259 | J75: =J72-J58 -> 4.7375434 | K75: =K72-K58 -> -2.9795858
A76: Std Dev | C76: =STDEV(C58:C72) -> 0.48121417 | D76: =STDEV(D58:D72) -> 0.81273084 | E76: =STDEV(E58:E72) -> 1.0036958 | F76: =STDEV(F58:F72) -> 0.25145379 | G76: =STDEV(G58:G72) -> 0.30671836 | H76: =STDEV(H58:H72) -> 0.71174813 | I76: =STDEV(I58:I72) -> 0.9828109 | J76: =STDEV(J58:J72) -> 1.6611889 | K76: =STDEV(K58:K72) -> 1.2608199
C80: 1996 | D80: 1999 | E80: 2003 | F80: 2006 | G80: 2008 | H80: =A70 -> 2008 | I80: Average | J80: Deviation | K80: Std Dev
A81: Agriculture, forestry and fishing | C81: {=TRANSPOSE(C56:K56)} -> 0 | D81: {=TRANSPOSE(C59:K59)} -> 5.4769706 | E81: {=TRANSPOSE(C63:K63)} -> 4.9953438 | F81: {=TRANSPOSE(C66:K66)} -> 4.9832314 | G81: {=TRANSPOSE(C68:K68)} -> 4.2290277 | H81: {=TRANSPOSE(C70:K70)} -> 4.5645745 | I81: =AVERAGE(C81:H81) -> 4.0415247 | J81: =H81-C81 -> 4.5645745 | K81: =STDEV(C81:H81) -> 2.0248332
A82: Mining and quarrying | C82: 0 | D82: 3.5487291 | E82: 2.1030567 | F82: 1.8363648 | G82: 1.4903496 | H82: 1.2941606 | I82: =AVERAGE(C82:H82) -> 1.7121101 | J82: =H82-C82 -> 1.2941606 | K82: =STDEV(C82:H82) -> 1.1572924
A83: Manufacturing | C83: 0 | D83: 24.633595 | E83: 24.97672 | F83: 24.072764 | G83: 24.272226 | H83: 23.745068 | I83: =AVERAGE(C83:H83) -> 20.283395 | J83: =H83-C83 -> 23.745068 | K83: =STDEV(C83:H83) -> 9.9460637
A84: Electricity, gas and water | C84: 0 | D84: 2.9567832 | E84: 2.6327241 | F84: 2.4818854 | G84: 2.4454737 | H84: 2.1974083 | I84: =AVERAGE(C84:H84) -> 2.1190458 | J84: =H84-C84 -> 2.1974083 | K84: =STDEV(C84:H84) -> 1.0677427
A85: Construction | C85: 0 | D85: 2.7462388 | E85: 2.8645654 | F85: 2.3456144 | G85: 2.5667628 | H85: 2.9163141 | I85: =AVERAGE(C85:H85) -> 2.2399159 | J85: =H85-C85 -> 2.9163141 | K85: =STDEV(C85:H85) -> 1.1170755
A86: Wholesale & retail trade; hotels & restaurants | C86: 0 | D86: 12.614219 | E86: 14.255556 | F86: 14.418592 | G86: 14.624643 | H86: 14.106831 | I86: =AVERAGE(C86:H86) -> 11.669974 | J86: =H86-C86 -> 14.106831 | K86: =STDEV(C86:H86) -> 5.7617423
A87: Transport , storage and communication | C87: 0 | D87: 11.022813 | E87: 11.877413 | F87: 13.142363 | G87: 13.115887 | H87: 13.211113 | I87: =AVERAGE(C87:H87) -> 10.394931 | J87: =H87-C87 -> 13.211113 | K87: =STDEV(C87:H87) -> 5.167774
A88: Finance, real estate and business services | C88: 0 | D88: 15.54748 | E88: 16.200197 | F88: 17.442601 | G88: 18.601459 | H88: 19.482766 | I88: =AVERAGE(C88:H88) -> 14.54575 | J88: =H88-C88 -> 19.482766 | K88: =STDEV(C88:H88) -> 7.2737081
A89: Personal and General Government Services | C89: 0 | D89: 21.453172 | E89: 20.094424 | F89: 19.276584 | G89: 18.654171 | H89: 18.481765 | I89: =AVERAGE(C89:H89) -> 16.326686 | J89: =H89-C89 -> 18.481765 | K89: =STDEV(C89:H89) -> 8.0721848
A92: Diversity | C92: Agriculture, forestry and fishing | D92: Mining and quarrying | E92: Manufacturing | F92: Electricity, gas and water | G92: Construction | H92: Wholesale & retail trade; hotels & restaurants | I92: Transport , storage and communication | J92: Finance, real estate and business services | K92: Personal and General Government Services | L92: Average
A93: 1996 | C93: =C4/($W4-C4) -> 0.11756955 | D93: =E4/($W4-E4) -> 0.011303163 | E93: =G4/($W4-G4) -> 0.35453073 | F93: =I4/($W4-I4) -> 0.0083489055 | G93: =K4/($W4-K4) -> 0.033595019 | H93: =M4/($W4-M4) -> 0.1076872 | I93: =O4/($W4-O4) -> 0.069648029 | J93: =Q4/($W4-Q4) -> 0.088672695 | K93: =S4/($W4-S4) -> 0.25368707 | L93: =AVERAGE(C93:K93) -> 0.11611582
A94: 1997 | C94: =C5/($W5-C5) -> 0.11573602 | D94: =E5/($W5-E5) -> 0.0094199006 | E94: =G5/($W5-G5) -> 0.32959126 | F94: =I5/($W5-I5) -> 0.0083497348 | G94: =K5/($W5-K5) -> 0.034504667 | H94: =M5/($W5-M5) -> 0.11052931 | I94: =O5/($W5-O5) -> 0.070337064 | J94: =Q5/($W5-Q5) -> 0.092890033 | K94: =S5/($W5-S5) -> 0.27395945 | L94: =AVERAGE(C94:K94) -> 0.11614638
A95: 1998 | C95: =C6/($W6-C6) -> 0.11417119 | D95: =E6/($W6-E6) -> 0.0083741373 | E95: =G6/($W6-G6) -> 0.31330976 | F95: =I6/($W6-I6) -> 0.008043869 | G95: =K6/($W6-K6) -> 0.032237268 | H95: =M6/($W6-M6) -> 0.11737318 | I95: =O6/($W6-O6) -> 0.066473544 | J95: =Q6/($W6-Q6) -> 0.095119729 | K95: =S6/($W6-S6) -> 0.29399857 | L95: =AVERAGE(C95:K95) -> 0.1165668
A96: 1999 | C96: =C7/($W7-C7) -> 0.11350774 | D96: =E7/($W7-E7) -> 0.0064027835 | E96: =G7/($W7-G7) -> 0.29900203 | F96: =I7/($W7-I7) -> 0.0078296897 | G96: =K7/($W7-K7) -> 0.030922213 | H96: =M7/($W7-M7) -> 0.12668777 | I96: =O7/($W7-O7) -> 0.064924555 | J96: =Q7/($W7-Q7) -> 0.096969499 | K96: =S7/($W7-S7) -> 0.30638756 | L96: =AVERAGE(C96:K96) -> 0.11695932
A97: 2000 | C97: =C8/($W8-C8) -> 0.11237174 | D97: =E8/($W8-E8) -> 0.0055305388 | E97: =G8/($W8-G8) -> 0.29356466 | F97: =I8/($W8-I8) -> 0.0077804277 | G97: =K8/($W8-K8) -> 0.032391965 | H97: =M8/($W8-M8) -> 0.12393525 | I97: =O8/($W8-O8) -> 0.062513558 | J97: =Q8/($W8-Q8) -> 0.10114037 | K97: =S8/($W8-S8) -> 0.3191223 | L97: =AVERAGE(C97:K97) -> 0.11759453
A98: 2001 | C98: =C9/($W9-C9) -> 0.120085 | D98: =E9/($W9-E9) -> 0.0050414324 | E98: =G9/($W9-G9) -> 0.2841233 | F98: =I9/($W9-I9) -> 0.0077025828 | G98: =K9/($W9-K9) -> 0.031283741 | H98: =M9/($W9-M9) -> 0.1267569 | I98: =O9/($W9-O9) -> 0.059854293 | J98: =Q9/($W9-Q9) -> 0.11069897 | K98: =S9/($W9-S9) -> 0.31291259 | L98: =AVERAGE(C98:K98) -> 0.11760653
A99: 2002 | C99: =C10/($W10-C10) -> 0.12064868 | D99: =E10/($W10-E10) -> 0.0049870359 | E99: =G10/($W10-G10) -> 0.28004732 | F99: =I10/($W10-I10) -> 0.0077382381 | G99: =K10/($W10-K10) -> 0.030632569 | H99: =M10/($W10-M10) -> 0.12432565 | I99: =O10/($W10-O10) -> 0.058714227 | J99: =Q10/($W10-Q10) -> 0.11753632 | K99: =S10/($W10-S10) -> 0.31710801 | L99: =AVERAGE(C99:K99) -> 0.1179709
A100: 2003 | C100: =C11/($W11-C11) -> 0.11537632 | D100: =E11/($W11-E11) -> 0.0054355223 | E100: =G11/($W11-G11) -> 0.26674787 | F100: =I11/($W11-I11) -> 0.0071879891 | G100: =K11/($W11-K11) -> 0.033531496 | H100: =M11/($W11-M11) -> 0.13192801 | I100: =O11/($W11-O11) -> 0.055049703 | J100: =Q11/($W11-Q11) -> 0.11677735 | K100: =S11/($W11-S11) -> 0.32737582 | L100: =AVERAGE(C100:K100) -> 0.11771223
A101: 2004 | C101: =C12/($W12-C12) -> 0.10065152 | D101: =E12/($W12-E12) -> 0.0066754411 | E101: =G12/($W12-G12) -> 0.27057457 | F101: =I12/($W12-I12) -> 0.0070526807 | G101: =K12/($W12-K12) -> 0.039423282 | H101: =M12/($W12-M12) -> 0.13735245 | I101: =O12/($W12-O12) -> 0.056294752 | J101: =Q12/($W12-Q12) -> 0.12413094 | K101: =S12/($W12-S12) -> 0.32374276 | L101: =AVERAGE(C101:K101) -> 0.11843316
A102: 2005 | C102: =C13/($W13-C13) -> 0.091411869 | D102: =E13/($W13-E13) -> 0.0066166948 | E102: =G13/($W13-G13) -> 0.26196414 | F102: =I13/($W13-I13) -> 0.0069731324 | G102: =K13/($W13-K13) -> 0.045542748 | H102: =M13/($W13-M13) -> 0.14919121 | I102: =O13/($W13-O13) -> 0.056484113 | J102: =Q13/($W13-Q13) -> 0.13198081 | K102: =S13/($W13-S13) -> 0.3141667 | L102: =AVERAGE(C102:K102) -> 0.11825905
A103: 2006 | C103: =C14/($W14-C14) -> 0.086170483 | D103: =E14/($W14-E14) -> 0.0078076253 | E103: =G14/($W14-G14) -> 0.26116579 | F103: =I14/($W14-I14) -> 0.0067351973 | G103: =K14/($W14-K14) -> 0.044328907 | H103: =M14/($W14-M14) -> 0.15888902 | I103: =O14/($W14-O14) -> 0.053503695 | J103: =Q14/($W14-Q14) -> 0.13774454 | K103: =S14/($W14-S14) -> 0.30843637 | L103: =AVERAGE(C103:K103) -> 0.11830907
A104: 2007 | C104: =C15/($W15-C15) -> 0.088738174 | D104: =E15/($W15-E15) -> 0.0077913387 | E104: =G15/($W15-G15) -> 0.24700911 | F104: =I15/($W15-I15) -> 0.0065652437 | G104: =K15/($W15-K15) -> 0.043389118 | H104: =M15/($W15-M15) -> 0.1551786 | I104: =O15/($W15-O15) -> 0.050514292 | J104: =Q15/($W15-Q15) -> 0.14395179 | K104: =S15/($W15-S15) -> 0.31175874 | L104: =AVERAGE(C104:K104) -> 0.11721071
... A107: 2010 | C107: =C18/($W18-C18) -> 0.07088741 | D107: =E18/($W18-E18) -> 0.0080699593 | E107: =G18/($W18-G18) -> 0.24689574 | F107: =I18/($W18-I18) -> 0.0054125634 | G107: =K18/($W18-K18) -> 0.042929807 | H107: =M18/($W18-M18) -> 0.14141742 | I107: =O18/($W18-O18) -> 0.055031512 | J107: =Q18/($W18-Q18) -> 0.15347856 | K107: =S18/($W18-S18) -> 0.33601906 | L107: =AVERAGE(C107:K107) -> 0.11779356
A109: Average | C109: =AVERAGE(C93:C107) -> 0.10142597 | D109: =AVERAGE(D93:D107) -> 0.0072885529 | E109: =AVERAGE(E93:E107) -> 0.28025657 | F109: =AVERAGE(F93:F107) -> 0.0071623034 | G109: =AVERAGE(G93:G107) -> 0.037384829 | H109: =AVERAGE(H93:H107) -> 0.13338463 | I109: =AVERAGE(I93:I107) -> 0.059200324 | J109: =AVERAGE(J93:J107) -> 0.12085051 | K109: =AVERAGE(K93:K107) -> 0.309545
A110: Deviation | C110: =C107-C93 -> -0.046682139 | D110: =D107-D93 -> -0.0032332034 | E110: =E107-E93 -> -0.10763499 | F110: =F107-F93 -> -0.0029363421 | G110: =G107-G93 -> 0.0093347883 | H110: =H107-H93 -> 0.033730221 | I110: =I107-I93 -> -0.014616517 | J110: =J107-J93 -> 0.064805866 | K110: =K107-K93 -> 0.082331988
A111: Std Dev | C111: =STDEV(C93:C107) -> 0.017876143 | D111: =STDEV(D93:D107) -> 0.0017381988 | E111: =STDEV(E93:E107) -> 0.032643168 | F111: =STDEV(F93:F107) -> 0.00093049859 | G111: =STDEV(G93:G107) -> 0.0057520494 | H111: =STDEV(H93:H107) -> 0.015660904 | I111: =STDEV(I93:I107) -> 0.0061908956 | J111: =STDEV(J93:J107) -> 0.023003176 | K111: =STDEV(K93:K107) -> 0.021467968
A114: Gross Operating Surplus | B114: Agriculture | D114: Mining | F114: Manufacturing | H114: Electricity | J114: Construction | L114: Trade | N114: Transport | P114: Finance | R114: Community services | V114: Total
A115: (Current prices, R 1000) | B115: SA | C115: KZN | D115: SA | E115: =C115 -> KZN | F115: SA | G115: =E115 -> KZN | H115: SA | I115: =G115 -> KZN | J115: SA | K115: =I115 -> KZN | L115: SA | M115: =K115 -> KZN | N115: SA | O115: =M115 -> KZN | P115: SA | Q115: =O115 -> KZN | R115: SA | S115: =Q115 -> KZN | V115: SA | W115: MA
A116: =A93 -> 1996 | B116: 16812880 | C116: 4059773.1 | D116: 18798620 | E116: 1090729.2 | F116: 54160040 | G116: 12530671 | H116: 12503810 | I116: 2092445.8 | J116: 6216861.6 | K116: 1090419.6 | L116: 41045680 | M116: 6679014.6 | N116: 26492460 | O116: 6324494.1 | P116: 62446520 | Q116: 9057138.4 | R116: 18876070 | S116: 2742445.2 | V116: =B116+D116+F116+H116+J116+L116+N116+P116+R116+T116 -> 2.5735294e+08 | W116: =C116+E116+G116+I116+K116+M116+O116+Q116+S116+U116 -> 45667131
A117: =A94 -> 1997 | B117: 17735190 | C117: 4410603.9 | D117: 18463560 | E117: 1127512.9 | F117: 61071070 | G117: 14116229 | H117: 13266030 | I117: 2216463.3 | J117: 7544451 | K117: 1351070.9 | L117: 43726380 | M117: 7126392.5 | N117: 30338690 | O117: 7099854.2 | P117: 73799080 | Q117: 10538973 | R117: 21145675 | S117: 2980688 | V117: =B117+D117+F117+H117+J117+L117+N117+P117+R117+T117 -> 2.8709013e+08 | W117: =C117+E117+G117+I117+K117+M117+O117+Q117+S117+U117 -> 50967788
A118: =A95 -> 1998 | B118: 17119700 | C118: 4697509.7 | D118: 22383200 | E118: 1352171 | F118: 58746996 | G118: 13594233 | H118: 13736900 | I118: 2330688 | J118: 7545400 | K118: 1269886.3 | L118: 44879900 | M118: 7271897.3 | N118: 33884100 | O118: 7750033 | P118: 79841800 | Q118: 11513722 | R118: 24194000 | S118: 3477673.6 | V118: =B118+D118+F118+H118+J118+L118+N118+P118+R118+T118 -> 3.02332e+08 | W118: =C118+E118+G118+I118+K118+M118+O118+Q118+S118+U118 -> 53257814
A119: =A96 -> 1999 | B119: 17367400 | C119: 4248717.1 | D119: 26153400 | E119: 1351391.8 | F119: 61353000 | G119: 14288717 | H119: 13440000 | I119: 2297208 | J119: 7726900 | K119: 1245241 | L119: 48733100 | M119: 7818049.5 | N119: 38979300 | O119: 8809984.3 | P119: 93114600 | Q119: 13442104 | R119: 27589000 | S119: 3891199.5 | V119: =B119+D119+F119+H119+J119+L119+N119+P119+R119+T119 -> 334456700 | W119: =C119+E119+G119+I119+K119+M119+O119+Q119+S119+U119 -> 57392612
A120: =A97 -> 2000 | B120: 18042000 | C120: 4606965.5 | D120: 35133200 | E120: 1765643.2 | F120: 76113660 | G120: 17787798 | H120: 14622000 | I120: 2512845.7 | J120: 8317000 | K120: 1320063.2 | L120: 61187350 | M120: 9780814.1 | N120: 47245800 | O120: 10457519 | P120: 1.029656e+08 | Q120: 14633459 | R120: 32289800 | S120: 4588295.1 | V120: =B120+D120+F120+H120+J120+L120+N120+P120+R120+T120 -> 3.9591641e+08 | W120: =C120+E120+G120+I120+K120+M120+O120+Q120+S120+U120 -> 67453402
A121: =A98 -> 2001 | B121: 22610200 | C121: 5845325.9 | D121: 45932200 | E121: 2144559.4 | F121: 88179400 | G121: 20124340 | H121: 14814900 | I121: 2640763.8 | J121: 9360000 | K121: 1893649.1 | L121: 68374000 | M121: 11573189 | N121: 53276900 | O121: 11783491 | P121: 115041000 | Q121: 16321385 | R121: 35631000 | S121: 5108142.7 | V121: =B121+D121+F121+H121+J121+L121+N121+P121+R121+T121 -> 453219600 | W121: =C121+E121+G121+I121+K121+M121+O121+Q121+S121+U121 -> 77434846
...

Sheet Durban
A1: Durban
A2: Number of formally employed people | B2: Agriculture | D2: Mining | F2: Manufacturing | H2: Electricity | J2: Construction | L2: Trade | N2: Transport | P2: Finance | R2: Community services | T2: Private Households | V2: Total | X2: Year-on-Year MA | Y2: Total-Private Households | AB2: Unemployment Rate | AC2: Number of Claims for Unemployment Benefits | AD2: ='[1]Data Input'!C1 -> Index of New Job Postings | AE2: ='[1]Data Input'!D1 -> Average Salary per Placement
B3: SA | C3: MA | D3: SA | E3: =C3 -> MA | F3: SA | G3: =E3 -> MA | H3: SA | I3: =G3 -> MA | J3: SA | K3: =I3 -> MA | L3: SA | M3: =K3 -> MA | N3: SA | O3: =M3 -> MA | P3: SA | Q3: =O3 -> MA | R3: SA | S3: =Q3 -> MA | T3: SA | U3: =S3 -> MA | V3: SA | W3: =U3 -> MA | Y3: SA | Z3: MA
A4: 1996 | B4: 887880 | C4: 13462.774 | D4: 568517 | E4: 374.70279 | F4: 1457136.5 | G4: 194674.75 | H4: 76930.867 | I4: 5088.3678 | J4: 345823.5 | K4: 24284.43 | L4: 1085992 | M4: 72395.208 | N4: 479493.16 | O4: 49068.287 | P4: 713126.49 | Q4: 63312.465 | R4: 1578263.3 | S4: 114473.54 | T4: 1015292.6 | U4: 79350.895 | V4: =B4+D4+F4+H4+J4+L4+N4+P4+R4+T4 -> 8208455.4 | W4: =C4+E4+G4+I4+K4+M4+O4+Q4+S4+U4 -> 616485.42 | Y4: =V4-T4 -> 7193162.8 | Z4: =W4-U4 -> 537134.53 | AA4: =A4 -> 1996 | AB4: 0.24949781
A5: =A4+1 -> 1997 | B5: 881959.67 | C5: 13409.885 | D5: 552238 | E5: 372.58378 | F5: 1396428.8 | G5: 186551.08 | H5: 77385.042 | I5: 5145.7299 | J5: 357720.37 | K5: 25210.896 | L5: 1120388.8 | M5: 75081.425 | N5: 486881.96 | O5: 50020.125 | P5: 747970.5 | Q5: 66901.708 | R5: 1683664.2 | S5: 122979.62 | T5: 1003185.5 | U5: 78632.058 | V5: =B5+D5+F5+H5+J5+L5+N5+P5+R5+T5 -> 8307822.7 | W5: =C5+E5+G5+I5+K5+M5+O5+Q5+S5+U5 -> 624305.11 | X5: =(W5-W4)/W4*100 -> 1.2684305 | Y5: =V5-T5 -> 7304637.2 | Z5: =W5-U5 -> 545673.05 | AA5: =A5 -> 1997 | AB5: 0.26166346
A6: =A5+1 -> 1998 | B6: 867918.28 | C6: 13092.184 | D6: 465851 | E6: 317.91041 | F6: 1350784.2 | G6: 179263.4 | H6: 75323.284 | I6: 4945.5668 | J6: 336634.99 | K6: 23553.668 | L6: 1189534.6 | M6: 79104.694 | N6: 461107.75 | O6: 47242.926 | P6: 773497.72 | Q6: 68209.024 | R6: 1772084.2 | S6: 129391.28 | T6: 991531.26 | U6: 77139.277 | V6: =B6+D6+F6+H6+J6+L6+N6+P6+R6+T6 -> 8284267.3 | W6: =C6+E6+G6+I6+K6+M6+O6+Q6+S6+U6 -> 622259.93 | X6: =(W6-W5)/W5*100 -> -0.32759248 | Y6: =V6-T6 -> 7292736 | Z6: =W6-U6 -> 545120.66 | AA6: =A6 -> 1998 | AB6: 0.31391034
A7: =A6+1 -> 1999 | B7: 866463.02 | C7: 12916.084 | D7: 436254 | E7: 237.08165 | F7: 1315722.5 | G7: 173270.19 | H7: 74493.773 | I7: 4822.9197 | J7: 332065.66 | K7: 22650.854 | L7: 1307911.3 | M7: 84827.525 | N7: 462724.37 | O7: 46176.032 | P7: 812416.77 | Q7: 69563.973 | R7: 1837006.2 | S7: 133509.12 | T7: 985259.98 | U7: 75722.406 | V7: =B7+D7+F7+H7+J7+L7+N7+P7+R7+T7 -> 8430317.6 | W7: =C7+E7+G7+I7+K7+M7+O7+Q7+S7+U7 -> 623696.18 | X7: =(W7-W6)/W6*100 -> 0.2308122 | Y7: =V7-T7 -> 7445057.6 | Z7: =W7-U7 -> 547973.78 | AA7: =A7 -> 1999 | AB7: 0.29814548
A8: =A7+1 -> 2000 | B8: 856696.91 | C8: 12627.931 | D8: 417717 | E8: 176.85962 | F8: 1296165.5 | G8: 172712.03 | H8: 74502.364 | I8: 4775.5529 | J8: 350824.84 | K8: 23863.613 | L8: 1300427.2 | M8: 83895.898 | N8: 456984.32 | O8: 44873.061 | P8: 852256.59 | Q8: 73023.943 | R8: 1892891.1 | S8: 137081.29 | T8: 968553.77 | U8: 73785.262 | V8: =B8+D8+F8+H8+J8+L8+N8+P8+R8+T8 -> 8467019.5 | W8: =C8+E8+G8+I8+K8+M8+O8+Q8+S8+U8 -> 626815.44 | X8: =(W8-W7)/W7*100 -> 0.50012432 | Y8: =V8-T8 -> 7498465.8 | Z8: =W8-U8 -> 553030.18 | AA8: =A8 -> 2000 | AB8: 0.32515915
A9: =A8+1 -> 2001 | B9: 916347.6 | C9: 13250.067 | D9: 406654 | E9: 229.78514 | F9: 1262623.2 | G9: 168909.06 | H9: 74310.356 | I9: 4703.9493 | J9: 336682.72 | K9: 23192.025 | L9: 1319587.6 | M9: 86019.193 | N9: 440380.52 | O9: 43262.016 | P9: 931090.71 | Q9: 79615.425 | R9: 1879377.6 | S9: 135192.93 | T9: 953808.48 | U9: 71677.175 | V9: =B9+D9+F9+H9+J9+L9+N9+P9+R9+T9 -> 8520862.8 | W9: =C9+E9+G9+I9+K9+M9+O9+Q9+S9+U9 -> 626051.63 | X9: =(W9-W8)/W8*100 -> -0.12185582 | Y9: =V9-T9 -> 7567054.3 | Z9: =W9-U9 -> 554374.45 | AA9: =A9 -> 2001 | AB9: 0.34697585
A10: =A9+1 -> 2002 | B10: 934015.47 | C10: 13254.735 | D10: 416153 | E10: 206.41397 | F10: 1270647 | G10: 169345.25 | H10: 74998.982 | I10: 4772.0874 | J10: 336239.54 | K10: 23065.181 | L10: 1320665.2 | M10: 85846.299 | N10: 446726.56 | O10: 43094.354 | P10: 1009426.3 | Q10: 85269.564 | R10: 1944631.2 | S10: 138337.9 | T10: 954695.98 | U10: 71112.812 | V10: =B10+D10+F10+H10+J10+L10+N10+P10+R10+T10 -> 8708199.2 | W10: =C10+E10+G10+I10+K10+M10+O10+Q10+S10+U10 -> 634304.6 | X10: =(W10-W9)/W9*100 -> 1.3182568 | Y10: =V10-T10 -> 7753503.2 | Z10: =W10-U10 -> 563191.79 | AA10: =A10 -> 2002 | AB10: 0.38264742
A11: =A10+1 -> 2003 | B11: 905008.74 | C11: 12475.63 | D11: 433700 | E11: 199.74611 | F11: 1239012.6 | G11: 164698.62 | H11: 71848.049 | I11: 4469.9359 | J11: 374174.99 | K11: 25464.543 | L11: 1415881 | M11: 91506.79 | N11: 425105.42 | O11: 40956.957 | P11: 1027718.8 | Q11: 85818.167 | R11: 2049583.8 | S11: 142951.7 | T11: 987319.81 | U11: 72716.402 | V11: =B11+D11+F11+H11+J11+L11+N11+P11+R11+T11 -> 8929353.2 | W11: =C11+E11+G11+I11+K11+M11+O11+Q11+S11+U11 -> 641258.49 | X11: =(W11-W10)/W10*100 -> 1.096302 | Y11: =V11-T11 -> 7942033.4 | Z11: =W11-U11 -> 568542.09 | AA11: =A11 -> 2003 | AB11: 0.37748072 | AC11: =[2]Input!B91*12 -> 58700 | AD11: =[2]Input!C91 -> 100
A12: =A11+1 -> 2004 | B12: 823813.55 | C12: 11106.958 | D12: 455367 | E12: 235.84285 | F12: 1294617 | G12: 169053.95 | H12: 72457.373 | I12: 4425.6935 | J12: 446174.83 | K12: 30115.268 | L12: 1491315.6 | M12: 95934.494 | N12: 438479.23 | O12: 42279.426 | P12: 1110165 | Q12: 91751.343 | R12: 2048749 | S12: 143687 | T12: 952845.06 | U12: 69642.827 | V12: =B12+D12+F12+H12+J12+L12+N12+P12+R12+T12 -> 9133983.6 | W12: =C12+E12+G12+I12+K12+M12+O12+Q12+S12+U12 -> 658232.8 | X12: =(W12-W11)/W11*100 -> 2.6470312 | Y12: =V12-T12 -> 8181138.5 | Z12: =W12-U12 -> 588589.98 | AA12: =A12 -> 2004 | AB12: 0.34303516 | AC12: =[2]Input!B92*12 -> 62729 | AD12: =[2]Input!C92 -> 98.98374
A13: =A12+1 -> 2005 | B13: 775444.7 | C13: 10303.89 | D13: 443266.67 | E13: 220.10454 | F13: 1314558.3 | G13: 167747.48 | H13: 74136.926 | I13: 4444.9166 | J13: 526599.68 | K13: 35195.37 | L13: 1644000.5 | M13: 104991 | N13: 450342.35 | O13: 43150.441 | P13: 1208059.9 | Q13: 98662.687 | R13: 2032627.8 | S13: 141682.06 | T13: 951818.88 | U13: 69244.437 | V13: =B13+D13+F13+H13+J13+L13+N13+P13+R13+T13 -> 9420855.7 | W13: =C13+E13+G13+I13+K13+M13+O13+Q13+S13+U13 -> 675642.39 | X13: =(W13-W12)/W12*100 -> 2.644898 | Y13: =V13-T13 -> 8469036.9 | Z13: =W13-U13 -> 606397.95 | AA13: =A13 -> 2005 | AB13: 0.33122808 | AC13: =[2]Input!B93*12 -> 64429 | AD13: =[2]Input!C93 -> 116.66667 | AE13: =[2]Input!D93 -> 4712.3333
A14: =A13+1 -> 2006 | B14: 758916.65 | C14: 9896.7163 | D14: 458600 | E14: 271.14711 | F14: 1371316.6 | G14: 172419.78 | H14: 75338.886 | I14: 4434.543 | J14: 533220.28 | K14: 35481.373 | L14: 1800159.6 | M14: 114808.17 | N14: 444421.66 | O14: 42391.737 | P14: 1304349 | Q14: 106169.12 | R14: 2065501.6 | S14: 144543.73 | T14: 978273.99 | U14: 71000.007 | V14: =B14+D14+F14+H14+J14+L14+N14+P14+R14+T14 -> 9790098.3 | W14: =C14+E14+G14+I14+K14+M14+O14+Q14+S14+U14 -> 701416.32 | X14: =(W14-W13)/W13*100 -> 3.8147301 | Y14: =V14-T14 -> 8811824.3 | Z14: =W14-U14 -> 630416.32 | AA14: =A14 -> 2006 | AB14: 0.31204857 | AC14: =[2]Input!B94*12 -> 57465 | AD14: =[2]Input!C94 -> 99.186992 | AE14: =[2]Input!D94 -> 6558.9486
A15: =A14+1 -> 2007 | B15: 819375.96 | C15: 10607.866 | D15: 495474 | E15: 276.93776 | F15: 1398078.7 | G15: 174496.53 | H15: 77581.522 | I15: 4540.6696 | J15: 548754.73 | K15: 36668.144 | L15: 1848834.1 | M15: 118709.96 | N15: 445507.11 | O15: 42364.172 | P15: 1425301.5 | Q15: 116511.9 | R15: 2174677.6 | S15: 152720.57 | T15: 1084152.9 | U15: 78978.722 | V15: =B15+D15+F15+H15+J15+L15+N15+P15+R15+T15 -> 10317738 | W15: =C15+E15+G15+I15+K15+M15+O15+Q15+S15+U15 -> 735875.47 | X15: =(W15-W14)/W14*100 -> 4.9127947 | Y15: =V15-T15 -> 9233585.2 | Z15: =W15-U15 -> 656896.75 | AA15: =A15 -> 2007 | AB15: 0.28408932 | AC15: =[2]Input!B95*12 -> 54587 | AD15: =[2]Input!C95 -> 155.28455 | AE15: =[2]Input!D95 -> 8592.2398
A16: =A15+1 -> 2008 | B16: 809281.53 | C16: 10520.278 | D16: 515725.42 | E16: 300.92717 | F16: 1469726.2 | G16: 183404.17 | H16: 74320.434 | I16: 4384.804 | J16: 575886.64 | K16: 39205.957 | L16: 1859529.3 | M16: 121657.71 | N16: 503022.2 | O16: 48903.276 | P16: 1529644.5 | Q16: 127184.14 | R16: 2294855.6 | S16: 164319.34 | T16: 1180526.3 | U16: 87019.376 | V16: =B16+D16+F16+H16+J16+L16+N16+P16+R16+T16 -> 10812518 | W16: =C16+E16+G16+I16+K16+M16+O16+Q16+S16+U16 -> 786899.99 | X16: =(W16-W15)/W15*100 -> 6.9338523 | Y16: =V16-T16 -> 9631991.8 | Z16: =W16-U16 -> 699880.61 | AA16: =A16 -> 2008 | AB16: 0.23947944 | AC16: =[2]Input!B96*12 -> 61653 | AD16: =[2]Input!C96 -> 161.78862 | AE16: =[2]Input!D96 -> 10503.963
A17: =A16+1 -> 2009 | B17: 715545.37 | C17: 9337.0406 | D17: 492219.25 | E17: 319.18397 | F17: 1430523.8 | G17: 185383.02 | H17: 70872.467 | I17: 4207.6298 | J17: 556190.88 | K17: 38416.479 | L17: 1758081.6 | M17: 116650.96 | N17: 491152.64 | O17: 47988.594 | P17: 1562754.5 | Q17: 131562.44 | R17: 2320536 | S17: 167140.23 | T17: 1150308.1 | U17: 85587.584 | V17: =B17+D17+F17+H17+J17+L17+N17+P17+R17+T17 -> 10548185 | W17: =C17+E17+G17+I17+K17+M17+O17+Q17+S17+U17 -> 786593.17 | X17: =(W17-W16)/W16*100 -> -0.038990576 | Y17: =V17-T17 -> 9397876.6 | Z17: =W17-U17 -> 701005.59 | AA17: =A17 -> 2009 | AB17: 0.22155656
A18: =A17+1 -> 2010 | B18: 701904.36 | C18: 9250.5067 | D18: 498055.17 | E18: 300.35246 | F18: 1396938.5 | G18: 184056.11 | H18: 65610.247 | I18: 3946.6996 | J18: 551968.07 | K18: 38785.044 | L18: 1737056.5 | M18: 116987.32 | N18: 494852.77 | O18: 49129.158 | P18: 1539060.5 | Q18: 131492.61 | R18: 2324767.9 | S18: 169278.9 | T18: 1121504.2 | U18: 84554.514 | V18: =B18+D18+F18+H18+J18+L18+N18+P18+R18+T18 -> 10431718 | W18: =C18+E18+G18+I18+K18+M18+O18+Q18+S18+U18 -> 787781.21 | X18: =(W18-W17)/W17*100 -> 0.15103623 | Y18: =V18-T18 -> 9310214 | Z18: =W18-U18 -> 703226.7 | AA18: =A18 -> 2010 | AB18: 0.20284178
A20: Gross Value Added by Region (GVA-R) | B20: Agriculture | D20: Mining | F20: Manufacturing | H20: Electricity | J20: Construction | L20: Trade | N20: Transport | P20: Finance | R20: Community services | V20: Total | X20: Year-on-Year MA
A21: Constant 2000 prices (R 1000) | B21: SA | C21: =C3 -> MA | D21: SA | E21: =E3 -> MA | F21: SA | G21: =G3 -> MA | H21: SA | I21: =I3 -> MA | J21: SA | K21: =K3 -> MA | L21: SA | M21: =M3 -> MA | N21: SA | O21: =O3 -> MA | P21: SA | Q21: =Q3 -> MA | R21: SA | S21: =S3 -> MA | V21: SA | W21: =W3 -> MA
A22: =A4 -> 1996 | B22: 32582299 | C22: 1680492 | D22: 99506344 | E22: 672958.28 | F22: 1.987152e+08 | G22: 26023661 | H22: 28494360 | I22: 3366057.1 | J22: 26033135 | K22: 3050279.3 | L22: 1.3585407e+08 | M22: 15448255 | N22: 79153561 | O22: 13286836 | P22: 1.8566338e+08 | Q22: 18992603 | R22: 2.5896799e+08 | S22: 22107679 | V22: =B22+D22+F22+H22+J22+L22+N22+P22+R22+T22 -> 1.0449703e+09 | W22: =C22+E22+G22+I22+K22+M22+O22+Q22+S22+U22 -> 1.0462882e+08
A23: =A5 -> 1997 | B23: 32906507 | C23: 1665812.1 | D23: 1.0129328e+08 | E23: 769675.6 | F23: 2.0427276e+08 | G23: 26504163 | H23: 29633529 | I23: 3493912.7 | J23: 26929349 | K23: 3225829.5 | L23: 1.3652596e+08 | M23: 15588759 | N23: 85249460 | O23: 14018835 | P23: 1.9458399e+08 | Q23: 19790463 | R23: 2.6072052e+08 | S23: 21724746 | V23: =B23+D23+F23+H23+J23+L23+N23+P23+R23+T23 -> 1.0721154e+09 | W23: =C23+E23+G23+I23+K23+M23+O23+Q23+S23+U23 -> 1.067822e+08 | X23: =(W23-W22)/W22*100 -> 2.0581096
A24: =A6 -> 1998 | B24: 31153062 | C24: 1667010.1 | D24: 1.0116145e+08 | E24: 696006.48 | F24: 2.0380269e+08 | G24: 26482586 | H24: 27758236 | I24: 3280540.3 | J24: 25342082 | K24: 2863263.4 | L24: 1.3825907e+08 | M24: 15752031 | N24: 89911045 | O24: 14638058 | P24: 1.9900335e+08 | Q24: 20152259 | R24: 2.6322982e+08 | S24: 22543473 | V24: =B24+D24+F24+H24+J24+L24+N24+P24+R24+T24 -> 1.0796208e+09 | W24: =C24+E24+G24+I24+K24+M24+O24+Q24+S24+U24 -> 1.0807523e+08 | X24: =(W24-W23)/W23*100 -> 1.2109043
A25: =A7 -> 1999 | B25: 33129731 | C25: 1622428.8 | D25: 99881396 | E25: 441264.63 | F25: 2.0530547e+08 | G25: 26843115 | H25: 27657162 | I25: 3301380.5 | J25: 24998102 | K25: 2695759.8 | L25: 1.489699e+08 | M25: 16901298 | N25: 94715567 | O25: 15130182 | P25: 2.0945915e+08 | Q25: 21463673 | R25: 2.6461575e+08 | S25: 22316306 | V25: =B25+D25+F25+H25+J25+L25+N25+P25+R25+T25 -> 1.1087322e+09 | W25: =C25+E25+G25+I25+K25+M25+O25+Q25+S25+U25 -> 1.1071541e+08 | X25: =(W25-W24)/W24*100 -> 2.4429103
A26: =A8 -> 2000 | B26: 34721349 | C26: 1685792.2 | D26: 98881009 | E26: 363901.87 | F26: 2.221561e+08 | G26: 29447055 | H26: 28542916 | I26: 3533359.1 | J26: 26410338 | K26: 2828374.5 | L26: 1.6119674e+08 | M26: 18474685 | N26: 1.0267905e+08 | O26: 16250261 | P26: 2.1633553e+08 | Q26: 21816501 | R26: 2.6656813e+08 | S26: 22591481 | V26: =B26+D26+F26+H26+J26+L26+N26+P26+R26+T26 -> 1.1574912e+09 | W26: =C26+E26+G26+I26+K26+M26+O26+Q26+S26+U26 -> 1.1699141e+08 | X26: =(W26-W25)/W25*100 -> 5.6685916
A27: =A9 -> 2001 | B27: 33596824 | C27: 1677824.4 | D27: 98844719 | E27: 444605.77 | F27: 2.2941036e+08 | G27: 30688867 | H27: 27504242 | I27: 3566590.1 | J27: 27711128 | K27: 3825442.5 | L27: 1.6436355e+08 | M27: 20098831 | N27: 1.0880602e+08 | O27: 17039338 | P27: 2.3415309e+08 | Q27: 23282073 | R27: 2.6665188e+08 | S27: 22989729 | V27: =B27+D27+F27+H27+J27+L27+N27+P27+R27+T27 -> 1.1910418e+09 | W27: =C27+E27+G27+I27+K27+M27+O27+Q27+S27+U27 -> 1.236133e+08 | X27: =(W27-W26)/W26*100 -> 5.6601509
A28: =A10 -> 2002 | B28: 35826000 | C28: 1775117.4 | D28: 99959810 | E28: 341619.16 | F28: 2.36133e+08 | G28: 31305847 | H28: 28503000 | I28: 3918295.1 | J28: 29321000 | K28: 3031204 | L28: 1.683572e+08 | M28: 20664623 | N28: 1.18749e+08 | O28: 18712424 | P28: 2.49165e+08 | Q28: 24568934 | R28: 2.70256e+08 | S28: 23165226 | V28: =B28+D28+F28+H28+J28+L28+N28+P28+R28+T28 -> 1.23627e+09 | W28: =C28+E28+G28+I28+K28+M28+O28+Q28+S28+U28 -> 1.2748329e+08 | X28: =(W28-W27)/W27*100 -> 3.1307215
A29: =A11 -> 2003 | B29: 36070000 | C29: 1877238.4 | D29: 1.0335482e+08 | E29: 322073.78 | F29: 2.32581e+08 | G29: 31149156 | H29: 29344000 | I29: 3467067.8 | J29: 31575000 | K29: 3189944.4 | L29: 1.728452e+08 | M29: 21452158 | N29: 1.26287e+08 | O29: 20089280 | P29: 2.61123e+08 | Q29: 25793857 | R29: 2.79949e+08 | S29: 23999938 | V29: =B29+D29+F29+H29+J29+L29+N29+P29+R29+T29 -> 1.273129e+09 | W29: =C29+E29+G29+I29+K29+M29+O29+Q29+S29+U29 -> 1.3134071e+08 | X29: =(W29-W28)/W28*100 -> 3.0258264
A30: =A12 -> 2004 | B30: 36380000 | C30: 1875474.9 | D30: 1.0491526e+08 | E30: 318777.05 | F30: 2.43965e+08 | G30: 32675387 | H30: 31335000 | I30: 3720995 | J30: 34451000 | K30: 3496405.5 | L30: 1.82175e+08 | M30: 22655676 | N30: 1.32459e+08 | O30: 21065364 | P30: 2.79544e+08 | Q30: 27737752 | R30: 2.85166e+08 | S30: 24330649 | V30: =B30+D30+F30+H30+J30+L30+N30+P30+R30+T30 -> 1.3303903e+09 | W30: =C30+E30+G30+I30+K30+M30+O30+Q30+S30+U30 -> 1.3787648e+08 | X30: =(W30-W29)/W29*100 -> 4.9761926
A31: =A13 -> 2005 | B31: 37402392 | C31: 1739654.1 | D31: 1.0599188e+08 | E31: 291022.26 | F31: 2.5910094e+08 | G31: 34849891 | H31: 33010193 | I31: 3978901 | J31: 38558200 | K31: 3979091.6 | L31: 1.9501216e+08 | M31: 24161155 | N31: 1.3947227e+08 | O31: 22426271 | P31: 2.9550364e+08 | Q31: 30949619 | R31: 2.9701544e+08 | S31: 25236764 | V31: =B31+D31+F31+H31+J31+L31+N31+P31+R31+T31 -> 1.4010671e+09 | W31: =C31+E31+G31+I31+K31+M31+O31+Q31+S31+U31 -> 1.4761237e+08 | X31: =(W31-W30)/W30*100 -> 7.0613125
A32: =A14 -> 2006 | B32: 35359000 | C32: 1741525.2 | D32: 1.0536426e+08 | E32: 289509.1 | F32: 2.757824e+08 | G32: 37022120 | H32: 34139000 | I32: 4121583.3 | J32: 42582000 | K32: 4289612.2 | L32: 2.06636e+08 | M32: 25756675 | N32: 1.46607e+08 | O32: 23696198 | P32: 3.24002e+08 | Q32: 32948698 | R32: 3.0802e+08 | S32: 26332646 | V32: =B32+D32+F32+H32+J32+L32+N32+P32+R32+T32 -> 1.4784917e+09 | W32: =C32+E32+G32+I32+K32+M32+O32+Q32+S32+U32 -> 1.5619857e+08 | X32: =(W32-W31)/W31*100 -> 5.816719
A33: =A15 -> 2007 | B33: 36301000 | C33: 1813730.6 | D33: 1.0533568e+08 | E33: 296919.03 | F33: 2.90246e+08 | G33: 39039300 | H33: 35294000 | I33: 4270993.4 | J33: 48971000 | K33: 4922939 | L33: 2.17607e+08 | M33: 27267987 | N33: 1.56289e+08 | O33: 25496950 | P33: 3.49501e+08 | Q33: 35719886 | R33: 3.21865e+08 | S33: 27577830 | V33: =B33+D33+F33+H33+J33+L33+N33+P33+R33+T33 -> 1.5614097e+09 | W33: =C33+E33+G33+I33+K33+M33+O33+Q33+S33+U33 -> 1.6640653e+08 | X33: =(W33-W32)/W32*100 -> 6.5352512
A34: =A16 -> 2008 | B34: 42154000 | C34: 2106813.3 | D34: 99397870 | E34: 266754.57 | F34: 2.979e+08 | G34: 40061127 | H34: 34198000 | I34: 4096704 | J34: 53644000 | K34: 5415989.3 | L34: 2.19359e+08 | M34: 27602809 | N34: 1.61672e+08 | O34: 26591313 | P34: 3.7509e+08 | Q34: 38593359 | R34: 3.3576e+08 | S34: 28987581 | V34: =B34+D34+F34+H34+J34+L34+N34+P34+R34+T34 -> 1.6191749e+09 | W34: =C34+E34+G34+I34+K34+M34+O34+Q34+S34+U34 -> 1.7372245e+08 | X34: =(W34-W33)/W33*100 -> 4.3964111
... A36: =A18 -> 2010 | B36: 41246962 | C36: 2040813.4 | D36: 1.0065926e+08 | E36: 293491.55 | F36: 2.8018998e+08 | G36: 38205148 | H36: 34310972 | I36: 4186922.2 | J36: 58523000 | K36: 5721945.3 | L36: 2.1856982e+08 | M36: 27918523 | N36: 1.6746229e+08 | O36: 27746613 | P36: 3.8549086e+08 | Q36: 39625327 | R36: 3.5291788e+08 | S36: 30349884 | V36: =B36+D36+F36+H36+J36+L36+N36+P36+R36+T36 -> 1.639371e+09 | W36: =C36+E36+G36+I36+K36+M36+O36+Q36+S36+U36 -> 1.7608867e+08 | X36: =(W36-W35)/W35*100 -> 2.8156117
A39: Location Quotients | C39: Agriculture, forestry and fishing | D39: Mining and quarrying | E39: Manufacturing | F39: Electricity, gas and water | G39: Construction | H39: Wholesale & retail trade; hotels & restaurants | I39: Transport , storage and communication | J39: Finance, real estate and business services | K39: Personal and General Government Services | L39: Actual vs Necessary Employment | M39: Agriculture, forestry and fishing | N39: Mining and quarrying | O39: Manufacturing | P39: Electricity, gas and water | Q39: Construction | R39: Wholesale & retail trade; hotels & restaurants | S39: Transport , storage and communication | T39: Finance, real estate and business services | U39: Personal and General Government Services
A40: =A22 -> 1996 | C40: =(C4/$W4)/(B4/$V4) -> 0.20189191 | D40: =(E4/$W4)/(D4/$V4) -> 0.0087757068 | E40: =(G4/$W4)/(F4/$V4) -> 1.7788856 | F40: =(I4/$W4)/(H4/$V4) -> 0.88067668 | G40: =(K4/$W4)/(J4/$V4) -> 0.93500095 | H40: =(M4/$W4)/(L4/$V4) -> 0.88760926 | I40: =(O4/$W4)/(N4/$V4) -> 1.3625646 | J40: =(Q4/$W4)/(P4/$V4) -> 1.1821192 | K40: =(S4/$W4)/(R4/$V4) -> 0.96574909 | L40: =AVERAGE(C40:K40) -> 0.91147478 | M40: =(1-1/C40)*C4 -> -53220.305 | N40: =(1-1/D40)*E4 -> -42323.031 | O40: =(1-1/E40)*G4 -> 85238.395 | P40: =(1-1/F40)*I4 -> -689.42544 | Q40: =(1-1/G40)*K4 -> -1688.1961 | R40: =(1-1/H40)*M4 -> -9166.816 | S40: =(1-1/I40)*O4 -> 13056.573 | T40: =(1-1/J40)*Q4 -> 9754.0226 | U40: =(1-1/K40)*S4 -> -4059.878 | V40: =AVERAGE(M40:U40) -> -344.29554 | W40: =V40/1000 -> -0.34429554 | X40: =W40/V40 -> 0.001
A41: =A23 -> 1997 | C41: =(C5/$W5)/(B5/$V5) -> 0.20233296 | D41: =(E5/$W5)/(D5/$V5) -> 0.0089781733 | E41: =(G5/$W5)/(F5/$V5) -> 1.7777444 | F41: =(I5/$W5)/(H5/$V5) -> 0.88487168 | G41: =(K5/$W5)/(J5/$V5) -> 0.93785335 | H41: =(M5/$W5)/(L5/$V5) -> 0.89177254 | I41: =(O5/$W5)/(N5/$V5) -> 1.3671351 | J41: =(Q5/$W5)/(P5/$V5) -> 1.1902634 | K41: =(S5/$W5)/(R5/$V5) -> 0.9720039 | L41: =AVERAGE(C41:K41) -> 0.91477282 | M41: =(1-1/C41)*C5 -> -52866.437 | N41: =(1-1/D41)*E5 -> -41126.256 | O41: =(1-1/E41)*G5 -> 81614.127 | P41: =(1-1/F41)*I5 -> -669.49733 | Q41: =(1-1/G41)*K5 -> -1670.5947 | R41: =(1-1/H41)*M5 -> -9112.045 | S41: =(1-1/I41)*O5 -> 13432.573 | T41: =(1-1/J41)*Q5 -> 10694.224 | U41: =(1-1/K41)*S5 -> -3542.115 | V41: =AVERAGE(M41:U41) -> -360.66895 | W41: =V41/1000 -> -0.36066895 | X41: =W41/V41 -> 0.001
A42: =A24 -> 1998 | C42: =(C6/$W6)/(B6/$V6) -> 0.20082396 | D42: =(E6/$W6)/(D6/$V6) -> 0.0090853148 | E42: =(G6/$W6)/(F6/$V6) -> 1.7668021 | F42: =(I6/$W6)/(H6/$V6) -> 0.87411605 | G42: =(K6/$W6)/(J6/$V6) -> 0.93149721 | H42: =(M6/$W6)/(L6/$V6) -> 0.88533463 | I42: =(O6/$W6)/(N6/$V6) -> 1.3640071 | J42: =(Q6/$W6)/(P6/$V6) -> 1.1739918 | K42: =(S6/$W6)/(R6/$V6) -> 0.97208208 | L42: =AVERAGE(C42:K42) -> 0.9086378 | M42: =(1-1/C42)*C6 -> -52100.156 | N42: =(1-1/D42)*E6 -> -34673.767 | O42: =(1-1/E42)*G6 -> 77801.327 | P42: =(1-1/F42)*I6 -> -712.22522 | Q42: =(1-1/G42)*K6 -> -1732.1491 | R42: =(1-1/H42)*M6 -> -10245.357 | S42: =(1-1/I42)*O6 -> 12607.531 | T42: =(1-1/J42)*Q6 -> 10108.939 | U42: =(1-1/K42)*S6 -> -3716.081 | V42: =AVERAGE(M42:U42) -> -295.77101 | W42: =V42/1000 -> -0.29577101 | X42: =W42/V42 -> 0.001
A43: =A25 -> 1999 | C43: =(C7/$W7)/(B7/$V7) -> 0.20148916 | D43: =(E7/$W7)/(D7/$V7) -> 0.0073456354 | E43: =(G7/$W7)/(F7/$V7) -> 1.7800426 | F43: =(I7/$W7)/(H7/$V7) -> 0.8751065 | G43: =(K7/$W7)/(J7/$V7) -> 0.92200113 | H43: =(M7/$W7)/(L7/$V7) -> 0.87665629 | I43: =(O7/$W7)/(N7/$V7) -> 1.3488544 | J43: =(Q7/$W7)/(P7/$V7) -> 1.157381 | K43: =(S7/$W7)/(R7/$V7) -> 0.98236108 | L43: =AVERAGE(C43:K43) -> 0.9056931 | M43: =(1-1/C43)*C7 -> -51187.038 | N43: =(1-1/D43)*E7 -> -32038.091 | O43: =(1-1/E43)*G7 -> 75929.719 | P43: =(1-1/F43)*I7 -> -688.31773 | Q43: =(1-1/G43)*K7 -> -1916.2027 | R43: =(1-1/H43)*M7 -> -11935.056 | S43: =(1-1/I43)*O7 -> 11942.515 | T43: =(1-1/J43)*Q7 -> 9459.3289 | U43: =(1-1/K43)*S7 -> -2397.2407 | V43: =AVERAGE(M43:U43) -> -314.48714 | W43: =V43/1000 -> -0.31448714 | X43: =W43/V43 -> 0.001
A44: =A26 -> 2000 | C44: =(C8/$W8)/(B8/$V8) -> 0.19911128 | D44: =(E8/$W8)/(D8/$V8) -> 0.005719228 | E44: =(G8/$W8)/(F8/$V8) -> 1.7999191 | F44: =(I8/$W8)/(H8/$V8) -> 0.86585363 | G44: =(K8/$W8)/(J8/$V8) -> 0.91883333 | H44: =(M8/$W8)/(L8/$V8) -> 0.87145619 | I44: =(O8/$W8)/(N8/$V8) -> 1.3264023 | J44: =(Q8/$W8)/(P8/$V8) -> 1.1574061 | K44: =(S8/$W8)/(R8/$V8) -> 0.97823557 | L44: =AVERAGE(C44:K44) -> 0.90254854 | M44: =(1-1/C44)*C8 -> -50793.542 | N44: =(1-1/D44)*E8 -> -30746.828 | O44: =(1-1/E44)*G8 -> 76756.591 | P44: =(1-1/F44)*I8 -> -739.87458 | Q44: =(1-1/G44)*K8 -> -2108.032 | R44: =(1-1/H44)*M8 -> -12375.032 | S44: =(1-1/I44)*O8 -> 11042.405 | T44: =(1-1/J44)*Q8 -> 9931.1876 | U44: =(1-1/K44)*S8 -> -3049.8747 | V44: =AVERAGE(M44:U44) -> -231.4444 | W44: =V44/1000 -> -0.2314444 | X44: =W44/V44 -> 0.001
A45: =A27 -> 2001 | C45: =(C9/$W9)/(B9/$V9) -> 0.1968028 | D45: =(E9/$W9)/(D9/$V9) -> 0.0076907785 | E45: =(G9/$W9)/(F9/$V9) -> 1.8207595 | F45: =(I9/$W9)/(H9/$V9) -> 0.86156235 | G45: =(K9/$W9)/(J9/$V9) -> 0.93754318 | H45: =(M9/$W9)/(L9/$V9) -> 0.88721848 | I45: =(O9/$W9)/(N9/$V9) -> 1.3370636 | J45: =(Q9/$W9)/(P9/$V9) -> 1.1638008 | K45: =(S9/$W9)/(R9/$V9) -> 0.97906912 | L45: =AVERAGE(C45:K45) -> 0.91016785 | M45: =(1-1/C45)*C9 -> -54076.554 | N45: =(1-1/D45)*E9 -> -29648.222 | O45: =(1-1/E45)*G9 -> 76140.601 | P45: =(1-1/F45)*I9 -> -755.84045 | Q45: =(1-1/G45)*K9 -> -1544.9958 | R45: =(1-1/H45)*M9 -> -10934.596 | S45: =(1-1/I45)*O9 -> 10906.027 | T45: =(1-1/J45)*Q9 -> 11205.586 | U45: =(1-1/K45)*S9 -> -2890.2014 | V45: =AVERAGE(M45:U45) -> -177.57744 | W45: =V45/1000 -> -0.17757744 | X45: =W45/V45 -> 0.001
A46: =A28 -> 2002 | C46: =(C10/$W10)/(B10/$V10) -> 0.19482626 | D46: =(E10/$W10)/(D10/$V10) -> 0.0068095209 | E46: =(G10/$W10)/(F10/$V10) -> 1.8296946 | F46: =(I10/$W10)/(H10/$V10) -> 0.87354146 | G46: =(K10/$W10)/(J10/$V10) -> 0.9417564 | H46: =(M10/$W10)/(L10/$V10) -> 0.89239953 | I46: =(O10/$W10)/(N10/$V10) -> 1.3243693 | J46: =(Q10/$W10)/(P10/$V10) -> 1.1597114 | K46: =(S10/$W10)/(R10/$V10) -> 0.97663982 | L46: =AVERAGE(C46:K46) -> 0.91108314 | M46: =(1-1/C46)*C10 -> -54778.884 | N46: =(1-1/D46)*E10 -> -30106.14 | O46: =(1-1/E46)*G10 -> 76791.419 | P46: =(1-1/F46)*I10 -> -690.83293 | Q46: =(1-1/G46)*K10 -> -1426.4826 | R46: =(1-1/H46)*M10 -> -10350.859 | S46: =(1-1/I46)*O10 -> 10554.824 | T46: =(1-1/J46)*Q10 -> 11743.025 | U46: =(1-1/K46)*S10 -> -3308.8947 | V46: =AVERAGE(M46:U46) -> -174.75844 | W46: =V46/1000 -> -0.17475844 | X46: =W46/V46 -> 0.001
A47: =A29 -> 2003 | C47: =(C11/$W11)/(B11/$V11) -> 0.19195375 | D47: =(E11/$W11)/(D11/$V11) -> 0.0064132147 | E47: =(G11/$W11)/(F11/$V11) -> 1.8509774 | F47: =(I11/$W11)/(H11/$V11) -> 0.86630972 | G47: =(K11/$W11)/(J11/$V11) -> 0.9476501 | H47: =(M11/$W11)/(L11/$V11) -> 0.89993973 | I47: =(O11/$W11)/(N11/$V11) -> 1.3415841 | J47: =(Q11/$W11)/(P11/$V11) -> 1.1627646 | K47: =(S11/$W11)/(R11/$V11) -> 0.97120412 | L47: =AVERAGE(C47:K47) -> 0.91542187 | M47: =(1-1/C47)*C11 -> -52517.267 | N47: =(1-1/D47)*E11 -> -30946.273 | O47: =(1-1/E47)*G11 -> 75719.35 | P47: =(1-1/F47)*I11 -> -689.80753 | Q47: =(1-1/G47)*K11 -> -1406.7074 | R47: =(1-1/H47)*M11 -> -10174.23 | S47: =(1-1/I47)*O11 -> 10428.155 | T47: =(1-1/J47)*Q11 -> 12012.888 | U47: =(1-1/K47)*S11 -> -4238.4704 | V47: =AVERAGE(M47:U47) -> -201.37369 | W47: =V47/1000 -> -0.20137369 | X47: =W47/V47 -> 0.001
A48: =A30 -> 2004 | C48: =(C12/$W12)/(B12/$V12) -> 0.18708842 | D48: =(E12/$W12)/(D12/$V12) -> 0.0071869044 | E48: =(G12/$W12)/(F12/$V12) -> 1.8120272 | F48: =(I12/$W12)/(H12/$V12) -> 0.84757758 | G48: =(K12/$W12)/(J12/$V12) -> 0.93661771 | H48: =(M12/$W12)/(L12/$V12) -> 0.89265974 | I48: =(O12/$W12)/(N12/$V12) -> 1.3380143 | J48: =(Q12/$W12)/(P12/$V12) -> 1.1468473 | K48: =(S12/$W12)/(R12/$V12) -> 0.97321643 | L48: =AVERAGE(C48:K48) -> 0.90458174 | M48: =(1-1/C48)*C12 -> -48260.469 | N48: =(1-1/D48)*E12 -> -32579.795 | O48: =(1-1/E48)*G12 -> 75758.468 | P48: =(1-1/F48)*I12 -> -795.88575 | Q48: =(1-1/G48)*K12 -> -2037.9442 | R48: =(1-1/H48)*M12 -> -11535.9 | S48: =(1-1/I48)*O12 -> 10680.791 | T48: =(1-1/J48)*Q12 -> 11748.243 | U48: =(1-1/K48)*S12 -> -3954.3625 | V48: =AVERAGE(M48:U48) -> -108.53931 | W48: =V48/1000 -> -0.10853931 | X48: =W48/V48 -> 0.001
A49: =A31 -> 2005 | C49: =(C13/$W13)/(B13/$V13) -> 0.185278 | D49: =(E13/$W13)/(D13/$V13) -> 0.0069236864 | E49: =(G13/$W13)/(F13/$V13) -> 1.7793018 | F49: =(I13/$W13)/(H13/$V13) -> 0.83599274 | G49: =(K13/$W13)/(J13/$V13) -> 0.93191953 | H49: =(M13/$W13)/(L13/$V13) -> 0.89047884 | I49: =(O13/$W13)/(N13/$V13) -> 1.3360291 | J49: =(Q13/$W13)/(P13/$V13) -> 1.138775 | K49: =(S13/$W13)/(R13/$V13) -> 0.97191986 | L49: =AVERAGE(C49:K49) -> 0.89740206 | M49: =(1-1/C49)*C13 -> -45309.244 | N49: =(1-1/D49)*E13 -> -31569.975 | O49: =(1-1/E49)*G13 -> 73470.344 | P49: =(1-1/F49)*I13 -> -872.01545 | Q49: =(1-1/G49)*K13 -> -2571.1634 | R49: =(1-1/H49)*M13 -> -12912.982 | S49: =(1-1/I49)*O13 -> 10852.91 | T49: =(1-1/J49)*Q13 -> 12023.373 | U49: =(1-1/K49)*S13 -> -4093.395 | V49: =AVERAGE(M49:U49) -> -109.12749 | W49: =V49/1000 -> -0.10912749 | X49: =W49/V49 -> 0.001
A50: =A32 -> 2006 | C50: =(C14/$W14)/(B14/$V14) -> 0.18201544 | D50: =(E14/$W14)/(D14/$V14) -> 0.008252435 | E50: =(G14/$W14)/(F14/$V14) -> 1.754933 | F50: =(I14/$W14)/(H14/$V14) -> 0.82156298 | G50: =(K14/$W14)/(J14/$V14) -> 0.9287631 | H50: =(M14/$W14)/(L14/$V14) -> 0.89017002 | I50: =(O14/$W14)/(N14/$V14) -> 1.3313651 | J50: =(Q14/$W14)/(P14/$V14) -> 1.1360975 | K50: =(S14/$W14)/(R14/$V14) -> 0.97675331 | L50: =AVERAGE(C50:K50) -> 0.89221254 | M50: =(1-1/C50)*C14 -> -44476.234 | N50: =(1-1/D50)*E14 -> -32585.472 | O50: =(1-1/E50)*G14 -> 74171.139 | P50: =(1-1/F50)*I14 -> -963.14787 | Q50: =(1-1/G50)*K14 -> -2721.4509 | R50: =(1-1/H50)*M14 -> -14165.136 | S50: =(1-1/I50)*O14 -> 10550.932 | T50: =(1-1/J50)*Q14 -> 12718.408 | U50: =(1-1/K50)*S14 -> -3440.1347 | V50: =AVERAGE(M50:U50) -> -101.23273 | W50: =V50/1000 -> -0.10123273 | X50: =W50/V50 -> 0.001
A51: =A33 -> 2007 | C51: =(C15/$W15)/(B15/$V15) -> 0.1815202 | D51: =(E15/$W15)/(D15/$V15) -> 0.007836849 | E51: =(G15/$W15)/(F15/$V15) -> 1.7499891 | F51: =(I15/$W15)/(H15/$V15) -> 0.82061941 | G51: =(K15/$W15)/(J15/$V15) -> 0.93689479 | H51: =(M15/$W15)/(L15/$V15) -> 0.90026295 | I51: =(O15/$W15)/(N15/$V15) -> 1.3332889 | J51: =(Q15/$W15)/(P15/$V15) -> 1.1461559 | K51: =(S15/$W15)/(R15/$V15) -> 0.98465217 | L51: =AVERAGE(C51:K51) -> 0.89569115 | M51: =(1-1/C51)*C15 -> -47831.17 | N51: =(1-1/D51)*E15 -> -35060.959 | O51: =(1-1/E51)*G15 -> 74783.609 | P51: =(1-1/F51)*I15 -> -992.55267 | Q51: =(1-1/G51)*K15 -> -2469.8088 | R51: =(1-1/H51)*M15 -> -13151.469 | S51: =(1-1/I51)*O15 -> 10589.983 | T51: =(1-1/J51)*Q15 -> 14857.408 | U51: =(1-1/K51)*S15 -> -2380.4642 | V51: =AVERAGE(M51:U51) -> -183.93595 | W51: =V51/1000 -> -0.18393595 | X51: =W51/V51 -> 0.001
... A54: =A36 -> 2010 | C54: =(C18/$W18)/(B18/$V18) -> 0.17451703 | D54: =(E18/$W18)/(D18/$V18) -> 0.0079855343 | E54: =(G18/$W18)/(F18/$V18) -> 1.7447097 | F54: =(I18/$W18)/(H18/$V18) -> 0.79654925 | G54: =(K18/$W18)/(J18/$V18) -> 0.93046611 | H54: =(M18/$W18)/(L18/$V18) -> 0.89181564 | I54: =(O18/$W18)/(N18/$V18) -> 1.3146603 | J54: =(Q18/$W18)/(P18/$V18) -> 1.1313471 | K54: =(S18/$W18)/(R18/$V18) -> 0.96421406 | L54: =AVERAGE(C54:K54) -> 0.88402941 | M54: =(1-1/C54)*C18 -> -43755.82 | N54: =(1-1/D54)*E18 -> -37311.716 | O54: =(1-1/E54)*G18 -> 78562.275 | P54: =(1-1/F54)*I18 -> -1008.0469 | Q54: =(1-1/G54)*K18 -> -2898.413 | R54: =(1-1/H54)*M18 -> -14191.496 | S54: =(1-1/I54)*O18 -> 11758.927 | T54: =(1-1/J54)*Q18 -> 15266.03 | U54: =(1-1/K54)*S18 -> -6282.6349 | V54: =AVERAGE(M54:U54) -> 15.456129 | W54: =V54/1000 -> 0.015456129 | X54: =W54/V54 -> 0.001
A57: Economic Structure | C57: Agriculture, forestry and fishing | D57: Mining and quarrying | E57: Manufacturing | F57: Electricity, gas and water | G57: Construction | H57: Wholesale & retail trade; hotels & restaurants | I57: Transport , storage and communication | J57: Finance, real estate and business services | K57: Personal and General Government Services | L57: Average
A58: =A40 -> 1996 | C58: =C22/$W22*100 -> 1.6061464 | D58: =E22/$W22*100 -> 0.64318634 | E58: =G22/$W22*100 -> 24.872364 | F58: =I22/$W22*100 -> 3.2171414 | G58: =K22/$W22*100 -> 2.9153338 | H58: =M22/$W22*100 -> 14.764818 | I58: =O22/$W22*100 -> 12.699021 | J58: =Q22/$W22*100 -> 18.152363 | K58: =S22/$W22*100 -> 21.129626 | L58: =AVERAGE(C58:K58) -> 11.111111
A59: =A41 -> 1997 | C59: =C23/$W23*100 -> 1.5600092 | D59: =E23/$W23*100 -> 0.7207902 | E59: =G23/$W23*100 -> 24.82077 | F59: =I23/$W23*100 -> 3.2719993 | G59: =K23/$W23*100 -> 3.0209432 | H59: =M23/$W23*100 -> 14.59865 | I59: =O23/$W23*100 -> 13.128439 | J59: =Q23/$W23*100 -> 18.533486 | K59: =S23/$W23*100 -> 20.344914 | L59: =AVERAGE(C59:K59) -> 11.111111
A60: =A42 -> 1998 | C60: =C24/$W24*100 -> 1.5424535 | D60: =E24/$W24*100 -> 0.64400187 | E60: =G24/$W24*100 -> 24.503845 | F60: =I24/$W24*100 -> 3.035423 | G60: =K24/$W24*100 -> 2.6493245 | H60: =M24/$W24*100 -> 14.575062 | I60: =O24/$W24*100 -> 13.544323 | J60: =Q24/$W24*100 -> 18.646511 | K60: =S24/$W24*100 -> 20.859056 | L60: =AVERAGE(C60:K60) -> 11.111111
A61: =A43 -> 1999 | C61: =C25/$W25*100 -> 1.4654047 | D61: =E25/$W25*100 -> 0.39855756 | E61: =G25/$W25*100 -> 24.245149 | F61: =I25/$W25*100 -> 2.9818618 | G61: =K25/$W25*100 -> 2.4348551 | H61: =M25/$W25*100 -> 15.265534 | I61: =O25/$W25*100 -> 13.665832 | J61: =Q25/$W25*100 -> 19.386347 | K61: =S25/$W25*100 -> 20.15646 | L61: =AVERAGE(C61:K61) -> 11.111111
A62: =A44 -> 2000 | C62: =C26/$W26*100 -> 1.4409538 | D62: =E26/$W26*100 -> 0.31105007 | E62: =G26/$W26*100 -> 25.170271 | F62: =I26/$W26*100 -> 3.0201868 | G62: =K26/$W26*100 -> 2.4175916 | H62: =M26/$W26*100 -> 15.791488 | I62: =O26/$W26*100 -> 13.890132 | J62: =Q26/$W26*100 -> 18.647951 | K62: =S26/$W26*100 -> 19.310376 | L62: =AVERAGE(C62:K62) -> 11.111111
A63: =A45 -> 2001 | C63: =C27/$W27*100 -> 1.3573171 | D63: =E27/$W27*100 -> 0.3596747 | E63: =G27/$W27*100 -> 24.826509 | F63: =I27/$W27*100 -> 2.8852802 | G63: =K27/$W27*100 -> 3.0946852 | H63: =M27/$W27*100 -> 16.259441 | I63: =O27/$W27*100 -> 13.784389 | J63: =Q27/$W27*100 -> 18.834602 | K63: =S27/$W27*100 -> 18.598103 | L63: =AVERAGE(C63:K63) -> 11.111111
A64: =A46 -> 2002 | C64: =C28/$W28*100 -> 1.3924315 | D64: =E28/$W28*100 -> 0.26797172 | E64: =G28/$W28*100 -> 24.556824 | F64: =I28/$W28*100 -> 3.0735754 | G64: =K28/$W28*100 -> 2.3777265 | H64: =M28/$W28*100 -> 16.209672 | I64: =O28/$W28*100 -> 14.678335 | J64: =Q28/$W28*100 -> 19.272278 | K64: =S28/$W28*100 -> 18.171186 | L64: =AVERAGE(C64:K64) -> 11.111111
A65: =A47 -> 2003 | C65: =C29/$W29*100 -> 1.429289 | D65: =E29/$W29*100 -> 0.24522006 | E65: =G29/$W29*100 -> 23.716299 | F65: =I29/$W29*100 -> 2.639751 | G65: =K29/$W29*100 -> 2.4287552 | H65: =M29/$W29*100 -> 16.333213 | I65: =O29/$W29*100 -> 15.295547 | J65: =Q29/$W29*100 -> 19.638889 | K65: =S29/$W29*100 -> 18.273038 | L65: =AVERAGE(C65:K65) -> 11.111111
A66: =A48 -> 2004 | C66: =C30/$W30*100 -> 1.3602573 | D66: =E30/$W30*100 -> 0.23120481 | E66: =G30/$W30*100 -> 23.699029 | F66: =I30/$W30*100 -> 2.6987888 | G66: =K30/$W30*100 -> 2.535897 | H66: =M30/$W30*100 -> 16.431864 | I66: =O30/$W30*100 -> 15.278432 | J66: =Q30/$W30*100 -> 20.117827 | K66: =S30/$W30*100 -> 17.6467 | L66: =AVERAGE(C66:K66) -> 11.111111
A67: =A49 -> 2005 | C67: =C31/$W31*100 -> 1.1785287 | D67: =E31/$W31*100 -> 0.19715303 | E67: =G31/$W31*100 -> 23.609059 | F67: =I31/$W31*100 -> 2.6955065 | G67: =K31/$W31*100 -> 2.6956356 | H67: =M31/$W31*100 -> 16.367975 | I67: =O31/$W31*100 -> 15.192677 | J67: =Q31/$W31*100 -> 20.96682 | K67: =S31/$W31*100 -> 17.096646 | L67: =AVERAGE(C67:K67) -> 11.111111
A68: =A50 -> 2006 | C68: =C32/$W32*100 -> 1.1149432 | D68: =E32/$W32*100 -> 0.18534684 | E68: =G32/$W32*100 -> 23.701959 | F68: =I32/$W32*100 -> 2.6386819 | G68: =K32/$W32*100 -> 2.7462558 | H68: =M32/$W32*100 -> 16.4897 | I68: =O32/$W32*100 -> 15.170561 | J68: =Q32/$W32*100 -> 21.09411 | K68: =S32/$W32*100 -> 16.858443 | L68: =AVERAGE(C68:K68) -> 11.111111
A69: =A51 -> 2007 | C69: =C33/$W33*100 -> 1.0899395 | D69: =E33/$W33*100 -> 0.17842991 | E69: =G33/$W33*100 -> 23.460196 | F69: =I33/$W33*100 -> 2.566602 | G69: =K33/$W33*100 -> 2.9583808 | H69: =M33/$W33*100 -> 16.386368 | I69: =O33/$W33*100 -> 15.322084 | J69: =Q33/$W33*100 -> 21.465435 | K69: =S33/$W33*100 -> 16.572564 | L69: =AVERAGE(C69:K69) -> 11.111111
... A72: =A54 -> 2010 | C72: =C36/$W36*100 -> 1.1589692 | D72: =E36/$W36*100 -> 0.16667259 | E72: =G36/$W36*100 -> 21.69654 | F72: =I36/$W36*100 -> 2.3777352 | G72: =K36/$W36*100 -> 3.2494682 | H72: =M36/$W36*100 -> 15.85481 | I72: =O36/$W36*100 -> 15.757183 | J72: =Q36/$W36*100 -> 22.503054 | K72: =S36/$W36*100 -> 17.235569 | L72: =AVERAGE(C72:K72) -> 11.111111
A74: Average | C74: =AVERAGE(C58:C72) -> 1.3393617 | D74: =AVERAGE(D58:D72) -> 0.32484007 | E74: =AVERAGE(E58:E72) -> 23.807385 | F74: =AVERAGE(F58:F72) -> 2.7899783 | G74: =AVERAGE(G58:G72) -> 2.7955799 | H74: =AVERAGE(H58:H72) -> 15.811469 | I74: =AVERAGE(I58:I72) -> 14.56321 | J74: =AVERAGE(J58:J72) -> 20.148359 | K74: =AVERAGE(K58:K72) -> 18.419817
A75: Deviation | C75: =C72-C58 -> -0.44717723 | D75: =D72-D58 -> -0.47651375 | E75: =E72-E58 -> -3.1758242 | F75: =F72-F58 -> -0.83940621 | G75: =G72-G58 -> 0.33413443 | H75: =H72-H58 -> 1.0899919 | I75: =I72-I58 -> 3.0581611 | J75: =J72-J58 -> 4.3506911 | K75: =K72-K58 -> -3.8940572
A76: Std Dev | C76: =STDEV(C58:C72) -> 0.17135142 | D76: =STDEV(D58:D72) -> 0.19286551 | E76: =STDEV(E58:E72) -> 1.1479143 | F76: =STDEV(F58:F72) -> 0.30286546 | G76: =STDEV(G58:G72) -> 0.31846697 | H76: =STDEV(H58:H72) -> 0.68339701 | I76: =STDEV(I58:I72) -> 1.0067304 | J76: =STDEV(J58:J72) -> 1.5656926 | K76: =STDEV(K58:K72) -> 1.5733598
C80: 1996 | D80: 1999 | E80: 2003 | F80: 2006 | G80: 2008 | H80: =A72 -> 2010 | I80: Average | J80: Deviation | K80: Std Dev
B81: Agriculture, forestry and fishing | C81: {=TRANSPOSE(C58:K58)} -> 1.6061464 | D81: {=TRANSPOSE(C61:K61)} -> 1.4654047 | E81: {=TRANSPOSE(C65:K65)} -> 1.429289 | F81: {=TRANSPOSE(C68:K68)} -> 1.1149432 | G81: {=TRANSPOSE(C70:K70)} -> 1.2127467 | H81: {=TRANSPOSE(C72:K72)} -> 1.1589692 | I81: =AVERAGE(C81:H81) -> 1.3312499 | J81: =H81-C81 -> -0.44717723 | K81: =STDEV(C81:H81) -> 0.19681947
B82: Mining and quarrying | C82: 0.64318634 | D82: 0.39855756 | E82: 0.24522006 | F82: 0.18534684 | G82: 0.15355216 | H82: 0.16667259 | I82: =AVERAGE(C82:H82) -> 0.29875592 | J82: =H82-C82 -> -0.47651375 | K82: =STDEV(C82:H82) -> 0.19123312
B83: Manufacturing | C83: 24.872364 | D83: 24.245149 | E83: 23.716299 | F83: 23.701959 | G83: 23.06042 | H83: 21.69654 | I83: =AVERAGE(C83:H83) -> 23.548788 | J83: =H83-C83 -> -3.1758242 | K83: =STDEV(C83:H83) -> 1.0915694
B84: Electricity, gas and water | C84: 3.2171414 | D84: 2.9818618 | E84: 2.639751 | F84: 2.6386819 | G84: 2.3581892 | H84: 2.3777352 | I84: =AVERAGE(C84:H84) -> 2.7022268 | J84: =H84-C84 -> -0.83940621 | K84: =STDEV(C84:H84) -> 0.33909605
B85: Construction | C85: 2.9153338 | D85: 2.4348551 | E85: 2.4287552 | F85: 2.7462558 | G85: 3.1176105 | H85: 3.2494682 | I85: =AVERAGE(C85:H85) -> 2.8153798 | J85: =H85-C85 -> 0.33413443 | K85: =STDEV(C85:H85) -> 0.34316838
B86: Wholesale & retail trade; hotels & restaurants | C86: 14.764818 | D86: 15.265534 | E86: 16.333213 | F86: 16.4897 | G86: 15.889028 | H86: 15.85481 | I86: =AVERAGE(C86:H86) -> 15.766184 | J86: =H86-C86 -> 1.0899919 | K86: =STDEV(C86:H86) -> 0.65135654
B87: Transport , storage and communication | C87: 12.699021 | D87: 13.665832 | E87: 15.295547 | F87: 15.170561 | G87: 15.30678 | H87: 15.757183 | I87: =AVERAGE(C87:H87) -> 14.649154 | J87: =H87-C87 -> 3.0581611 | K87: =STDEV(C87:H87) -> 1.1933002
B88: Finance, real estate and business services | C88: 18.152363 | D88: 19.386347 | E88: 19.638889 | F88: 21.09411 | G88: 22.215528 | H88: 22.503054 | I88: =AVERAGE(C88:H88) -> 20.498382 | J88: =H88-C88 -> 4.3506911 | K88: =STDEV(C88:H88) -> 1.7205434
B89: Personal and General Government Services | C89: 21.129626 | D89: 20.15646 | E89: 18.273038 | F89: 16.858443 | G89: 16.686145 | H89: 17.235569 | I89: =AVERAGE(C89:H89) -> 18.38988 | J89: =H89-C89 -> -3.8940572 | K89: =STDEV(C89:H89) -> 1.8558615
A92: Diversity | C92: Agriculture, forestry and fishing | D92: Mining and quarrying | E92: Manufacturing | F92: Electricity, gas and water | G92: Construction | H92: Wholesale & retail trade; hotels & restaurants | I92: Transport , storage and communication | J92: Finance, real estate and business services | K92: Personal and General Government Services | L92: Average
A93: =A58 -> 1996 | C93: =C4/($W4-C4) -> 0.022325487 | D93: =E4/($W4-E4) -> 0.00060817444 | E93: =G4/($W4-G4) -> 0.46152162 | F93: =I4/($W4-I4) -> 0.0083225259 | G93: =K4/($W4-K4) -> 0.041007075 | H93: =M4/($W4-M4) -> 0.13305736 | I93: =O4/($W4-O4) -> 0.086476569 | J93: =Q4/($W4-Q4) -> 0.11445329 | K93: =S4/($W4-S4) -> 0.22802955 | L93: =AVERAGE(C93:K93) -> 0.12175574
A94: =A59 -> 1997 | C94: =C5/($W5-C5) -> 0.021951202 | D94: =E5/($W5-E5) -> 0.00059715396 | E94: =G5/($W5-G5) -> 0.42615503 | F94: =I5/($W5-I5) -> 0.0083108325 | G94: =K5/($W5-K5) -> 0.042081688 | H94: =M5/($W5-M5) -> 0.13670464 | I94: =O5/($W5-O5) -> 0.087099831 | J94: =Q5/($W5-Q5) -> 0.12002386 | K94: =S5/($W5-S5) -> 0.24530893 | L94: =AVERAGE(C94:K94) -> 0.1209148
A95: =A60 -> 1998 | C95: =C6/($W6-C6) -> 0.021491919 | D95: =E6/($W6-E6) -> 0.00051115763 | E95: =G6/($W6-G6) -> 0.40466095 | F95: =I6/($W6-I6) -> 0.0080114235 | G95: =K6/($W6-K6) -> 0.039340941 | H95: =M6/($W6-M6) -> 0.1456392 | I95: =O6/($W6-O6) -> 0.082159181 | J95: =Q6/($W6-Q6) -> 0.12310967 | K95: =S6/($W6-S6) -> 0.26252691 | L95: =AVERAGE(C95:K95) -> 0.12082793
A96: =A61 -> 1999 | C96: =C7/($W7-C7) -> 0.021146865 | D96: =E7/($W7-E7) -> 0.00038026817 | E96: =G7/($W7-G7) -> 0.38468071 | F96: =I7/($W7-I7) -> 0.0077930652 | G96: =K7/($W7-K7) -> 0.037685766 | H96: =M7/($W7-M7) -> 0.15741781 | I96: =O7/($W7-O7) -> 0.079955707 | J96: =Q7/($W7-Q7) -> 0.12553678 | K96: =S7/($W7-S7) -> 0.27236361 | L96: =AVERAGE(C96:K96) -> 0.1207734
A97: =A62 -> 2000 | C97: =C8/($W8-C8) -> 0.020560383 | D97: =E8/($W8-E8) -> 0.00028223544 | E97: =G8/($W8-G8) -> 0.38033633 | F97: =I8/($W8-I8) -> 0.0076772454 | G97: =K8/($W8-K8) -> 0.039577976 | H97: =M8/($W8-M8) -> 0.15452731 | I97: =O8/($W8-O8) -> 0.077109114 | J97: =Q8/($W8-Q8) -> 0.1318618 | K97: =S8/($W8-S8) -> 0.27990961 | L97: =AVERAGE(C97:K97) -> 0.12131578
A98: =A63 -> 2001 | C98: =C9/($W9-C9) -> 0.021622118 | D98: =E9/($W9-E9) -> 0.0003671734 | E98: =G9/($W9-G9) -> 0.36948881 | F98: =I9/($W9-I9) -> 0.007570559 | G98: =K9/($W9-K9) -> 0.038470027 | H98: =M9/($W9-M9) -> 0.15928523 | I98: =O9/($W9-O9) -> 0.074232647 | J98: =Q9/($W9-Q9) -> 0.1456994 | K98: =S9/($W9-S9) -> 0.27542128 | L98: =AVERAGE(C98:K98) -> 0.1213508
A99: =A64 -> 2002 | C99: =C10/($W10-C10) -> 0.021342466 | D99: =E10/($W10-E10) -> 0.00032552367 | E99: =G10/($W10-G10) -> 0.36421519 | F99: =I10/($W10-I10) -> 0.007580367 | G99: =K10/($W10-K10) -> 0.037735101 | H99: =M10/($W10-M10) -> 0.15652293 | I99: =O10/($W10-O10) -> 0.072891758 | J99: =Q10/($W10-Q10) -> 0.15530806 | K99: =S10/($W10-S10) -> 0.27892578 | L99: =AVERAGE(C99:K99) -> 0.12164968
A100: =A65 -> 2003 | C100: =C11/($W11-C11) -> 0.01984092 | D100: =E11/($W11-E11) -> 0.00031158784 | E100: =G11/($W11-G11) -> 0.34559902 | F100: =I11/($W11-I11) -> 0.0070194979 | G100: =K11/($W11-K11) -> 0.041352377 | H100: =M11/($W11-M11) -> 0.16645113 | I100: =O11/($W11-O11) -> 0.068227307 | J100: =Q11/($W11-Q11) -> 0.15450475 | K100: =S11/($W11-S11) -> 0.28687487 | L100: =AVERAGE(C100:K100) -> 0.12113127
A101: =A66 -> 2004 | C101: =C12/($W12-C12) -> 0.017163521 | D101: =E12/($W12-E12) -> 0.00035842544 | E101: =G12/($W12-G12) -> 0.3455872 | F101: =I12/($W12-I12) -> 0.006769112 | G101: =K12/($W12-K12) -> 0.047945275 | H101: =M12/($W12-M12) -> 0.17061139 | I101: =O12/($W12-O12) -> 0.068640628 | J101: =Q12/($W12-Q12) -> 0.16196707 | K101: =S12/($W12-S12) -> 0.27925017 | L101: =AVERAGE(C101:K101) -> 0.12203253
A102: =A67 -> 2005 | C102: =C13/($W13-C13) -> 0.015486688 | D102: =E13/($W13-E13) -> 0.00032587693 | E102: =G13/($W13-G13) -> 0.33027991 | F102: =I13/($W13-I13) -> 0.0066223679 | G102: =K13/($W13-K13) -> 0.054954382 | H102: =M13/($W13-M13) -> 0.18398449 | I102: =O13/($W13-O13) -> 0.068222909 | J102: =Q13/($W13-Q13) -> 0.17099854 | K102: =S13/($W13-S13) -> 0.26534192 | L102: =AVERAGE(C102:K102) -> 0.1218019
A103: =A68 -> 2006 | C103: =C14/($W14-C14) -> 0.014311548 | D103: =E14/($W14-E14) -> 0.00038672035 | E103: =G14/($W14-G14) -> 0.32593745 | F103: =I14/($W14-I14) -> 0.0063624949 | G103: =K14/($W14-K14) -> 0.05328054 | H103: =M14/($W14-M14) -> 0.19571526 | I103: =O14/($W14-O14) -> 0.06432497 | J103: =Q14/($W14-Q14) -> 0.1783614 | K103: =S14/($W14-S14) -> 0.25956337 | L103: =AVERAGE(C103:K103) -> 0.12202708
A104: =A69 -> 2007 | C104: =C15/($W15-C15) -> 0.01462614 | D104: =E15/($W15-E15) -> 0.00037647948 | E104: =G15/($W15-G15) -> 0.31083555 | F104: =I15/($W15-I15) -> 0.0062087427 | G104: =K15/($W15-K15) -> 0.052442448 | H104: =M15/($W15-M15) -> 0.19234703 | I104: =O15/($W15-O15) -> 0.061086491 | J104: =Q15/($W15-Q15) -> 0.18811552 | K104: =S15/($W15-S15) -> 0.26188681 | L104: =AVERAGE(C104:K104) -> 0.12088058
... A107: =A72 -> 2010 | C107: =C18/($W18-C18) -> 0.011882006 | D107: =E18/($W18-E18) -> 0.00038140923 | E107: =G18/($W18-G18) -> 0.30486741 | F107: =I18/($W18-I18) -> 0.0050351185 | G107: =K18/($W18-K18) -> 0.0517827 | H107: =M18/($W18-M18) -> 0.1744013 | I107: =O18/($W18-O18) -> 0.066511909 | J107: =Q18/($W18-Q18) -> 0.2003579 | K107: =S18/($W18-S18) -> 0.27369162 | L107: =AVERAGE(C107:K107) -> 0.12099015
A109: Average | C109: =AVERAGE(C93:C107) -> 0.017954301 | D109: =AVERAGE(D93:D107) -> 0.00040004656 | E109: =AVERAGE(E93:E107) -> 0.3577612 | F109: =AVERAGE(F93:F107) -> 0.0069509851 | G109: =AVERAGE(G93:G107) -> 0.045429262 | H109: =AVERAGE(H93:H107) -> 0.16557755 | I109: =AVERAGE(I93:I107) -> 0.072545059 | J109: =AVERAGE(J93:J107) -> 0.15759557 | K109: =AVERAGE(K93:K107) -> 0.26685641
A110: Deviation | C110: =C107-C93 -> -0.010443481 | D110: =D107-D93 -> -0.00022676522 | E110: =E107-E93 -> -0.15665421 | F110: =F107-F93 -> -0.0032874074 | G110: =G107-G93 -> 0.010775625 | H110: =H107-H93 -> 0.041343935 | I110: =I107-I93 -> -0.01996466 | J110: =J107-J93 -> 0.08590461 | K110: =K107-K93 -> 0.045662065
A111: Std Dev | C111: =STDEV(C93:C107) -> 0.0039252114 | D111: =STDEV(D93:D107) -> 9.7063387e-05 | E111: =STDEV(E93:E107) -> 0.047406358 | F111: =STDEV(F93:F107) -> 0.0010648662 | G111: =STDEV(G93:G107) -> 0.0066474591 | H111: =STDEV(H93:H107) -> 0.018971685 | I111: =STDEV(I93:I107) -> 0.0082881341 | J111: =STDEV(J93:J107) -> 0.030246351 | K111: =STDEV(K93:K107) -> 0.01490176
A114: Gross Operating Surplus | B114: Agriculture | D114: Mining | F114: Manufacturing | H114: Electricity | J114: Construction | L114: Trade | N114: Transport | P114: Finance | R114: Community services | V114: Total
A115: (Current prices, R 1000) | B115: SA | C115: MA | D115: SA | E115: =C115 -> MA | F115: SA | G115: =E115 -> MA | H115: SA | I115: =G115 -> MA | J115: SA | K115: =I115 -> MA | L115: SA | M115: =K115 -> MA | N115: SA | O115: =M115 -> MA | P115: SA | Q115: =O115 -> MA | R115: SA | S115: =Q115 -> MA | V115: SA | W115: MA
A116: =A93 -> 1996 | B116: 16812880 | C116: 691316.78 | D116: 18798620 | E116: 110291.61 | F116: 54160040 | G116: 6944009.9 | H116: 12503810 | I116: 1401649.1 | J116: 6216861.6 | K116: 711815.49 | L116: 41045680 | M116: 4724515.7 | N116: 26492460 | O116: 4676264.8 | P116: 62446520 | Q116: 6572053.4 | R116: 18876070 | S116: 1475162.9 | V116: =B116+D116+F116+H116+J116+L116+N116+P116+R116+T116 -> 2.5735294e+08 | W116: =C116+E116+G116+I116+K116+M116+O116+Q116+S116+U116 -> 27307080
A117: =A94 -> 1997 | B117: 17735190 | C117: 752740.46 | D117: 18463560 | E117: 135411.22 | F117: 61071070 | G117: 7730084.9 | H117: 13266030 | I117: 1494494.1 | J117: 7544451 | K117: 886468.47 | L117: 43726380 | M117: 5056701 | N117: 30338690 | O117: 5243081.6 | P117: 73799080 | Q117: 7638819.2 | R117: 21145675 | S117: 1597966.7 | V117: =B117+D117+F117+H117+J117+L117+N117+P117+R117+T117 -> 2.8709013e+08 | W117: =C117+E117+G117+I117+K117+M117+O117+Q117+S117+U117 -> 30535768
A118: =A95 -> 1998 | B118: 17119700 | C118: 802716.82 | D118: 22383200 | E118: 152075.17 | F118: 58746996 | G118: 7221689.5 | H118: 13736900 | I118: 1578989.1 | J118: 7545400 | K118: 833596.22 | L118: 44879900 | M118: 5173685.7 | N118: 33884100 | O118: 5716762.9 | P118: 79841800 | Q118: 8286687.6 | R118: 24194000 | S118: 1885802.1 | V118: =B118+D118+F118+H118+J118+L118+N118+P118+R118+T118 -> 3.02332e+08 | W118: =C118+E118+G118+I118+K118+M118+O118+Q118+S118+U118 -> 31652005
A119: =A96 -> 1999 | B119: 17367400 | C119: 709156.54 | D119: 26153400 | E119: 144138.67 | F119: 61353000 | G119: 7619963.6 | H119: 13440000 | I119: 1566516.3 | J119: 7726900 | K119: 816915.84 | L119: 48733100 | M119: 5579905.3 | N119: 38979300 | O119: 6470516.8 | P119: 93114600 | Q119: 9715280.7 | R119: 27589000 | S119: 2126846.4 | V119: =B119+D119+F119+H119+J119+L119+N119+P119+R119+T119 -> 334456700 | W119: =C119+E119+G119+I119+K119+M119+O119+Q119+S119+U119 -> 34749240
A120: =A97 -> 2000 | B120: 18042000 | C120: 751567.22 | D120: 35133200 | E120: 155411.78 | F120: 76113660 | G120: 9671145.3 | H120: 14622000 | I120: 1731109.4 | J120: 8317000 | K120: 875503.43 | L120: 61187350 | M120: 7050240.5 | N120: 47245800 | O120: 7744770.3 | P120: 1.029656e+08 | Q120: 10584533 | R120: 32289800 | S120: 2518372.5 | V120: =B120+D120+F120+H120+J120+L120+N120+P120+R120+T120 -> 3.9591641e+08 | W120: =C120+E120+G120+I120+K120+M120+O120+Q120+S120+U120 -> 41082654
A121: =A98 -> 2001 | B121: 22610200 | C121: 979954.43 | D121: 45932200 | E121: 227785.64 | F121: 88179400 | G121: 11277164 | H121: 14814900 | I121: 1845448.7 | J121: 9360000 | K121: 1270726.9 | L121: 68374000 | M121: 8417839.5 | N121: 53276900 | O121: 8783933.1 | P121: 115041000 | Q121: 11900362 | R121: 35631000 | S121: 2813391.1 | V121: =B121+D121+F121+H121+J121+L121+N121+P121+R121+T121 -> 453219600 | W121: =C121+E121+G121+I121+K121+M121+O121+Q121+S121+U121 -> 47516606
...

Sheet PMB
A1: Pietermaritzburg
A2: Number of formally employed people | B2: Agriculture | D2: Mining | F2: Manufacturing | H2: Electricity | J2: Construction | L2: Trade | N2: Transport | P2: Finance | R2: Community services | T2: Private Households | V2: Total | X2: Year-on-Year MA | Y2: Total-Private Households | AB2: Unemployment Rate | AC2: Number of Claims for Unemployment Benefits | AD2: ='[1]Data Input'!C1 -> Index of New Job Postings | AE2: ='[1]Data Input'!D1 -> Average Salary per Placement
B3: SA | C3: MA | D3: SA | E3: =C3 -> MA | F3: SA | G3: =E3 -> MA | H3: SA | I3: =G3 -> MA | J3: SA | K3: =I3 -> MA | L3: SA | M3: =K3 -> MA | N3: SA | O3: =M3 -> MA | P3: SA | Q3: =O3 -> MA | R3: SA | S3: =Q3 -> MA | T3: SA | U3: =S3 -> MA | V3: SA | W3: =U3 -> MA | Y3: SA | Z3: MA
A4: 1996 | B4: 887880 | C4: 3113.3819 | D4: 568517 | E4: 214.754 | F4: 1457136.5 | G4: 20116.779 | H4: 76930.867 | I4: 1254.3746 | J4: 345823.5 | K4: 2832.0601 | L4: 1085992 | M4: 9581.5093 | N4: 479493.16 | O4: 5247.8726 | P4: 713126.49 | Q4: 9321.6654 | R4: 1578263.3 | S4: 23670.044 | T4: 1015292.6 | U4: 15196.694 | V4: =B4+D4+F4+H4+J4+L4+N4+P4+R4+T4 -> 8208455.4 | W4: =C4+E4+G4+I4+K4+M4+O4+Q4+S4+U4 -> 90549.135 | Y4: =V4-T4 -> 7193162.8 | Z4: =W4-U4 -> 75352.441 | AA4: =A4 -> 1996 | AB4: 0.32272748
A5: =A4+1 -> 1997 | B5: 881959.67 | C5: 3089.0373 | D5: 552238 | E5: 210.77174 | F5: 1396428.8 | G5: 18931.223 | H5: 77385.042 | I5: 1258.8999 | J5: 357720.37 | K5: 2883.3505 | L5: 1120388.8 | M5: 9746.9001 | N5: 486881.96 | O5: 5270.8826 | P5: 747970.5 | Q5: 9666.8116 | R5: 1683664.2 | S5: 25223.182 | T5: 1003185.5 | U5: 14905.93 | V5: =B5+D5+F5+H5+J5+L5+N5+P5+R5+T5 -> 8307822.7 | W5: =C5+E5+G5+I5+K5+M5+O5+Q5+S5+U5 -> 91186.989 | X5: =(W5-W4)/W4*100 -> 0.70442825 | Y5: =V5-T5 -> 7304637.2 | Z5: =W5-U5 -> 76281.059 | AA5: =A5 -> 1997 | AB5: 0.3404649
A6: =A5+1 -> 1998 | B6: 867918.28 | C6: 2983.47 | D6: 465851 | E6: 175.4834 | F6: 1350784.2 | G6: 17767.207 | H6: 75323.284 | I6: 1185.7416 | J6: 336634.99 | K6: 2644.127 | L6: 1189534.6 | M6: 10079.593 | N6: 461107.75 | O6: 4900.6408 | P6: 773497.72 | Q6: 9686.0452 | R6: 1772084.2 | S6: 26124.418 | T6: 991531.26 | U6: 14365.757 | V6: =B6+D6+F6+H6+J6+L6+N6+P6+R6+T6 -> 8284267.3 | W6: =C6+E6+G6+I6+K6+M6+O6+Q6+S6+U6 -> 89912.483 | X6: =(W6-W5)/W5*100 -> -1.3976841 | Y6: =V6-T6 -> 7292736 | Z6: =W6-U6 -> 75546.726 | AA6: =A6 -> 1998 | AB6: 0.3983989
A7: =A6+1 -> 1999 | B7: 866463.02 | C7: 2927.0907 | D7: 436254 | E7: 129.52008 | F7: 1315722.5 | G7: 16973.47 | H7: 74493.773 | I7: 1143.5742 | J7: 332065.66 | K7: 2514.8038 | L7: 1307911.3 | M7: 10688.706 | N7: 462724.37 | O7: 4757.2862 | P7: 812416.77 | Q7: 9767.5451 | R7: 1837006.2 | S7: 26687.491 | T7: 985259.98 | U7: 13936.012 | V7: =B7+D7+F7+H7+J7+L7+N7+P7+R7+T7 -> 8430317.6 | W7: =C7+E7+G7+I7+K7+M7+O7+Q7+S7+U7 -> 89525.5 | X7: =(W7-W6)/W6*100 -> -0.43039999 | Y7: =V7-T7 -> 7445057.6 | Z7: =W7-U7 -> 75589.487 | AA7: =A7 -> 1999 | AB7: 0.38052356
A8: =A7+1 -> 2000 | B8: 856696.91 | C8: 2853.1607 | D8: 417717 | E8: 95.701957 | F8: 1296165.5 | G8: 14919.943 | H8: 74502.364 | I8: 1124.9644 | J8: 350824.84 | K8: 2349.3229 | L8: 1300427.2 | M8: 9373.7479 | N8: 456984.32 | O8: 4123.0501 | P8: 852256.59 | Q8: 9108.2413 | R8: 1892891.1 | S8: 27203.732 | T8: 968553.77 | U8: 13459.595 | V8: =B8+D8+F8+H8+J8+L8+N8+P8+R8+T8 -> 8467019.5 | W8: =C8+E8+G8+I8+K8+M8+O8+Q8+S8+U8 -> 84611.459 | X8: =(W8-W7)/W7*100 -> -5.4889846 | Y8: =V8-T8 -> 7498465.8 | Z8: =W8-U8 -> 71151.864 | AA8: =A8 -> 2000 | AB8: 0.4275168
A9: =A8+1 -> 2001 | B9: 916347.6 | C9: 2944.6813 | D9: 406654 | E9: 122.59709 | F9: 1262623.2 | G9: 13988.151 | H9: 74310.356 | I9: 1097.1851 | J9: 336682.72 | K9: 2185.8207 | L9: 1319587.6 | M9: 9200.7847 | N9: 440380.52 | O9: 3823.1404 | P9: 931090.71 | Q9: 9518.9628 | R9: 1879377.6 | S9: 26234.607 | T9: 953808.48 | U9: 12885.859 | V9: =B9+D9+F9+H9+J9+L9+N9+P9+R9+T9 -> 8520862.8 | W9: =C9+E9+G9+I9+K9+M9+O9+Q9+S9+U9 -> 82001.789 | X9: =(W9-W8)/W8*100 -> -3.0842977 | Y9: =V9-T9 -> 7567054.3 | Z9: =W9-U9 -> 69115.931 | AA9: =A9 -> 2001 | AB9: 0.46191555
A10: =A9+1 -> 2002 | B10: 934015.47 | C10: 2916.9765 | D10: 416153 | E10: 108.12618 | F10: 1270647 | G10: 13759.897 | H10: 74998.982 | I10: 1105.2795 | J10: 336239.54 | K10: 2129.6601 | L10: 1320665.2 | M10: 8995.2841 | N10: 446726.56 | O10: 3780.5899 | P10: 1009426.3 | Q10: 10014.592 | R10: 1944631.2 | S10: 26366.857 | T10: 954695.98 | U10: 12526.675 | V10: =B10+D10+F10+H10+J10+L10+N10+P10+R10+T10 -> 8708199.2 | W10: =C10+E10+G10+I10+K10+M10+O10+Q10+S10+U10 -> 81703.939 | X10: =(W10-W9)/W9*100 -> -0.36322474 | Y10: =V10-T10 -> 7753503.2 | Z10: =W10-U10 -> 69177.263 | AA10: =A10 -> 2002 | AB10: 0.51364485
A11: =A10+1 -> 2003 | B11: 905008.74 | C11: 2726.5394 | D11: 433700 | E11: 102.17752 | F11: 1239012.6 | G11: 12999.204 | H11: 71848.049 | I11: 997.16643 | J11: 374174.99 | K11: 2273.7128 | L11: 1415881 | M11: 9272.0164 | N11: 425105.42 | O11: 3449.9744 | P11: 1027718.8 | Q11: 9760.8822 | R11: 2049583.8 | S11: 26542.201 | T11: 987319.81 | U11: 12404.509 | V11: =B11+D11+F11+H11+J11+L11+N11+P11+R11+T11 -> 8929353.2 | W11: =C11+E11+G11+I11+K11+M11+O11+Q11+S11+U11 -> 80528.384 | X11: =(W11-W10)/W10*100 -> -1.4387983 | Y11: =V11-T11 -> 7942033.4 | Z11: =W11-U11 -> 68123.875 | AA11: =A11 -> 2003 | AB11: 0.50776867 | AC11: ='[1]Data Input'!B102*12 -> 12602 | AD11: ='[1]Data Input'!C102 -> 101.77469
A12: =A11+1 -> 2004 | B12: 823813.55 | C12: 2355.4887 | D12: 455367 | E12: 119.83488 | F12: 1294617 | G12: 12986.231 | H12: 72457.373 | I12: 966.65324 | J12: 446174.83 | K12: 2634.2092 | L12: 1491315.6 | M12: 9521.7068 | N12: 438479.23 | O12: 3457.3911 | P12: 1110165 | Q12: 10238.524 | R12: 2048749 | S12: 26193.294 | T12: 952845.06 | U12: 11692.575 | V12: =B12+D12+F12+H12+J12+L12+N12+P12+R12+T12 -> 9133983.6 | W12: =C12+E12+G12+I12+K12+M12+O12+Q12+S12+U12 -> 80165.908 | X12: =(W12-W11)/W11*100 -> -0.45012201 | Y12: =V12-T12 -> 8181138.5 | Z12: =W12-U12 -> 68473.333 | AA12: =A12 -> 2004 | AB12: 0.47850932 | AC12: ='[1]Data Input'!B103*12 -> 15467 | AD12: ='[1]Data Input'!C103 -> 115.50926
A13: =A12+1 -> 2005 | B13: 775444.7 | C13: 2144.0428 | D13: 443266.67 | E13: 110.18711 | F13: 1314558.3 | G13: 12504.368 | H13: 74136.926 | I13: 952.07297 | J13: 526599.68 | K13: 2995.8078 | L13: 1644000.5 | M13: 10139.569 | N13: 450342.35 | O13: 3427.8977 | P13: 1208059.9 | Q13: 10728.007 | R13: 2032627.8 | S13: 25533.042 | T13: 951818.88 | U13: 11493.54 | V13: =B13+D13+F13+H13+J13+L13+N13+P13+R13+T13 -> 9420855.7 | W13: =C13+E13+G13+I13+K13+M13+O13+Q13+S13+U13 -> 80028.535 | X13: =(W13-W12)/W12*100 -> -0.17136089 | Y13: =V13-T13 -> 8469036.9 | Z13: =W13-U13 -> 68534.995 | AA13: =A13 -> 2005 | AB13: 0.48135522 | AC13: ='[1]Data Input'!B104*12 -> 15325 | AD13: ='[1]Data Input'!C104 -> 142.20679 | AE13: ='[1]Data Input'!D104 -> 8024.8081
A14: =A13+1 -> 2006 | B14: 758916.65 | C14: 2057.2016 | D14: 458600 | E14: 135.01747 | F14: 1371316.6 | G14: 12528.233 | H14: 75338.886 | I14: 928.33174 | J14: 533220.28 | K14: 2921.692 | L14: 1800159.6 | M14: 10725.708 | N14: 444421.66 | O14: 3269.5373 | P14: 1304349 | Q14: 11174.894 | R14: 2065501.6 | S14: 25786.924 | T14: 978273.99 | U14: 11642.974 | V14: =B14+D14+F14+H14+J14+L14+N14+P14+R14+T14 -> 9790098.3 | W14: =C14+E14+G14+I14+K14+M14+O14+Q14+S14+U14 -> 81170.514 | X14: =(W14-W13)/W13*100 -> 1.4269644 | Y14: =V14-T14 -> 8811824.3 | Z14: =W14-U14 -> 69527.54 | AA14: =A14 -> 2006 | AB14: 0.46202888 | AC14: ='[1]Data Input'!B105*12 -> 13210 | AD14: ='[1]Data Input'!C105 -> 122.37654 | AE14: ='[1]Data Input'!D105 -> 6620.4275
A15: =A14+1 -> 2007 | B15: 819375.96 | C15: 2215.8247 | D15: 495474 | E15: 138.17913 | F15: 1398078.7 | G15: 12243.653 | H15: 77581.522 | I15: 946.50568 | J15: 548754.73 | K15: 2937.5436 | L15: 1848834.1 | M15: 10788.263 | N15: 445507.11 | O15: 3211.1019 | P15: 1425301.5 | Q15: 11936.087 | R15: 2174677.6 | S15: 27121.55 | T15: 1084152.9 | U15: 12960.69 | V15: =B15+D15+F15+H15+J15+L15+N15+P15+R15+T15 -> 10317738 | W15: =C15+E15+G15+I15+K15+M15+O15+Q15+S15+U15 -> 84499.399 | X15: =(W15-W14)/W14*100 -> 4.1011013 | Y15: =V15-T15 -> 9233585.2 | Z15: =W15-U15 -> 71538.709 | AA15: =A15 -> 2007 | AB15: 0.43012377 | AC15: ='[1]Data Input'!B106*12 -> 13015 | AD15: ='[1]Data Input'!C106 -> 119.90741 | AE15: ='[1]Data Input'!D106 -> 10304.669
A16: =A15+1 -> 2008 | B16: 809281.53 | C16: 2227.8146 | D16: 515725.42 | E16: 152.6201 | F16: 1469726.2 | G16: 12955.431 | H16: 74320.434 | I16: 924.98438 | J16: 575886.64 | K16: 3106.8474 | L16: 1859529.3 | M16: 10935.436 | N16: 503022.2 | O16: 3651.7018 | P16: 1529644.5 | Q16: 12908.864 | R16: 2294855.6 | S16: 29762.816 | T16: 1180526.3 | U16: 14479.953 | V16: =B16+D16+F16+H16+J16+L16+N16+P16+R16+T16 -> 10812518 | W16: =C16+E16+G16+I16+K16+M16+O16+Q16+S16+U16 -> 91106.469 | X16: =(W16-W15)/W15*100 -> 7.8190737 | Y16: =V16-T16 -> 9631991.8 | Z16: =W16-U16 -> 76626.516 | AA16: =A16 -> 2008 | AB16: 0.36896576 | AC16: ='[1]Data Input'!B107*12 -> 13859 | AD16: ='[1]Data Input'!C107 -> 94.907407 | AE16: ='[1]Data Input'!D107 -> 12131.572
A17: =A16+1 -> 2009 | B17: 715545.37 | C17: 1973.8782 | D17: 492219.25 | E17: 163.42565 | F17: 1430523.8 | G17: 13318.803 | H17: 70872.467 | I17: 899.07999 | J17: 556190.88 | K17: 3081.3205 | L17: 1758081.6 | M17: 10611.992 | N17: 491152.64 | O17: 3659.5423 | P17: 1562754.5 | Q17: 13520.803 | R17: 2320536 | S17: 30906.932 | T17: 1150308.1 | U17: 14460.679 | V17: =B17+D17+F17+H17+J17+L17+N17+P17+R17+T17 -> 10548185 | W17: =C17+E17+G17+I17+K17+M17+O17+Q17+S17+U17 -> 92596.457 | X17: =(W17-W16)/W16*100 -> 1.6354362 | Y17: =V17-T17 -> 9397876.6 | Z17: =W17-U17 -> 78135.778 | AA17: =A17 -> 2009 | AB17: 0.33743835 | AC17: ='[1]Data Input'!B108*12 -> 15561 | AD17: ='[1]Data Input'!C108 -> 99.382716 | AE17: ='[1]Data Input'!D108 -> 10249.729
A18: =A17+1 -> 2010 | B18: 701904.36 | C18: 1961.0353 | D18: 498055.17 | E18: 155.75615 | F18: 1396938.5 | G18: 13403.078 | H18: 65610.247 | I18: 856.70751 | J18: 551968.07 | K18: 3147.4902 | L18: 1737056.5 | M18: 10767.911 | N18: 494852.77 | O18: 3787.0299 | P18: 1539060.5 | Q18: 13680.014 | R18: 2324767.9 | S18: 31884.158 | T18: 1121504.2 | U18: 14523.435 | V18: =B18+D18+F18+H18+J18+L18+N18+P18+R18+T18 -> 10431718 | W18: =C18+E18+G18+I18+K18+M18+O18+Q18+S18+U18 -> 94166.616 | X18: =(W18-W17)/W17*100 -> 1.6957007 | Y18: =V18-T18 -> 9310214 | Z18: =W18-U18 -> 79643.181 | AA18: =A18 -> 2010 | AB18: 0.308631
A20: Gross Value Added by Region (GVA-R) | B20: Agriculture | D20: Mining | F20: Manufacturing | H20: Electricity | J20: Construction | L20: Trade | N20: Transport | P20: Finance | R20: Community services | V20: Total | X20: Year-on-Year MA
A21: Constant 2000 prices (R 1000) | B21: SA | C21: =C3 -> MA | D21: SA | E21: =E3 -> MA | F21: SA | G21: =G3 -> MA | H21: SA | I21: =I3 -> MA | J21: SA | K21: =K3 -> MA | L21: SA | M21: =M3 -> MA | N21: SA | O21: =O3 -> MA | P21: SA | Q21: =Q3 -> MA | R21: SA | S21: =S3 -> MA | V21: SA | W21: =W3 -> MA
A22: =A4 -> 1996 | B22: 32582299 | C22: 584473.16 | D22: 99506344 | E22: 109349.82 | F22: 1.987152e+08 | G22: 1848374.9 | H22: 28494360 | I22: 417784.71 | J22: 26033135 | K22: 320008.94 | L22: 1.3585407e+08 | M22: 1380688.4 | N22: 79153561 | O22: 1197644.7 | P22: 1.8566338e+08 | Q22: 2178927.3 | R22: 2.5896799e+08 | S22: 3607774.4 | V22: =B22+D22+F22+H22+J22+L22+N22+P22+R22+T22 -> 1.0449703e+09 | W22: =C22+E22+G22+I22+K22+M22+O22+Q22+S22+U22 -> 11645026
A23: =A5 -> 1997 | B23: 32906507 | C23: 581841.29 | D23: 1.0129328e+08 | E23: 124705.95 | F23: 2.0427276e+08 | G23: 1876684.2 | H23: 29633529 | I23: 434096.5 | J23: 26929349 | K23: 335302.17 | L23: 1.3652596e+08 | M23: 1377779.5 | N23: 85249460 | O23: 1262962.3 | P23: 1.9458399e+08 | Q23: 2263935.4 | R23: 2.6072052e+08 | S23: 3534764.3 | V23: =B23+D23+F23+H23+J23+L23+N23+P23+R23+T23 -> 1.0721154e+09 | W23: =C23+E23+G23+I23+K23+M23+O23+Q23+S23+U23 -> 11792072 | X23: =(W23-W22)/W22*100 -> 1.2627303
A24: =A6 -> 1998 | B24: 31153062 | C24: 592580.61 | D24: 1.0116145e+08 | E24: 112056.86 | F24: 2.0380269e+08 | G24: 1848069.5 | H24: 27758236 | I24: 405643.15 | J24: 25342082 | K24: 297356.45 | L24: 1.3825907e+08 | M24: 1393890.7 | N24: 89911045 | O24: 1330229.5 | P24: 1.9900335e+08 | Q24: 2344006.8 | R24: 2.6322982e+08 | S24: 3641180.6 | V24: =B24+D24+F24+H24+J24+L24+N24+P24+R24+T24 -> 1.0796208e+09 | W24: =C24+E24+G24+I24+K24+M24+O24+Q24+S24+U24 -> 11965014 | X24: =(W24-W23)/W23*100 -> 1.4666007
A25: =A7 -> 1999 | B25: 33129731 | C25: 577367.5 | D25: 99881396 | E25: 70442.344 | F25: 2.0530547e+08 | G25: 1863859.8 | H25: 27657162 | I25: 407292.12 | J25: 24998102 | K25: 280176.6 | L25: 1.489699e+08 | M25: 1499429.1 | N25: 94715567 | O25: 1385033.7 | P25: 2.0945915e+08 | Q25: 2457146.8 | R25: 2.6461575e+08 | S25: 3616695 | V25: =B25+D25+F25+H25+J25+L25+N25+P25+R25+T25 -> 1.1087322e+09 | W25: =C25+E25+G25+I25+K25+M25+O25+Q25+S25+U25 -> 12157443 | X25: =(W25-W24)/W24*100 -> 1.6082612
A26: =A8 -> 2000 | B26: 34721349 | C26: 601240.11 | D26: 98881009 | E26: 58117.071 | F26: 2.221561e+08 | G26: 1809862.2 | H26: 28542916 | I26: 405963.38 | J26: 26410338 | K26: 262982.18 | L26: 1.6119674e+08 | M26: 1467148.7 | N26: 1.0267905e+08 | O26: 1341176.8 | P26: 2.1633553e+08 | Q26: 2336919.3 | R26: 2.6656813e+08 | S26: 3672119.2 | V26: =B26+D26+F26+H26+J26+L26+N26+P26+R26+T26 -> 1.1574912e+09 | W26: =C26+E26+G26+I26+K26+M26+O26+Q26+S26+U26 -> 11955529 | X26: =(W26-W25)/W25*100 -> -1.6608269
A27: =A9 -> 2001 | B27: 33596824 | C27: 601903.09 | D27: 98844719 | E27: 70765.274 | F27: 2.2941036e+08 | G27: 1815803.9 | H27: 27504242 | I27: 401797.27 | J27: 27711128 | K27: 345517.7 | L27: 1.6436355e+08 | M27: 1549895 | N27: 1.0880602e+08 | O27: 1384520.8 | P27: 2.3415309e+08 | Q27: 2399785.9 | R27: 2.6665188e+08 | S27: 3707968.5 | V27: =B27+D27+F27+H27+J27+L27+N27+P27+R27+T27 -> 1.1910418e+09 | W27: =C27+E27+G27+I27+K27+M27+O27+Q27+S27+U27 -> 12277957 | X27: =(W27-W26)/W26*100 -> 2.6968996
A28: =A10 -> 2002 | B28: 35826000 | C28: 621148.67 | D28: 99959810 | E28: 54409.806 | F28: 2.36133e+08 | G28: 1871819.5 | H28: 28503000 | I28: 441847.55 | J28: 29321000 | K28: 273732.19 | L28: 1.683572e+08 | M28: 1597282 | N28: 1.18749e+08 | O28: 1542247.5 | P28: 2.49165e+08 | Q28: 2512583.9 | R28: 2.70256e+08 | S28: 3773882.4 | V28: =B28+D28+F28+H28+J28+L28+N28+P28+R28+T28 -> 1.23627e+09 | W28: =C28+E28+G28+I28+K28+M28+O28+Q28+S28+U28 -> 12688953 | X28: =(W28-W27)/W27*100 -> 3.3474295
A29: =A11 -> 2003 | B29: 36070000 | C29: 651104.33 | D29: 1.0335482e+08 | E29: 51281.344 | F29: 2.32581e+08 | G29: 1868067.3 | H29: 29344000 | I29: 392152.62 | J29: 31575000 | K29: 287660.93 | L29: 1.728452e+08 | M29: 1661061.4 | N29: 1.26287e+08 | O29: 1651240.1 | P29: 2.61123e+08 | Q29: 2721869.9 | R29: 2.79949e+08 | S29: 3897918.5 | V29: =B29+D29+F29+H29+J29+L29+N29+P29+R29+T29 -> 1.273129e+09 | W29: =C29+E29+G29+I29+K29+M29+O29+Q29+S29+U29 -> 13182356 | X29: =(W29-W28)/W28*100 -> 3.8884451
A30: =A12 -> 2004 | B30: 36380000 | C30: 657345.41 | D30: 1.0491526e+08 | E30: 51377.945 | F30: 2.43965e+08 | G30: 1952168.8 | H30: 31335000 | I30: 417124.36 | J30: 34451000 | K30: 313831.72 | L30: 1.82175e+08 | M30: 1749470.6 | N30: 1.32459e+08 | O30: 1711042.1 | P30: 2.79544e+08 | Q30: 2895930.3 | R30: 2.85166e+08 | S30: 3954117.3 | V30: =B30+D30+F30+H30+J30+L30+N30+P30+R30+T30 -> 1.3303903e+09 | W30: =C30+E30+G30+I30+K30+M30+O30+Q30+S30+U30 -> 13702409 | X30: =(W30-W29)/W29*100 -> 3.945062
A31: =A13 -> 2005 | B31: 37402392 | C31: 631656.67 | D31: 1.0599188e+08 | E31: 47697.735 | F31: 2.5910094e+08 | G31: 2041788.6 | H31: 33010193 | I31: 438399.75 | J31: 38558200 | K31: 351551.27 | L31: 1.9501216e+08 | M31: 1841436.5 | N31: 1.3947227e+08 | O31: 1793840.9 | P31: 2.9550364e+08 | Q31: 3099676.7 | R31: 2.9701544e+08 | S31: 4172360.7 | V31: =B31+D31+F31+H31+J31+L31+N31+P31+R31+T31 -> 1.4010671e+09 | W31: =C31+E31+G31+I31+K31+M31+O31+Q31+S31+U31 -> 14418409 | X31: =(W31-W30)/W30*100 -> 5.225361
A32: =A14 -> 2006 | B32: 35359000 | C32: 641034.44 | D32: 1.0536426e+08 | E32: 47525.853 | F32: 2.757824e+08 | G32: 2123298.7 | H32: 34139000 | I32: 446719.78 | J32: 42582000 | K32: 371100.7 | L32: 2.06636e+08 | M32: 1928233 | N32: 1.46607e+08 | O32: 1860064.9 | P32: 3.24002e+08 | Q32: 3437189.3 | R32: 3.0802e+08 | S32: 4308243 | V32: =B32+D32+F32+H32+J32+L32+N32+P32+R32+T32 -> 1.4784917e+09 | W32: =C32+E32+G32+I32+K32+M32+O32+Q32+S32+U32 -> 15163410 | X32: =(W32-W31)/W31*100 -> 5.1670118
A33: =A15 -> 2007 | B33: 36301000 | C33: 666020.81 | D33: 1.0533568e+08 | E33: 48859.471 | F33: 2.90246e+08 | G33: 2181409 | H33: 35294000 | I33: 460186.61 | J33: 48971000 | K33: 414044.58 | L33: 2.17607e+08 | M33: 1989065.9 | N33: 1.56289e+08 | O33: 1947125.1 | P33: 3.49501e+08 | Q33: 3604568.5 | R33: 3.21865e+08 | S33: 4544607 | V33: =B33+D33+F33+H33+J33+L33+N33+P33+R33+T33 -> 1.5614097e+09 | W33: =C33+E33+G33+I33+K33+M33+O33+Q33+S33+U33 -> 15855887 | X33: =(W33-W32)/W32*100 -> 4.566765
A34: =A16 -> 2008 | B34: 42154000 | C34: 743850.3 | D34: 99397870 | E34: 43285.267 | F34: 2.979e+08 | G34: 2198315.1 | H34: 34198000 | I34: 424238.85 | J34: 53644000 | K34: 444364.89 | L34: 2.19359e+08 | M34: 1958896.3 | N34: 1.61672e+08 | O34: 1989931.2 | P34: 3.7509e+08 | Q34: 3756036.1 | R34: 3.3576e+08 | S34: 4736994.5 | V34: =B34+D34+F34+H34+J34+L34+N34+P34+R34+T34 -> 1.6191749e+09 | W34: =C34+E34+G34+I34+K34+M34+O34+Q34+S34+U34 -> 16295912 | X34: =(W34-W33)/W33*100 -> 2.775155
... A36: =A18 -> 2010 | B36: 41246962 | C36: 738456.04 | D36: 1.0065926e+08 | E36: 47772.886 | F36: 2.8018998e+08 | G36: 2026485.9 | H36: 34310972 | I36: 428111.93 | J36: 58523000 | K36: 463680.25 | L36: 2.1856982e+08 | M36: 1975113.3 | N36: 1.6746229e+08 | O36: 2076798.7 | P36: 3.8549086e+08 | Q36: 3942012.9 | R36: 3.5291788e+08 | S36: 4990353.7 | V36: =B36+D36+F36+H36+J36+L36+N36+P36+R36+T36 -> 1.639371e+09 | W36: =C36+E36+G36+I36+K36+M36+O36+Q36+S36+U36 -> 16688786 | X36: =(W36-W35)/W35*100 -> 2.171093
A39: Location Quotients | C39: Agriculture, forestry and fishing | D39: Mining and quarrying | E39: Manufacturing | F39: Electricity, gas and water | G39: Construction | H39: Wholesale & retail trade; hotels & restaurants | I39: Transport , storage and communication | J39: Finance, real estate and business services | K39: Personal and General Government Services | L39: Actual vs Necessary Employment | M39: Agriculture, forestry and fishing | N39: Mining and quarrying | O39: Manufacturing | P39: Electricity, gas and water | Q39: Construction | R39: Wholesale & retail trade; hotels & restaurants | S39: Transport , storage and communication | T39: Finance, real estate and business services | U39: Personal and General Government Services
A40: =A22 -> 1996 | C40: =(C4/$W4)/(B4/$V4) -> 0.31787418 | D40: =(E4/$W4)/(D4/$V4) -> 0.034243247 | E40: =(G4/$W4)/(F4/$V4) -> 1.2515129 | F40: =(I4/$W4)/(H4/$V4) -> 1.4780998 | G40: =(K4/$W4)/(J4/$V4) -> 0.74237801 | H40: =(M4/$W4)/(L4/$V4) -> 0.79980558 | I40: =(O4/$W4)/(N4/$V4) -> 0.99215153 | J40: =(Q4/$W4)/(P4/$V4) -> 1.184961 | K40: =(S4/$W4)/(R4/$V4) -> 1.3595549 | L40: =A40 -> 1996 | M40: =(1-1/C40)*C4 -> -6681.0024 | N40: =(1-1/D40)*E4 -> -6056.6723 | O40: =(1-1/E40)*G4 -> 4042.8109 | P40: =(1-1/F40)*I4 -> 405.73462 | Q40: =(1-1/G40)*K4 -> -982.78905 | R40: =(1-1/H40)*M4 -> -2398.2887 | S40: =(1-1/I40)*O4 -> -41.513611 | T40: =(1-1/J40)*Q4 -> 1455.0225 | U40: =(1-1/K40)*S4 -> 6259.9021 | V40: =AVERAGE(M40:U40) -> -444.08843
A41: =A23 -> 1997 | C41: =(C5/$W5)/(B5/$V5) -> 0.31910145 | D41: =(E5/$W5)/(D5/$V5) -> 0.034772863 | E41: =(G5/$W5)/(F5/$V5) -> 1.2351344 | F41: =(I5/$W5)/(H5/$V5) -> 1.4821376 | G41: =(K5/$W5)/(J5/$V5) -> 0.73435846 | H41: =(M5/$W5)/(L5/$V5) -> 0.79259645 | I41: =(O5/$W5)/(N5/$V5) -> 0.9863113 | J41: =(Q5/$W5)/(P5/$V5) -> 1.1774789 | K41: =(S5/$W5)/(R5/$V5) -> 1.3648935 | L41: =A41 -> 1997 | M41: =(1-1/C41)*C5 -> -6591.3867 | N41: =(1-1/D41)*E5 -> -5850.6143 | O41: =(1-1/E41)*G5 -> 3603.9656 | P41: =(1-1/F41)*I5 -> 409.51866 | Q41: =(1-1/G41)*K5 -> -1043.0024 | R41: =(1-1/H41)*M5 -> -2550.5309 | S41: =(1-1/I41)*O5 -> -73.152924 | T41: =(1-1/J41)*Q5 -> 1457.0579 | U41: =(1-1/K41)*S5 -> 6743.2181 | V41: =AVERAGE(M41:U41) -> -432.76965
A42: =A24 -> 1998 | C42: =(C6/$W6)/(B6/$V6) -> 0.31672107 | D42: =(E6/$W6)/(D6/$V6) -> 0.034707483 | E42: =(G6/$W6)/(F6/$V6) -> 1.2119014 | F42: =(I6/$W6)/(H6/$V6) -> 1.4504239 | G42: =(K6/$W6)/(J6/$V6) -> 0.72369764 | H42: =(M6/$W6)/(L6/$V6) -> 0.78072848 | I42: =(O6/$W6)/(N6/$V6) -> 0.97922968 | J42: =(Q6/$W6)/(P6/$V6) -> 1.1537762 | K42: =(S6/$W6)/(R6/$V6) -> 1.3583022 | L42: =A42 -> 1998 | M42: =(1-1/C42)*C6 -> -6436.396 | N42: =(1-1/D42)*E6 -> -4880.5848 | O42: =(1-1/E42)*G6 -> 3106.6026 | P42: =(1-1/F42)*I6 -> 368.22775 | Q42: =(1-1/G42)*K6 -> -1009.5079 | R42: =(1-1/H42)*M6 -> -2830.9042 | S42: =(1-1/I42)*O6 -> -103.94691 | T42: =(1-1/J42)*Q6 -> 1290.9635 | U42: =(1-1/K42)*S6 -> 6891.2764 | V42: =AVERAGE(M42:U42) -> -400.47439
A43: =A25 -> 1999 | C43: =(C7/$W7)/(B7/$V7) -> 0.3181144 | D43: =(E7/$W7)/(D7/$V7) -> 0.027957277 | E43: =(G7/$W7)/(F7/$V7) -> 1.2147965 | F43: =(I7/$W7)/(H7/$V7) -> 1.4455781 | G43: =(K7/$W7)/(J7/$V7) -> 0.71314414 | H43: =(M7/$W7)/(L7/$V7) -> 0.76956275 | I43: =(O7/$W7)/(N7/$V7) -> 0.96813093 | J43: =(Q7/$W7)/(P7/$V7) -> 1.1321494 | K43: =(S7/$W7)/(R7/$V7) -> 1.3680258 | L43: =A43 -> 1999 | M43: =(1-1/C43)*C7 -> -6274.2869 | N43: =(1-1/D43)*E7 -> -4503.2659 | O43: =(1-1/E43)*G7 -> 3001.1953 | P43: =(1-1/F43)*I7 -> 352.48986 | Q43: =(1-1/G43)*K7 -> -1011.5574 | R43: =(1-1/H43)*M7 -> -3200.6176 | S43: =(1-1/I43)*O7 -> -156.60101 | T43: =(1-1/J43)*Q7 -> 1140.1101 | U43: =(1-1/K43)*S7 -> 7179.4596 | V43: =AVERAGE(M43:U43) -> -385.8971
A44: =A26 -> 2000 | C44: =(C8/$W8)/(B8/$V8) -> 0.33327321 | D44: =(E8/$W8)/(D8/$V8) -> 0.022926621 | E44: =(G8/$W8)/(F8/$V8) -> 1.1518822 | F44: =(I8/$W8)/(H8/$V8) -> 1.5110196 | G44: =(K8/$W8)/(J8/$V8) -> 0.67012181 | H44: =(M8/$W8)/(L8/$V8) -> 0.72132105 | I44: =(O8/$W8)/(N8/$V8) -> 0.90285643 | J44: =(Q8/$W8)/(P8/$V8) -> 1.0694624 | K44: =(S8/$W8)/(R8/$V8) -> 1.4381502 | L44: =A44 -> 2000 | M44: =(1-1/C44)*C8 -> -5707.8654 | N44: =(1-1/D44)*E8 -> -4078.5703 | O44: =(1-1/E44)*G8 -> 1967.2794 | P44: =(1-1/F44)*I8 -> 380.45757 | Q44: =(1-1/G44)*K8 -> -1156.4918 | R44: =(1-1/H44)*M8 -> -3621.5027 | S44: =(1-1/I44)*O8 -> -443.62293 | T44: =(1-1/J44)*Q8 -> 591.58754 | U44: =(1-1/K44)*S8 -> 8287.9526 | V44: =AVERAGE(M44:U44) -> -420.08624
A45: =A27 -> 2001 | C45: =(C9/$W9)/(B9/$V9) -> 0.33391682 | D45: =(E9/$W9)/(D9/$V9) -> 0.031326751 | E45: =(G9/$W9)/(F9/$V9) -> 1.1511894 | F45: =(I9/$W9)/(H9/$V9) -> 1.5342312 | G45: =(K9/$W9)/(J9/$V9) -> 0.67461182 | H45: =(M9/$W9)/(L9/$V9) -> 0.7245142 | I45: =(O9/$W9)/(N9/$V9) -> 0.90209523 | J45: =(Q9/$W9)/(P9/$V9) -> 1.0623262 | K45: =(S9/$W9)/(R9/$V9) -> 1.4505101 | L45: =A45 -> 2001 | M45: =(1-1/C45)*C9 -> -5873.926 | N45: =(1-1/D45)*E9 -> -3790.8981 | O45: =(1-1/E45)*G9 -> 1837.1088 | P45: =(1-1/F45)*I9 -> 382.04837 | Q45: =(1-1/G45)*K9 -> -1054.2955 | R45: =(1-1/H45)*M9 -> -3498.4622 | S45: =(1-1/I45)*O9 -> -414.92703 | T45: =(1-1/J45)*Q9 -> 558.47296 | U45: =(1-1/K45)*S9 -> 8148.1378 | V45: =AVERAGE(M45:U45) -> -411.8601
A46: =A28 -> 2002 | C46: =(C10/$W10)/(B10/$V10) -> 0.33286201 | D46: =(E10/$W10)/(D10/$V10) -> 0.027692564 | E46: =(G10/$W10)/(F10/$V10) -> 1.1541856 | F46: =(I10/$W10)/(H10/$V10) -> 1.5707321 | G46: =(K10/$W10)/(J10/$V10) -> 0.67506699 | H46: =(M10/$W10)/(L10/$V10) -> 0.72595134 | I46: =(O10/$W10)/(N10/$V10) -> 0.90199299 | J46: =(Q10/$W10)/(P10/$V10) -> 1.0574115 | K46: =(S10/$W10)/(R10/$V10) -> 1.4451286 | L46: =A46 -> 2002 | M46: =(1-1/C46)*C10 -> -5846.3442 | N46: =(1-1/D46)*E10 -> -3796.394 | O46: =(1-1/E46)*G10 -> 1838.16 | P46: =(1-1/F46)*I10 -> 401.60795 | Q46: =(1-1/G46)*K10 -> -1025.0788 | R46: =(1-1/H46)*M10 -> -3395.745 | S46: =(1-1/I46)*O10 -> -410.78404 | T46: =(1-1/J46)*Q10 -> 543.7359 | U46: =(1-1/K46)*S10 -> 8121.5208 | V46: =AVERAGE(M46:U46) -> -396.59127
A47: =A29 -> 2003 | C47: =(C11/$W11)/(B11/$V11) -> 0.33406426 | D47: =(E11/$W11)/(D11/$V11) -> 0.026123836 | E47: =(G11/$W11)/(F11/$V11) -> 1.1633545 | F47: =(I11/$W11)/(H11/$V11) -> 1.5389471 | G47: =(K11/$W11)/(J11/$V11) -> 0.67380134 | H47: =(M11/$W11)/(L11/$V11) -> 0.7261368 | I47: =(O11/$W11)/(N11/$V11) -> 0.89989171 | J47: =(Q11/$W11)/(P11/$V11) -> 1.0531392 | K47: =(S11/$W11)/(R11/$V11) -> 1.4359598 | L47: =A47 -> 2003 | M47: =(1-1/C47)*C11 -> -5435.1818 | N47: =(1-1/D47)*E11 -> -3809.0979 | O47: =(1-1/E47)*G11 -> 1825.3064 | P47: =(1-1/F47)*I11 -> 349.21274 | Q47: =(1-1/G47)*K11 -> -1100.7429 | R47: =(1-1/H47)*M11 -> -3496.9501 | S47: =(1-1/I47)*O11 -> -383.79178 | T47: =(1-1/J47)*Q11 -> 492.51389 | U47: =(1-1/K47)*S11 -> 8058.257 | V47: =AVERAGE(M47:U47) -> -388.94161
A48: =A30 -> 2004 | C48: =(C12/$W12)/(B12/$V12) -> 0.32577864 | D48: =(E12/$W12)/(D12/$V12) -> 0.029984182 | E48: =(G12/$W12)/(F12/$V12) -> 1.1429108 | F48: =(I12/$W12)/(H12/$V12) -> 1.5200527 | G48: =(K12/$W12)/(J12/$V12) -> 0.67269114 | H48: =(M12/$W12)/(L12/$V12) -> 0.72747114 | I48: =(O12/$W12)/(N12/$V12) -> 0.89840051 | J48: =(Q12/$W12)/(P12/$V12) -> 1.0508007 | K48: =(S12/$W12)/(R12/$V12) -> 1.4567059 | L48: =A48 -> 2004 | M48: =(1-1/C48)*C12 -> -4874.8463 | N48: =(1-1/D48)*E12 -> -3876.7684 | O48: =(1-1/E48)*G12 -> 1623.8123 | P48: =(1-1/F48)*I12 -> 330.71921 | Q48: =(1-1/G48)*K12 -> -1281.7175 | R48: =(1-1/H48)*M12 -> -3567.0692 | S48: =(1-1/I48)*O12 -> -390.99397 | T48: =(1-1/J48)*Q12 -> 494.97878 | U48: =(1-1/K48)*S12 -> 8212.1118 | V48: =AVERAGE(M48:U48) -> -369.97481
A49: =A31 -> 2005 | C49: =(C13/$W13)/(B13/$V13) -> 0.32548285 | D49: =(E13/$W13)/(D13/$V13) -> 0.029262484 | E49: =(G13/$W13)/(F13/$V13) -> 1.1197662 | F49: =(I13/$W13)/(H13/$V13) -> 1.5117541 | G49: =(K13/$W13)/(J13/$V13) -> 0.66969775 | H49: =(M13/$W13)/(L13/$V13) -> 0.72604417 | I49: =(O13/$W13)/(N13/$V13) -> 0.89604651 | J49: =(Q13/$W13)/(P13/$V13) -> 1.0453846 | K49: =(S13/$W13)/(R13/$V13) -> 1.4787344 | L49: =A49 -> 2005 | M49: =(1-1/C49)*C13 -> -4443.2254 | N49: =(1-1/D49)*E13 -> -3655.2863 | O49: =(1-1/E49)*G13 -> 1337.4229 | P49: =(1-1/F49)*I13 -> 322.29265 | Q49: =(1-1/G49)*K13 -> -1477.5651 | R49: =(1-1/H49)*M13 -> -3825.9298 | S49: =(1-1/I49)*O13 -> -397.68241 | T49: =(1-1/J49)*Q13 -> 465.74814 | U49: =(1-1/K49)*S13 -> 8266.2215 | V49: =AVERAGE(M49:U49) -> -378.66709
A50: =A32 -> 2006 | C50: =(C14/$W14)/(B14/$V14) -> 0.32694261 | D50: =(E14/$W14)/(D14/$V14) -> 0.035509509 | E50: =(G14/$W14)/(F14/$V14) -> 1.1018966 | F50: =(I14/$W14)/(H14/$V14) -> 1.4861846 | G50: =(K14/$W14)/(J14/$V14) -> 0.66087076 | H50: =(M14/$W14)/(L14/$V14) -> 0.71862735 | I50: =(O14/$W14)/(N14/$V14) -> 0.88731913 | J50: =(Q14/$W14)/(P14/$V14) -> 1.0333284 | K50: =(S14/$W14)/(R14/$V14) -> 1.5057843 | L50: =A50 -> 2006 | M50: =(1-1/C50)*C14 -> -4235.039 | N50: =(1-1/D50)*E14 -> -3667.273 | O50: =(1-1/E50)*G14 -> 1158.5338 | P50: =(1-1/F50)*I14 -> 303.69082 | Q50: =(1-1/G50)*K14 -> -1499.2813 | R50: =(1-1/H50)*M14 -> -4199.5632 | S50: =(1-1/I50)*O14 -> -415.19934 | T50: =(1-1/J50)*Q14 -> 360.42857 | U50: =(1-1/K50)*S14 -> 8661.6794 | V50: =AVERAGE(M50:U50) -> -392.44703
A51: =A33 -> 2007 | C51: =(C15/$W15)/(B15/$V15) -> 0.33020456 | D51: =(E15/$W15)/(D15/$V15) -> 0.034052772 | E51: =(G15/$W15)/(F15/$V15) -> 1.0693264 | F51: =(I15/$W15)/(H15/$V15) -> 1.4896897 | G51: =(K15/$W15)/(J15/$V15) -> 0.65363746 | H51: =(M15/$W15)/(L15/$V15) -> 0.71249933 | I51: =(O15/$W15)/(N15/$V15) -> 0.88009657 | J51: =(Q15/$W15)/(P15/$V15) -> 1.0225537 | K51: =(S15/$W15)/(R15/$V15) -> 1.5228268 | L51: =A51 -> 2007 | M51: =(1-1/C51)*C15 -> -4494.636 | N51: =(1-1/D51)*E15 -> -3919.6148 | O51: =(1-1/E51)*G15 -> 793.77882 | P51: =(1-1/F51)*I15 -> 311.13465 | Q51: =(1-1/G51)*K15 -> -1556.6046 | R51: =(1-1/H51)*M15 -> -4353.1729 | S51: =(1-1/I51)*O15 -> -437.47715 | T51: =(1-1/J51)*Q15 -> 263.26534 | U51: =(1-1/K51)*S15 -> 9311.547 | V51: =AVERAGE(M51:U51) -> -453.53105
... A54: =A36 -> 2010 | C54: =(C18/$W18)/(B18/$V18) -> 0.30950407 | D54: =(E18/$W18)/(D18/$V18) -> 0.03464389 | E54: =(G18/$W18)/(F18/$V18) -> 1.0628846 | F54: =(I18/$W18)/(H18/$V18) -> 1.4465045 | G54: =(K18/$W18)/(J18/$V18) -> 0.63169773 | H54: =(M18/$W18)/(L18/$V18) -> 0.68671479 | I54: =(O18/$W18)/(N18/$V18) -> 0.84777696 | J54: =(Q18/$W18)/(P18/$V18) -> 0.98466784 | K54: =(S18/$W18)/(R18/$V18) -> 1.5193375 | L54: =A54 -> 2010 | M54: =(1-1/C54)*C18 -> -4375.0214 | N54: =(1-1/D54)*E18 -> -4340.1637 | O54: =(1-1/E54)*G18 -> 792.98124 | P54: =(1-1/F54)*I18 -> 264.44698 | Q54: =(1-1/G54)*K18 -> -1835.0989 | R54: =(1-1/H54)*M18 -> -4912.4139 | S54: =(1-1/I54)*O18 -> -679.98214 | T54: =(1-1/J54)*Q18 -> -213.01006 | U54: =(1-1/K54)*S18 -> 10898.591 | V54: =AVERAGE(M54:U54) -> -488.85228
A57: Economic Structure | C57: Agriculture, forestry and fishing | D57: Mining and quarrying | E57: Manufacturing | F57: Electricity, gas and water | G57: Construction | H57: Wholesale & retail trade; hotels & restaurants | I57: Transport , storage and communication | J57: Finance, real estate and business services | K57: Personal and General Government Services | L57: Average
A58: =A40 -> 1996 | C58: =C22/$W22*100 -> 5.0190798 | D58: =E22/$W22*100 -> 0.93902598 | E58: =G22/$W22*100 -> 15.872655 | F58: =I22/$W22*100 -> 3.5876665 | G58: =K22/$W22*100 -> 2.7480311 | H58: =M22/$W22*100 -> 11.856464 | I58: =O22/$W22*100 -> 10.284603 | J58: =Q22/$W22*100 -> 18.711227 | K58: =S22/$W22*100 -> 30.981247 | L58: =AVERAGE(C58:K58) -> 11.111111
A59: =A41 -> 1997 | C59: =C23/$W23*100 -> 4.9341737 | D59: =E23/$W23*100 -> 1.0575406 | E59: =G23/$W23*100 -> 15.914797 | F59: =I23/$W23*100 -> 3.6812573 | G59: =K23/$W23*100 -> 2.8434544 | H59: =M23/$W23*100 -> 11.683948 | I59: =O23/$W23*100 -> 10.710266 | J59: =Q23/$W23*100 -> 19.198793 | K59: =S23/$W23*100 -> 29.97577 | L59: =AVERAGE(C59:K59) -> 11.111111
A60: =A42 -> 1998 | C60: =C24/$W24*100 -> 4.952611 | D60: =E24/$W24*100 -> 0.9365376 | E60: =G24/$W24*100 -> 15.445611 | F60: =I24/$W24*100 -> 3.3902438 | G60: =K24/$W24*100 -> 2.485216 | H60: =M24/$W24*100 -> 11.649721 | I60: =O24/$W24*100 -> 11.117659 | J60: =Q24/$W24*100 -> 19.590506 | K60: =S24/$W24*100 -> 30.431895 | L60: =AVERAGE(C60:K60) -> 11.111111
A61: =A43 -> 1999 | C61: =C25/$W25*100 -> 4.7490867 | D61: =E25/$W25*100 -> 0.57941743 | E61: =G25/$W25*100 -> 15.331019 | F61: =I25/$W25*100 -> 3.3501463 | G61: =K25/$W25*100 -> 2.3045685 | H61: =M25/$W25*100 -> 12.333425 | I61: =O25/$W25*100 -> 11.392476 | J61: =Q25/$W25*100 -> 20.211049 | K61: =S25/$W25*100 -> 29.748813 | L61: =AVERAGE(C61:K61) -> 11.111111
A62: =A44 -> 2000 | C62: =C26/$W26*100 -> 5.0289713 | D62: =E26/$W26*100 -> 0.48611041 | E62: =G26/$W26*100 -> 15.138286 | F62: =I26/$W26*100 -> 3.395612 | G62: =K26/$W26*100 -> 2.19967 | H62: =M26/$W26*100 -> 12.271717 | I62: =O26/$W26*100 -> 11.218046 | J62: =Q26/$W26*100 -> 19.546766 | K62: =S26/$W26*100 -> 30.71482 | L62: =AVERAGE(C62:K62) -> 11.111111
A63: =A45 -> 2001 | C63: =C27/$W27*100 -> 4.9023063 | D63: =E27/$W27*100 -> 0.57636031 | E63: =G27/$W27*100 -> 14.789137 | F63: =I27/$W27*100 -> 3.2725091 | G63: =K27/$W27*100 -> 2.8141301 | H63: =M27/$W27*100 -> 12.623395 | I63: =O27/$W27*100 -> 11.276475 | J63: =Q27/$W27*100 -> 19.545482 | K63: =S27/$W27*100 -> 30.200206 | L63: =AVERAGE(C63:K63) -> 11.111111
A64: =A46 -> 2002 | C64: =C28/$W28*100 -> 4.8951923 | D64: =E28/$W28*100 -> 0.42879664 | E64: =G28/$W28*100 -> 14.751567 | F64: =I28/$W28*100 -> 3.4821434 | G64: =K28/$W28*100 -> 2.1572479 | H64: =M28/$W28*100 -> 12.587972 | I64: =O28/$W28*100 -> 12.154253 | J64: =Q28/$W28*100 -> 19.801348 | K64: =S28/$W28*100 -> 29.741479 | L64: =AVERAGE(C64:K64) -> 11.111111
A65: =A47 -> 2003 | C65: =C29/$W29*100 -> 4.9392105 | D65: =E29/$W29*100 -> 0.389015 | E65: =G29/$W29*100 -> 14.170967 | F65: =I29/$W29*100 -> 2.9748294 | G65: =K29/$W29*100 -> 2.1821662 | H65: =M29/$W29*100 -> 12.600641 | I65: =O29/$W29*100 -> 12.526137 | J65: =Q29/$W29*100 -> 20.647825 | K65: =S29/$W29*100 -> 29.569209 | L65: =AVERAGE(C65:K65) -> 11.111111
A66: =A48 -> 2004 | C66: =C30/$W30*100 -> 4.7972983 | D66: =E30/$W30*100 -> 0.37495558 | E66: =G30/$W30*100 -> 14.246903 | F66: =I30/$W30*100 -> 3.0441682 | G66: =K30/$W30*100 -> 2.2903398 | H66: =M30/$W30*100 -> 12.767614 | I66: =O30/$W30*100 -> 12.487163 | J66: =Q30/$W30*100 -> 21.134461 | K66: =S30/$W30*100 -> 28.857097 | L66: =AVERAGE(C66:K66) -> 11.111111
A67: =A49 -> 2005 | C67: =C31/$W31*100 -> 4.3809041 | D67: =E31/$W31*100 -> 0.33081137 | E67: =G31/$W31*100 -> 14.160984 | F67: =I31/$W31*100 -> 3.0405557 | G67: =K31/$W31*100 -> 2.4382113 | H67: =M31/$W31*100 -> 12.771427 | I67: =O31/$W31*100 -> 12.441324 | J67: =Q31/$W31*100 -> 21.49805 | K67: =S31/$W31*100 -> 28.937733 | L67: =AVERAGE(C67:K67) -> 11.111111
A68: =A50 -> 2006 | C68: =C32/$W32*100 -> 4.2275085 | D68: =E32/$W32*100 -> 0.31342458 | E68: =G32/$W32*100 -> 14.002779 | F68: =I32/$W32*100 -> 2.9460377 | G68: =K32/$W32*100 -> 2.4473433 | H68: =M32/$W32*100 -> 12.716355 | I68: =O32/$W32*100 -> 12.266798 | J68: =Q32/$W32*100 -> 22.667654 | K68: =S32/$W32*100 -> 28.412099 | L68: =AVERAGE(C68:K68) -> 11.111111
A69: =A51 -> 2007 | C69: =C33/$W33*100 -> 4.2004639 | D69: =E33/$W33*100 -> 0.30814719 | E69: =G33/$W33*100 -> 13.757723 | F69: =I33/$W33*100 -> 2.9023076 | G69: =K33/$W33*100 -> 2.6112987 | H69: =M33/$W33*100 -> 12.544652 | I69: =O33/$W33*100 -> 12.28014 | J69: =Q33/$W33*100 -> 22.733314 | K69: =S33/$W33*100 -> 28.661953 | L69: =AVERAGE(C69:K69) -> 11.111111
... A72: =A54 -> 2010 | C72: =C36/$W36*100 -> 4.4248639 | D72: =E36/$W36*100 -> 0.28625741 | E72: =G36/$W36*100 -> 12.1428 | F72: =I36/$W36*100 -> 2.5652671 | G72: =K36/$W36*100 -> 2.7783942 | H72: =M36/$W36*100 -> 11.834973 | I72: =O36/$W36*100 -> 12.444277 | J72: =Q36/$W36*100 -> 23.62073 | K72: =S36/$W36*100 -> 29.902438 | L72: =AVERAGE(C72:K72) -> 11.111111
A74: Average | C74: =AVERAGE(C58:C72) -> 4.6997789 | D74: =AVERAGE(D58:D72) -> 0.50396764 | E74: =AVERAGE(E58:E72) -> 14.350058 | F74: =AVERAGE(F58:F72) -> 3.1230428 | G74: =AVERAGE(G58:G72) -> 2.5232892 | H74: =AVERAGE(H58:H72) -> 12.273602 | I74: =AVERAGE(I58:I72) -> 11.812178 | J74: =AVERAGE(J58:J72) -> 21.048338 | K74: =AVERAGE(K58:K72) -> 29.665747
A75: Deviation | C75: =C72-C58 -> -0.59421594 | D75: =D72-D58 -> -0.65276857 | E75: =E72-E58 -> -3.7298549 | F75: =F72-F58 -> -1.0223994 | G75: =G72-G58 -> 0.030363123 | H75: =H72-H58 -> -0.021491289 | I75: =I72-I58 -> 2.1596741 | J75: =J72-J58 -> 4.9095024 | K75: =K72-K58 -> -1.0788095
A76: Std Dev | C76: =STDEV(C58:C72) -> 0.29199734 | D76: =STDEV(D58:D72) -> 0.26528961 | E76: =STDEV(E58:E72) -> 1.1778495 | F76: =STDEV(F58:F72) -> 0.36213229 | G76: =STDEV(G58:G72) -> 0.2553683 | H76: =STDEV(H58:H72) -> 0.41811904 | I76: =STDEV(I58:I72) -> 0.73785445 | J76: =STDEV(J58:J72) -> 1.724406 | K76: =STDEV(K58:K72) -> 0.75646067
C80: 1996 | D80: 1999 | E80: 2003 | F80: 2006 | G80: 2008 | H80: =A72 -> 2010 | I80: Average | J80: Deviation | K80: Std Dev
B81: Agriculture, forestry and fishing | C81: {=TRANSPOSE(C58:K58)} -> 5.0190798 | D81: {=TRANSPOSE(C61:K61)} -> 4.7490867 | E81: {=TRANSPOSE(C65:K65)} -> 4.9392105 | F81: {=TRANSPOSE(C68:K68)} -> 4.2275085 | G81: {=TRANSPOSE(C70:K70)} -> 4.5646434 | H81: {=TRANSPOSE(C72:K72)} -> 4.4248639 | I81: =AVERAGE(C81:H81) -> 4.6540655 | J81: =H81-C81 -> -0.59421594 | K81: =STDEV(C81:H81) -> 0.305304
B82: Mining and quarrying | C82: 0.93902598 | D82: 0.57941743 | E82: 0.389015 | F82: 0.31342458 | G82: 0.26562039 | H82: 0.28625741 | I82: =AVERAGE(C82:H82) -> 0.4621268 | J82: =H82-C82 -> -0.65276857 | K82: =STDEV(C82:H82) -> 0.260074
B83: Manufacturing | C83: 15.872655 | D83: 15.331019 | E83: 14.170967 | F83: 14.002779 | G83: 13.489978 | H83: 12.1428 | I83: =AVERAGE(C83:H83) -> 14.168366 | J83: =H83-C83 -> -3.7298549 | K83: =STDEV(C83:H83) -> 1.3301815
B84: Electricity, gas and water | C84: 3.5876665 | D84: 3.3501463 | E84: 2.9748294 | F84: 2.9460377 | G84: 2.6033451 | H84: 2.5652671 | I84: =AVERAGE(C84:H84) -> 3.0045487 | J84: =H84-C84 -> -1.0223994 | K84: =STDEV(C84:H84) -> 0.40440165
B85: Construction | C85: 2.7480311 | D85: 2.3045685 | E85: 2.1821662 | F85: 2.4473433 | G85: 2.7268488 | H85: 2.7783942 | I85: =AVERAGE(C85:H85) -> 2.5312254 | J85: =H85-C85 -> 0.030363123 | K85: =STDEV(C85:H85) -> 0.25558462
B86: Wholesale & retail trade; hotels & restaurants | C86: 11.856464 | D86: 12.333425 | E86: 12.600641 | F86: 12.716355 | G86: 12.020783 | H86: 11.834973 | I86: =AVERAGE(C86:H86) -> 12.227107 | J86: =H86-C86 -> -0.021491289 | K86: =STDEV(C86:H86) -> 0.38050205
B87: Transport , storage and communication | C87: 10.284603 | D87: 11.392476 | E87: 12.526137 | F87: 12.266798 | G87: 12.211229 | H87: 12.444277 | I87: =AVERAGE(C87:H87) -> 11.854253 | J87: =H87-C87 -> 2.1596741 | K87: =STDEV(C87:H87) -> 0.86881786
B88: Finance, real estate and business services | C88: 18.711227 | D88: 20.211049 | E88: 20.647825 | F88: 22.667654 | G88: 23.048946 | H88: 23.62073 | I88: =AVERAGE(C88:H88) -> 21.484572 | J88: =H88-C88 -> 4.9095024 | K88: =STDEV(C88:H88) -> 1.9195607
B89: Personal and General Government Services | C89: 30.981247 | D89: 29.748813 | E89: 29.569209 | F89: 28.412099 | G89: 29.068605 | H89: 29.902438 | I89: =AVERAGE(C89:H89) -> 29.613735 | J89: =H89-C89 -> -1.0788095 | K89: =STDEV(C89:H89) -> 0.86194691
A92: Diversity | C92: Agriculture, forestry and fishing | D92: Mining and quarrying | E92: Manufacturing | F92: Electricity, gas and water | G92: Construction | H92: Wholesale & retail trade; hotels & restaurants | I92: Transport , storage and communication | J92: Finance, real estate and business services | K92: Personal and General Government Services | L92: Average
A93: =A58 -> 1996 | C93: =C4/($W4-C4) -> 0.035607652 | D93: =E4/($W4-E4) -> 0.002377323 | E93: =G4/($W4-G4) -> 0.28561843 | F93: =I4/($W4-I4) -> 0.014047572 | G93: =K4/($W4-K4) -> 0.032286303 | H93: =M4/($W4-M4) -> 0.11833754 | I93: =O4/($W4-O4) -> 0.061521629 | J93: =Q4/($W4-Q4) -> 0.11476001 | K93: =S4/($W4-S4) -> 0.35392294 | L93: =AVERAGE(C93:K93) -> 0.11316438
A94: =A59 -> 1997 | C94: =C5/($W5-C5) -> 0.035063668 | D94: =E5/($W5-E5) -> 0.0023167785 | E94: =G5/($W5-G5) -> 0.26200293 | F94: =I5/($W5-I5) -> 0.013998962 | G94: =K5/($W5-K5) -> 0.03265268 | H94: =M5/($W5-M5) -> 0.11968185 | I94: =O5/($W5-O5) -> 0.061349179 | J94: =Q5/($W5-Q5) -> 0.11858183 | K94: =S5/($W5-S5) -> 0.38237912 | L94: =AVERAGE(C94:K94) -> 0.11422522
A95: =A60 -> 1998 | C95: =C6/($W6-C6) -> 0.034320762 | D95: =E6/($W6-E6) -> 0.00195553 | E95: =G6/($W6-G6) -> 0.24626986 | F95: =I6/($W6-I6) -> 0.013363971 | G95: =K6/($W6-K6) -> 0.030298806 | H95: =M6/($W6-M6) -> 0.12625865 | I95: =O6/($W6-O6) -> 0.057646567 | J95: =Q6/($W6-Q6) -> 0.12073383 | K95: =S6/($W6-S6) -> 0.40955026 | L95: =AVERAGE(C95:K95) -> 0.1155998
A96: =A61 -> 1999 | C96: =C7/($W7-C7) -> 0.033800744 | D96: =E7/($W7-E7) -> 0.0014488357 | E96: =G7/($W7-G7) -> 0.23394894 | F96: =I7/($W7-I7) -> 0.012939005 | G96: =K7/($W7-K7) -> 0.028902237 | H96: =M7/($W7-M7) -> 0.13558018 | I96: =O7/($W7-O7) -> 0.05612111 | J96: =Q7/($W7-Q7) -> 0.12246484 | K96: =S7/($W7-S7) -> 0.424703 | L96: =AVERAGE(C96:K96) -> 0.11665654
A97: =A62 -> 2000 | C97: =C8/($W8-C8) -> 0.034897506 | D97: =E8/($W8-E8) -> 0.0011323564 | E97: =G8/($W8-G8) -> 0.2140855 | F97: =I8/($W8-I8) -> 0.013474807 | G97: =K8/($W8-K8) -> 0.028558983 | H97: =M8/($W8-M8) -> 0.12458842 | I97: =O8/($W8-O8) -> 0.05122539 | J97: =Q8/($W8-Q8) -> 0.12063382 | K97: =S8/($W8-S8) -> 0.47386882 | L97: =AVERAGE(C97:K97) -> 0.11805173
A98: =A63 -> 2001 | C98: =C9/($W9-C9) -> 0.037247522 | D98: =E9/($W9-E9) -> 0.0014972924 | E98: =G9/($W9-G9) -> 0.20566686 | F98: =I9/($W9-I9) -> 0.013561467 | G98: =K9/($W9-K9) -> 0.027385756 | H98: =M9/($W9-M9) -> 0.12638266 | I98: =O9/($W9-O9) -> 0.048902615 | J98: =Q9/($W9-Q9) -> 0.13132715 | K98: =S9/($W9-S9) -> 0.47043093 | L98: =AVERAGE(C98:K98) -> 0.11804469
A99: =A64 -> 2002 | C99: =C10/($W10-C10) -> 0.037023594 | D99: =E10/($W10-E10) -> 0.0013251437 | E99: =G10/($W10-G10) -> 0.20251809 | F99: =I10/($W10-I10) -> 0.013713374 | G99: =K10/($W10-K10) -> 0.026763172 | H99: =M10/($W10-M10) -> 0.12371683 | I99: =O10/($W10-O10) -> 0.04851678 | J99: =Q10/($W10-Q10) -> 0.13969429 | K99: =S10/($W10-S10) -> 0.47647719 | L99: =AVERAGE(C99:K99) -> 0.11886094
A100: =A65 -> 2003 | C100: =C11/($W11-C11) -> 0.035044662 | D100: =E11/($W11-E11) -> 0.0012704505 | E100: =G11/($W11-G11) -> 0.19249759 | F100: =I11/($W11-I11) -> 0.012538051 | G100: =K11/($W11-K11) -> 0.029055298 | H100: =M11/($W11-M11) -> 0.13012194 | I100: =O11/($W11-O11) -> 0.044759284 | J100: =Q11/($W11-Q11) -> 0.13792888 | K100: =S11/($W11-S11) -> 0.49164805 | L100: =AVERAGE(C100:K100) -> 0.11942936
A101: =A66 -> 2004 | C101: =C12/($W12-C12) -> 0.03027215 | D101: =E12/($W12-E12) -> 0.0014970738 | E101: =G12/($W12-G12) -> 0.19330595 | F101: =I12/($W12-I12) -> 0.012205333 | G101: =K12/($W12-K12) -> 0.0339759 | H101: =M12/($W12-M12) -> 0.13478398 | I101: =O12/($W12-O12) -> 0.045071802 | J101: =Q12/($W12-Q12) -> 0.14641652 | K101: =S12/($W12-S12) -> 0.48530712 | L101: =AVERAGE(C101:K101) -> 0.12031509
A102: =A67 -> 2005 | C102: =C13/($W13-C13) -> 0.027528494 | D102: =E13/($W13-E13) -> 0.0013787461 | E102: =G13/($W13-G13) -> 0.18518359 | F102: =I13/($W13-I13) -> 0.012039904 | G102: =K13/($W13-K13) -> 0.038890065 | H102: =M13/($W13-M13) -> 0.14508112 | I102: =O13/($W13-O13) -> 0.044750251 | J102: =Q13/($W13-Q13) -> 0.15480412 | K102: =S13/($W13-S13) -> 0.46853493 | L102: =AVERAGE(C102:K102) -> 0.11979902
A103: =A68 -> 2006 | C103: =C14/($W14-C14) -> 0.026003229 | D103: =E14/($W14-E14) -> 0.0016661521 | E103: =G14/($W14-G14) -> 0.18251482 | F103: =I14/($W14-I14) -> 0.011569124 | G103: =K14/($W14-K14) -> 0.03733848 | H103: =M14/($W14-M14) -> 0.15225691 | I103: =O14/($W14-O14) -> 0.041970428 | J103: =Q14/($W14-Q14) -> 0.15965133 | K103: =S14/($W14-S14) -> 0.46560586 | L103: =AVERAGE(C103:K103) -> 0.11984182
A104: =A69 -> 2007 | C104: =C15/($W15-C15) -> 0.026929126 | D104: =E15/($W15-E15) -> 0.0016379461 | E104: =G15/($W15-G15) -> 0.16944886 | F104: =I15/($W15-I15) -> 0.011328222 | G104: =K15/($W15-K15) -> 0.036016146 | H104: =M15/($W15-M15) -> 0.14635866 | I104: =O15/($W15-O15) -> 0.039502634 | J104: =Q15/($W15-Q15) -> 0.16449204 | K104: =S15/($W15-S15) -> 0.47268329 | L104: =AVERAGE(C104:K104) -> 0.11871077
... A107: =A72 -> 2010 | C107: =C18/($W18-C18) -> 0.021268076 | D107: =E18/($W18-E18) -> 0.001656789 | E107: =G18/($W18-G18) -> 0.16595457 | F107: =I18/($W18-I18) -> 0.0091813134 | G107: =K18/($W18-K18) -> 0.034580537 | H107: =M18/($W18-M18) -> 0.12911365 | I107: =O18/($W18-O18) -> 0.041901386 | J107: =Q18/($W18-Q18) -> 0.16996635 | K107: =S18/($W18-S18) -> 0.51192839 | L107: =AVERAGE(C107:K107) -> 0.12061678
A109: Average | C109: =AVERAGE(C93:C107) -> 0.030790286 | D109: =AVERAGE(D93:D107) -> 0.0016404304 | E109: =AVERAGE(E93:E107) -> 0.20485282 | F109: =AVERAGE(F93:F107) -> 0.012268192 | G109: =AVERAGE(G93:G107) -> 0.032428796 | H109: =AVERAGE(H93:H107) -> 0.13187352 | I109: =AVERAGE(I93:I107) -> 0.048409466 | J109: =AVERAGE(J93:J107) -> 0.14250138 | K109: =AVERAGE(K93:K107) -> 0.45821529
A110: Deviation | C110: =C107-C93 -> -0.014339576 | D110: =D107-D93 -> -0.00072053401 | E110: =E107-E93 -> -0.11966386 | F110: =F107-F93 -> -0.0048662589 | G110: =G107-G93 -> 0.0022942334 | H110: =H107-H93 -> 0.010776116 | I110: =I107-I93 -> -0.019620243 | J110: =J107-J93 -> 0.055206342 | K110: =K107-K93 -> 0.15800546
A111: Std Dev | C111: =STDEV(C93:C107) -> 0.005553963 | D111: =STDEV(D93:D107) -> 0.00035446476 | E111: =STDEV(E93:E107) -> 0.037096408 | F111: =STDEV(F93:F107) -> 0.0015623397 | G111: =STDEV(G93:G107) -> 0.0037694744 | H111: =STDEV(H93:H107) -> 0.0099002368 | I111: =STDEV(I93:I107) -> 0.0075135893 | J111: =STDEV(J93:J107) -> 0.020474253 | K111: =STDEV(K93:K107) -> 0.045128996
A114: Gross Operating Surplus | B114: Agriculture | D114: Mining | F114: Manufacturing | H114: Electricity | J114: Construction | L114: Trade | N114: Transport | P114: Finance | R114: Community services | V114: Total
A115: (Current prices, R 1000) | B115: SA | C115: MA | D115: SA | E115: =C115 -> MA | F115: SA | G115: =E115 -> MA | H115: SA | I115: =G115 -> MA | J115: SA | K115: =I115 -> MA | L115: SA | M115: =K115 -> MA | N115: SA | O115: =M115 -> MA | P115: SA | Q115: =O115 -> MA | R115: SA | S115: =Q115 -> MA | V115: SA | W115: MA
A116: =A93 -> 1996 | B116: 16812880 | C116: 280533.6 | D116: 18798620 | E116: 13943.968 | F116: 54160040 | G116: 352465.31 | H116: 12503810 | I116: 119980.75 | J116: 6216861.6 | K116: 75580.378 | L116: 41045680 | M116: 419078.1 | N116: 26492460 | O116: 438422.74 | P116: 62446520 | Q116: 731109.3 | R116: 18876070 | S116: 224000.43 | V116: =B116+D116+F116+H116+J116+L116+N116+P116+R116+T116 -> 2.5735294e+08 | W116: =C116+E116+G116+I116+K116+M116+O116+Q116+S116+U116 -> 2655114.6
A117: =A94 -> 1997 | B117: 17735190 | C117: 301766.49 | D117: 18463560 | E117: 17156.989 | F117: 61071070 | G117: 408436.01 | H117: 13266030 | I117: 127629.19 | J117: 7544451 | K117: 93126.636 | L117: 43726380 | M117: 444019.51 | N117: 30338690 | O117: 494721.05 | P117: 73799080 | Q117: 847808.87 | R117: 21145675 | S117: 241255.96 | V117: =B117+D117+F117+H117+J117+L117+N117+P117+R117+T117 -> 2.8709013e+08 | W117: =C117+E117+G117+I117+K117+M117+O117+Q117+S117+U117 -> 2975920.7
A118: =A95 -> 1998 | B118: 17119700 | C118: 326329.65 | D118: 22383200 | E118: 19222.062 | F118: 58746996 | G118: 356417.29 | H118: 13736900 | I118: 138654.59 | J118: 7545400 | K118: 87508.404 | L118: 44879900 | M118: 452326.07 | N118: 33884100 | O118: 538048.23 | P118: 79841800 | Q118: 938414.68 | R118: 24194000 | S118: 283392.64 | V118: =B118+D118+F118+H118+J118+L118+N118+P118+R118+T118 -> 3.02332e+08 | W118: =C118+E118+G118+I118+K118+M118+O118+Q118+S118+U118 -> 3140313.6
A119: =A96 -> 1999 | B119: 17367400 | C119: 304666.18 | D119: 26153400 | E119: 18968.197 | F119: 61353000 | G119: 362644.16 | H119: 13440000 | I119: 127284.84 | J119: 7726900 | K119: 85805.333 | L119: 48733100 | M119: 485329.51 | N119: 38979300 | O119: 614738.52 | P119: 93114600 | Q119: 1078663.3 | R119: 27589000 | S119: 322889.31 | V119: =B119+D119+F119+H119+J119+L119+N119+P119+R119+T119 -> 334456700 | W119: =C119+E119+G119+I119+K119+M119+O119+Q119+S119+U119 -> 3400989.4
A120: =A97 -> 2000 | B120: 18042000 | C120: 341332.89 | D120: 35133200 | E120: 20730.656 | F120: 76113660 | G120: 427246.65 | H120: 14622000 | I120: 129071.38 | J120: 8317000 | K120: 82222.416 | L120: 61187350 | M120: 546370.94 | N120: 47245800 | O120: 667982.42 | P120: 1.029656e+08 | Q120: 1113836.5 | R120: 32289800 | S120: 386040.8 | V120: =B120+D120+F120+H120+J120+L120+N120+P120+R120+T120 -> 3.9591641e+08 | W120: =C120+E120+G120+I120+K120+M120+O120+Q120+S120+U120 -> 3714834.6
A121: =A98 -> 2001 | B121: 22610200 | C121: 411543.41 | D121: 45932200 | E121: 30816.507 | F121: 88179400 | G121: 478626.22 | H121: 14814900 | I121: 137152.68 | J121: 9360000 | K121: 115819.15 | L121: 68374000 | M121: 640330.75 | N121: 53276900 | O121: 755935.92 | P121: 115041000 | Q121: 1208268.5 | R121: 35631000 | S121: 427227.48 | V121: =B121+D121+F121+H121+J121+L121+N121+P121+R121+T121 -> 453219600 | W121: =C121+E121+G121+I121+K121+M121+O121+Q121+S121+U121 -> 4205720.6
...

Sheet RBay
A1: Richards Bay
A2: Number of formally employed people | B2: Agriculture | D2: Mining | F2: Manufacturing | H2: Electricity | J2: Construction | L2: Trade | N2: Transport | P2: Finance | R2: Community services | T2: Private Households | V2: Total | X2: Year-on-Year MA | Y2: Total-Private Households | AB2: Unemployment Rate | AC2: Number of Claims for Unemployment Benefits | AD2: ='[1]Data Input'!C1 -> Index of New Job Postings | AE2: ='[1]Data Input'!D1 -> Average Salary per Placement
B3: SA | C3: MA | D3: SA | E3: MA | F3: SA | G3: =E3 -> MA | H3: SA | I3: =E3 -> MA | J3: SA | K3: =E3 -> MA | L3: SA | M3: =K3 -> MA | N3: SA | O3: =M3 -> MA | P3: SA | Q3: =O3 -> MA | R3: SA | S3: =Q3 -> MA | T3: SA | U3: =S3 -> MA | V3: SA | W3: =U3 -> MA | Y3: SA | Z3: MA
A4: 1996 | B4: 887880 | C4: 4103.3881 | D4: 568517 | E4: 1171.883 | F4: 1457136.5 | G4: 5315.3591 | H4: 76930.867 | I4: 226.63769 | J4: 345823.5 | K4: 1074.0319 | L4: 1085992 | M4: 1968.9792 | N4: 479493.16 | O4: 2347.5553 | P4: 713126.49 | Q4: 1607.7278 | R4: 1578263.3 | S4: 4969.502 | T4: 1015292.6 | U4: 2955.617 | V4: =B4+D4+F4+H4+J4+L4+N4+P4+R4+T4 -> 8208455.4 | W4: =C4+E4+G4+I4+K4+M4+O4+Q4+S4+U4 -> 25740.681 | Y4: =V4-T4 -> 7193162.8 | Z4: =W4-U4 -> 22785.064 | AA4: =A4 -> 1996 | AB4: 0.20508714
A5: =A4+1 -> 1997 | B5: 881959.67 | C5: 4240.4087 | D5: 552238 | E5: 1077.3226 | F5: 1396428.8 | G5: 5839.8233 | H5: 77385.042 | I5: 236.68034 | J5: 357720.37 | K5: 1263.2509 | L5: 1120388.8 | M5: 2313.7856 | N5: 486881.96 | O5: 2695.3925 | P5: 747970.5 | Q5: 1927.2451 | R5: 1683664.2 | S5: 5541.242 | T5: 1003185.5 | U5: 3024.1518 | V5: =B5+D5+F5+H5+J5+L5+N5+P5+R5+T5 -> 8307822.7 | W5: =C5+E5+G5+I5+K5+M5+O5+Q5+S5+U5 -> 28159.303 | X5: =(W5-W4)/W4*100 -> 9.396107 | Y5: =V5-T5 -> 7304637.2 | Z5: =W5-U5 -> 25135.151 | AA5: =A5 -> 1997 | AB5: 0.20012286
A6: =A5+1 -> 1998 | B6: 867918.28 | C6: 4354.2131 | D6: 465851 | E6: 1131.8834 | F6: 1350784.2 | G6: 6345.2114 | H6: 75323.284 | I6: 237.95548 | J6: 336634.99 | K6: 1310.7558 | L6: 1189534.6 | M6: 2707.8161 | N6: 461107.75 | O6: 2818.4947 | P6: 773497.72 | Q6: 2186.6626 | R6: 1772084.2 | S6: 6135.5978 | T6: 991531.26 | U6: 3103.8062 | V6: =B6+D6+F6+H6+J6+L6+N6+P6+R6+T6 -> 8284267.3 | W6: =C6+E6+G6+I6+K6+M6+O6+Q6+S6+U6 -> 30332.397 | X6: =(W6-W5)/W5*100 -> 7.7171431 | Y6: =V6-T6 -> 7292736 | Z6: =W6-U6 -> 27228.59 | AA6: =A6 -> 1998 | AB6: 0.2292745
A7: =A6+1 -> 1999 | B7: 866463.02 | C7: 4484.5166 | D7: 436254 | E7: 1130.4006 | F7: 1315722.5 | G7: 6706.6173 | H7: 74493.773 | I7: 241.10234 | J7: 332065.66 | K7: 1397.7981 | L7: 1307911.3 | M7: 3220.5837 | N7: 462724.37 | O7: 3042.5507 | P7: 812416.77 | Q7: 2472.2045 | R7: 1837006.2 | S7: 6613.2359 | T7: 985259.98 | U7: 3165.4832 | V7: =B7+D7+F7+H7+J7+L7+N7+P7+R7+T7 -> 8430317.6 | W7: =C7+E7+G7+I7+K7+M7+O7+Q7+S7+U7 -> 32474.493 | X7: =(W7-W6)/W6*100 -> 7.0620742 | Y7: =V7-T7 -> 7445057.6 | Z7: =W7-U7 -> 29309.01 | AA7: =A7 -> 1999 | AB7: 0.19774807
A8: =A7+1 -> 2000 | B8: 856696.91 | C8: 4584.0624 | D8: 417717 | E8: 1132.461 | F8: 1296165.5 | G8: 7035.6684 | H8: 74502.364 | I8: 248.51351 | J8: 350824.84 | K8: 1570.8442 | L8: 1300427.2 | M8: 3397.5035 | N8: 456984.32 | O8: 3133.5355 | P8: 852256.59 | Q8: 2777.3769 | R8: 1892891.1 | S8: 7103.9694 | T8: 968553.77 | U8: 3210.4946 | V8: =B8+D8+F8+H8+J8+L8+N8+P8+R8+T8 -> 8467019.5 | W8: =C8+E8+G8+I8+K8+M8+O8+Q8+S8+U8 -> 34194.429 | X8: =(W8-W7)/W7*100 -> 5.2962687 | Y8: =V8-T8 -> 7498465.8 | Z8: =W8-U8 -> 30983.935 | AA8: =A8 -> 2000 | AB8: 0.21214372
A9: =A8+1 -> 2001 | B9: 916347.6 | C9: 5034.7586 | D9: 406654 | E9: 1270.2361 | F9: 1262623.2 | G9: 7160.6849 | H9: 74310.356 | I9: 256.85147 | J9: 336682.72 | K9: 1582.1623 | L9: 1319587.6 | M9: 3610.63 | N9: 440380.52 | O9: 3115.2029 | P9: 931090.71 | Q9: 3145.8926 | R9: 1879377.6 | S9: 7308.2469 | T9: 953808.48 | U9: 3271.7429 | V9: =B9+D9+F9+H9+J9+L9+N9+P9+R9+T9 -> 8520862.8 | W9: =C9+E9+G9+I9+K9+M9+O9+Q9+S9+U9 -> 35756.409 | X9: =(W9-W8)/W8*100 -> 4.5679351 | Y9: =V9-T9 -> 7567054.3 | Z9: =W9-U9 -> 32484.666 | AA9: =A9 -> 2001 | AB9: 0.22134584
A10: =A9+1 -> 2002 | B10: 934015.47 | C10: 5395.1292 | D10: 416153 | E10: 1543.5536 | F10: 1270647 | G10: 7604.84 | H10: 74998.982 | I10: 277.0044 | J10: 336239.54 | K10: 1667.7167 | L10: 1320665.2 | M10: 3819.5659 | N10: 446726.56 | O10: 3230.905 | P10: 1009426.3 | Q10: 3588.6313 | R10: 1944631.2 | S10: 7922.0919 | T10: 954695.98 | U10: 3448.4654 | V10: =B10+D10+F10+H10+J10+L10+N10+P10+R10+T10 -> 8708199.2 | W10: =C10+E10+G10+I10+K10+M10+O10+Q10+S10+U10 -> 38497.903 | X10: =(W10-W9)/W9*100 -> 7.6671421 | Y10: =V10-T10 -> 7753503.2 | Z10: =W10-U10 -> 35049.438 | AA10: =A10 -> 2002 | AB10: 0.22765945
A11: =A10+1 -> 2003 | B11: 905008.74 | C11: 5706.4861 | D11: 433700 | E11: 1853.6294 | F11: 1239012.6 | G11: 7748.1759 | H11: 71848.049 | I11: 285.78329 | J11: 374174.99 | K11: 1953.9721 | L11: 1415881 | M11: 4321.0287 | N11: 425105.42 | O11: 3292.9161 | P11: 1027718.8 | Q11: 3843.0177 | R11: 2049583.8 | S11: 8961.8521 | T11: 987319.81 | U11: 3884.9164 | V11: =B11+D11+F11+H11+J11+L11+N11+P11+R11+T11 -> 8929353.2 | W11: =C11+E11+G11+I11+K11+M11+O11+Q11+S11+U11 -> 41851.778 | X11: =(W11-W10)/W10*100 -> 8.7118366 | Y11: =V11-T11 -> 7942033.4 | Z11: =W11-U11 -> 37966.861 | AA11: =A11 -> 2003 | AB11: 0.2304865 | AC11: =[3]Input!B91*12 -> 12906.083 | AD11: =[3]Input!C91 -> 77.777778
A12: =A11+1 -> 2004 | B12: 823813.55 | C12: 5340.4505 | D12: 455367 | E12: 2542.543 | F12: 1294617 | G12: 8123.3499 | H12: 72457.373 | I12: 300.69955 | J12: 446174.83 | K12: 2402.3969 | L12: 1491315.6 | M12: 4709.829 | N12: 438479.23 | O12: 3580.2268 | P12: 1110165 | Q12: 4283.1897 | R12: 2048749 | S12: 9541.3565 | T12: 952845.06 | U12: 3955.0371 | V12: =B12+D12+F12+H12+J12+L12+N12+P12+R12+T12 -> 9133983.6 | W12: =C12+E12+G12+I12+K12+M12+O12+Q12+S12+U12 -> 44779.079 | X12: =(W12-W11)/W11*100 -> 6.9944485 | Y12: =V12-T12 -> 8181138.5 | Z12: =W12-U12 -> 40824.042 | AA12: =A12 -> 2004 | AB12: 0.20346111 | AC12: =[3]Input!B92*12 -> 12552 | AD12: =[3]Input!C92 -> 125
A13: =A12+1 -> 2005 | B13: 775444.7 | C13: 5132.0931 | D13: 443266.67 | E13: 2700.0298 | F13: 1314558.3 | G13: 8484.6632 | H13: 74136.926 | I13: 314.64288 | J13: 526599.68 | K13: 2899.9834 | L13: 1644000.5 | M13: 5324.3699 | N13: 450342.35 | O13: 3784.8275 | P13: 1208059.9 | Q13: 4768.8806 | R13: 2032627.8 | S13: 9945.2632 | T13: 951818.88 | U13: 4098.5494 | V13: =B13+D13+F13+H13+J13+L13+N13+P13+R13+T13 -> 9420855.7 | W13: =C13+E13+G13+I13+K13+M13+O13+Q13+S13+U13 -> 47453.303 | X13: =(W13-W12)/W12*100 -> 5.9720395 | Y13: =V13-T13 -> 8469036.9 | Z13: =W13-U13 -> 43354.754 | AA13: =A13 -> 2005 | AB13: 0.18673178 | AC13: =[3]Input!B93*12 -> 13254 | AD13: =[3]Input!C93 -> 122.22222 | AE13: =[3]Input!D93 -> 8669.5
A14: =A13+1 -> 2006 | B14: 758916.65 | C14: 5254.6911 | D14: 458600 | E14: 3439.8926 | F14: 1371316.6 | G14: 9523.3733 | H14: 75338.886 | I14: 331.60819 | J14: 533220.28 | K14: 3079.7871 | L14: 1800159.6 | M14: 6133.5603 | N14: 444421.66 | O14: 3897.7528 | P14: 1304349 | Q14: 5412.4849 | R14: 2065501.6 | S14: 10674.26 | T14: 978273.99 | U14: 4441.6879 | V14: =B14+D14+F14+H14+J14+L14+N14+P14+R14+T14 -> 9790098.3 | W14: =C14+E14+G14+I14+K14+M14+O14+Q14+S14+U14 -> 52189.098 | X14: =(W14-W13)/W13*100 -> 9.9799061 | Y14: =V14-T14 -> 8811824.3 | Z14: =W14-U14 -> 47747.41 | AA14: =A14 -> 2006 | AB14: 0.17666474 | AC14: =[3]Input!B92*12 -> 12552 | AD14: =[3]Input!C92 -> 125 | AE14: =[3]Input!D92 -> 0
A15: =A14+1 -> 2007 | B15: 819375.96 | C15: 5831.8114 | D15: 495474 | E15: 3732.6467 | F15: 1398078.7 | G15: 9746.4278 | H15: 77581.522 | I15: 350.26141 | J15: 548754.73 | K15: 3245.5663 | L15: 1848834.1 | M15: 6467.484 | N15: 445507.11 | O15: 3917.0559 | P15: 1425301.5 | Q15: 6062.1917 | R15: 2174677.6 | S15: 11697.03 | T15: 1084152.9 | U15: 5097.9734 | V15: =B15+D15+F15+H15+J15+L15+N15+P15+R15+T15 -> 10317738 | W15: =C15+E15+G15+I15+K15+M15+O15+Q15+S15+U15 -> 56148.449 | X15: =(W15-W14)/W14*100 -> 7.5865468 | Y15: =V15-T15 -> 9233585.2 | Z15: =W15-U15 -> 51050.475 | AA15: =A15 -> 2007 | AB15: 0.15899202 | AC15: =[3]Input!B93*12 -> 13254 | AD15: =[3]Input!C93 -> 122.22222 | AE15: =[3]Input!D93 -> 8669.5
A16: =A15+1 -> 2008 | B16: 809281.53 | C16: 5837.8205 | D16: 515725.42 | E16: 4085.4194 | F16: 1469726.2 | G16: 10799.694 | H16: 74320.434 | I16: 341.46507 | J16: 575886.64 | K16: 3449.8299 | L16: 1859529.3 | M16: 6589.883 | N16: 503022.2 | O16: 4522.6324 | P16: 1529644.5 | Q16: 6597.7183 | R16: 2294855.6 | S16: 12653.073 | T16: 1180526.3 | U16: 5671.0973 | V16: =B16+D16+F16+H16+J16+L16+N16+P16+R16+T16 -> 10812518 | W16: =C16+E16+G16+I16+K16+M16+O16+Q16+S16+U16 -> 60548.633 | X16: =(W16-W15)/W15*100 -> 7.8366987 | Y16: =V16-T16 -> 9631991.8 | Z16: =W16-U16 -> 54877.536 | AA16: =A16 -> 2008 | AB16: 0.13147113 | AC16: =[3]Input!B94*12 -> 11469 | AD16: =[3]Input!C94 -> 281.94444 | AE16: =[3]Input!D94 -> 9402.6667
A17: =A16+1 -> 2009 | B17: 715545.37 | C17: 5185.8268 | D17: 492219.25 | E17: 4018.3568 | F17: 1430523.8 | G17: 10498.643 | H17: 70872.467 | I17: 332.30799 | J17: 556190.88 | K17: 3376.3293 | L17: 1758081.6 | M17: 6311.9284 | N17: 491152.64 | O17: 4378.0828 | P17: 1562754.5 | Q17: 6822.103 | R17: 2320536 | S17: 13114.369 | T17: 1150308.1 | U17: 5657.4172 | V17: =B17+D17+F17+H17+J17+L17+N17+P17+R17+T17 -> 10548185 | W17: =C17+E17+G17+I17+K17+M17+O17+Q17+S17+U17 -> 59695.365 | X17: =(W17-W16)/W16*100 -> -1.4092284 | Y17: =V17-T17 -> 9397876.6 | Z17: =W17-U17 -> 54037.948 | AA17: =A17 -> 2009 | AB17: 0.12165193 | AC17: =[3]Input!B95*12 -> 11781 | AD17: =[3]Input!C95 -> 243.05556 | AE17: =[3]Input!D95 -> 11212.564
A18: =A17+1 -> 2010 | B18: 701904.36 | C18: 5113.086 | D18: 498055.17 | E18: 4206.5886 | F18: 1396938.5 | G18: 10624.121 | H18: 65610.247 | I18: 313.62812 | J18: 551968.07 | K18: 3435.1088 | L18: 1737056.5 | M18: 6379.2492 | N18: 494852.77 | O18: 4522.7525 | P18: 1539060.5 | Q18: 6878.6143 | R18: 2324767.9 | S18: 13328.293 | T18: 1121504.2 | U18: 5623.8885 | V18: =B18+D18+F18+H18+J18+L18+N18+P18+R18+T18 -> 10431718 | W18: =C18+E18+G18+I18+K18+M18+O18+Q18+S18+U18 -> 60425.331 | X18: =(W18-W17)/W17*100 -> 1.222819 | Y18: =V18-T18 -> 9310214 | Z18: =W18-U18 -> 54801.443 | AA18: =A18 -> 2010 | AB18: 0.11081551
A20: Gross Value Added by Region (GVA-R) | B20: Agriculture | D20: Mining | F20: Manufacturing | H20: Electricity | J20: Construction | L20: Trade | N20: Transport | P20: Finance | R20: Community services | V20: Total | X20: Year-on-Year MA
A21: Constant 2000 prices (R 1000) | B21: =B3 -> SA | C21: =C3 -> MA | D21: =D3 -> SA | E21: =E3 -> MA | F21: =F3 -> SA | G21: =G3 -> MA | H21: =H3 -> SA | I21: =I3 -> MA | ... S21: =S3 -> MA | V21: =V3 -> SA | W21: =W3 -> MA
A22: =A4 -> 1996 | B22: 32582299 | C22: 244326.01 | D22: 99506344 | E22: 814400.04 | F22: 1.987152e+08 | G22: 2555845.1 | H22: 28494360 | I22: 46588.029 | J22: 26033135 | K22: 120754.53 | L22: 1.3585407e+08 | M22: 342461.41 | N22: 79153561 | O22: 565000.13 | P22: 1.8566338e+08 | Q22: 561915.12 | R22: 2.5896799e+08 | S22: 824727.91 | V22: =B22+D22+F22+H22+J22+L22+N22+P22+R22+T22 -> 1.0449703e+09 | W22: =C22+E22+G22+I22+K22+M22+O22+Q22+S22+U22 -> 6076018.3
A23: =A5 -> 1997 | B23: 32906507 | C23: 243011.75 | D23: 1.0129328e+08 | E23: 841088.5 | F23: 2.0427276e+08 | G23: 2874133.3 | H23: 29633529 | I23: 51041.501 | J23: 26929349 | K23: 140123.09 | L23: 1.3652596e+08 | M23: 379605.3 | N23: 85249460 | O23: 643780.38 | P23: 1.9458399e+08 | Q23: 619012.18 | R23: 2.6072052e+08 | S23: 815654.79 | V23: =B23+D23+F23+H23+J23+L23+N23+P23+R23+T23 -> 1.0721154e+09 | W23: =C23+E23+G23+I23+K23+M23+O23+Q23+S23+U23 -> 6607450.8 | X23: =(W23-W22)/W22*100 -> 8.7463945
A24: =A6 -> 1998 | B24: 31153062 | C24: 247172.86 | D24: 1.0116145e+08 | E24: 899950.05 | F24: 2.0380269e+08 | G24: 2993547.2 | H24: 27758236 | I24: 49215.002 | J24: 25342082 | K24: 132031.15 | L24: 1.3825907e+08 | M24: 406903.08 | N24: 89911045 | O24: 699896.06 | P24: 1.9900335e+08 | Q24: 664684.95 | R24: 2.6322982e+08 | S24: 835397.1 | V24: =B24+D24+F24+H24+J24+L24+N24+P24+R24+T24 -> 1.0796208e+09 | W24: =C24+E24+G24+I24+K24+M24+O24+Q24+S24+U24 -> 6928797.4 | X24: =(W24-W23)/W23*100 -> 4.8633982
A25: =A7 -> 1999 | B25: 33129731 | C25: 240765.76 | D25: 99881396 | E25: 746484.57 | F25: 2.0530547e+08 | G25: 3216505.2 | H25: 27657162 | I25: 49283.828 | J25: 24998102 | K25: 132677.21 | L25: 1.489699e+08 | M25: 465242.95 | N25: 94715567 | O25: 764934.02 | P25: 2.0945915e+08 | Q25: 721049.61 | R25: 2.6461575e+08 | S25: 819926.58 | V25: =B25+D25+F25+H25+J25+L25+N25+P25+R25+T25 -> 1.1087322e+09 | W25: =C25+E25+G25+I25+K25+M25+O25+Q25+S25+U25 -> 7156869.7 | X25: =(W25-W24)/W24*100 -> 3.291658
A26: =A8 -> 2000 | B26: 34721349 | C26: 250728.76 | D26: 98881009 | E26: 789153.51 | F26: 2.221561e+08 | G26: 3554264.2 | H26: 28542916 | I26: 53429.351 | J26: 26410338 | K26: 142660.06 | L26: 1.6119674e+08 | M26: 520740.65 | N26: 1.0267905e+08 | O26: 835734.91 | P26: 2.1633553e+08 | Q26: 750770.08 | R26: 2.6656813e+08 | S26: 831107.31 | V26: =B26+D26+F26+H26+J26+L26+N26+P26+R26+T26 -> 1.1574912e+09 | W26: =C26+E26+G26+I26+K26+M26+O26+Q26+S26+U26 -> 7728588.8 | X26: =(W26-W25)/W25*100 -> 7.9883953
A27: =A9 -> 2001 | B27: 33596824 | C27: 250926.02 | D27: 98844719 | E27: 800266.63 | F27: 2.2941036e+08 | G27: 3608294 | H27: 27504242 | I27: 52930.984 | J27: 27711128 | K27: 190619.2 | L27: 1.6436355e+08 | M27: 560263.48 | N27: 1.0880602e+08 | O27: 865582.53 | P27: 2.3415309e+08 | Q27: 776297.4 | R27: 2.6665188e+08 | S27: 845358.05 | V27: =B27+D27+F27+H27+J27+L27+N27+P27+R27+T27 -> 1.1910418e+09 | W27: =C27+E27+G27+I27+K27+M27+O27+Q27+S27+U27 -> 7950538.3 | X27: =(W27-W26)/W26*100 -> 2.8717981
A28: =A10 -> 2002 | B28: 35826000 | C28: 259367.86 | D28: 99959810 | E28: 779957 | F28: 2.36133e+08 | G28: 3780802.9 | H28: 28503000 | I28: 59254.125 | J28: 29321000 | K28: 150686.18 | L28: 1.683572e+08 | M28: 573111.06 | N28: 1.18749e+08 | O28: 925475.79 | P28: 2.49165e+08 | Q28: 809882.58 | R28: 2.70256e+08 | S28: 855385.08 | V28: =B28+D28+F28+H28+J28+L28+N28+P28+R28+T28 -> 1.23627e+09 | W28: =C28+E28+G28+I28+K28+M28+O28+Q28+S28+U28 -> 8193922.6 | X28: =(W28-W27)/W27*100 -> 3.061231
A29: =A11 -> 2003 | B29: 36070000 | C29: 272107.99 | D29: 1.0335482e+08 | E29: 831558.86 | F29: 2.32581e+08 | G29: 3642994.5 | H29: 29344000 | I29: 51545.34 | J29: 31575000 | K29: 152752.1 | L29: 1.728452e+08 | M29: 571865.67 | N29: 1.26287e+08 | O29: 964625.3 | P29: 2.61123e+08 | Q29: 852356.78 | R29: 2.79949e+08 | S29: 881670.31 | V29: =B29+D29+F29+H29+J29+L29+N29+P29+R29+T29 -> 1.273129e+09 | W29: =C29+E29+G29+I29+K29+M29+O29+Q29+S29+U29 -> 8221476.9 | X29: =(W29-W28)/W28*100 -> 0.3362768
A30: =A12 -> 2004 | B30: 36380000 | C30: 274527.67 | D30: 1.0491526e+08 | E30: 877007.17 | F30: 2.43965e+08 | G30: 3755362.1 | H30: 31335000 | I30: 55878.521 | J30: 34451000 | K30: 163748.21 | L30: 1.82175e+08 | M30: 590211.2 | N30: 1.32459e+08 | O30: 988392.11 | P30: 2.79544e+08 | Q30: 890790.97 | R30: 2.85166e+08 | S30: 898215.86 | V30: =B30+D30+F30+H30+J30+L30+N30+P30+R30+T30 -> 1.3303903e+09 | W30: =C30+E30+G30+I30+K30+M30+O30+Q30+S30+U30 -> 8494133.9 | X30: =(W30-W29)/W29*100 -> 3.3163992
A31: =A13 -> 2005 | B31: 37402392 | C31: 263155.76 | D31: 1.0599188e+08 | E31: 854726.53 | F31: 2.5910094e+08 | G31: 3949676.8 | H31: 33010193 | I31: 59305.985 | J31: 38558200 | K31: 184679.84 | L31: 1.9501216e+08 | M31: 622409.1 | N31: 1.3947227e+08 | O31: 1021802.8 | P31: 2.9550364e+08 | Q31: 955742.42 | R31: 2.9701544e+08 | S31: 933404.6 | V31: =B31+D31+F31+H31+J31+L31+N31+P31+R31+T31 -> 1.4010671e+09 | W31: =C31+E31+G31+I31+K31+M31+O31+Q31+S31+U31 -> 8844903.8 | X31: =(W31-W30)/W30*100 -> 4.129555
A32: =A14 -> 2006 | B32: 35359000 | C32: 266871.16 | D32: 1.0536426e+08 | E32: 824692.98 | F32: 2.757824e+08 | G32: 4184900.7 | H32: 34139000 | I32: 61066.638 | J32: 42582000 | K32: 198435.57 | L32: 2.06636e+08 | M32: 660176.49 | N32: 1.46607e+08 | O32: 1056240.4 | P32: 3.24002e+08 | Q32: 1049671.3 | R32: 3.0802e+08 | S32: 964593.7 | V32: =B32+D32+F32+H32+J32+L32+N32+P32+R32+T32 -> 1.4784917e+09 | W32: =C32+E32+G32+I32+K32+M32+O32+Q32+S32+U32 -> 9266649 | X32: =(W32-W31)/W31*100 -> 4.7682283
A33: =A15 -> 2007 | B33: 36301000 | C33: 277304.33 | D33: 1.0533568e+08 | E33: 849775.38 | F33: 2.90246e+08 | G33: 4394433.4 | H33: 35294000 | I33: 61610.111 | J33: 48971000 | K33: 225065.76 | L33: 2.17607e+08 | M33: 689888.05 | N33: 1.56289e+08 | O33: 1113244.2 | P33: 3.49501e+08 | Q33: 1099571.3 | R33: 3.21865e+08 | S33: 1004807.9 | V33: =B33+D33+F33+H33+J33+L33+N33+P33+R33+T33 -> 1.5614097e+09 | W33: =C33+E33+G33+I33+K33+M33+O33+Q33+S33+U33 -> 9715700.4 | X33: =(W33-W32)/W32*100 -> 4.8458878
A34: =A16 -> 2008 | B34: 42154000 | C34: 310428.05 | D34: 99397870 | E34: 784478.57 | F34: 2.979e+08 | G34: 4490881.3 | H34: 34198000 | I34: 61626.315 | J34: 53644000 | K34: 243805.32 | L34: 2.19359e+08 | M34: 689741.88 | N34: 1.61672e+08 | O34: 1124511.5 | P34: 3.7509e+08 | Q34: 1142598.6 | R34: 3.3576e+08 | S34: 1041042.1 | V34: =B34+D34+F34+H34+J34+L34+N34+P34+R34+T34 -> 1.6191749e+09 | W34: =C34+E34+G34+I34+K34+M34+O34+Q34+S34+U34 -> 9889113.7 | X34: =(W34-W33)/W33*100 -> 1.7848767
... A36: =A18 -> 2010 | B36: 41246962 | C36: 307739.84 | D36: 1.0065926e+08 | E36: 859784.8 | F36: 2.8018998e+08 | G36: 3980045.3 | H36: 34310972 | I36: 60134.825 | J36: 58523000 | K36: 251881.09 | L36: 2.1856982e+08 | M36: 678438.26 | N36: 1.6746229e+08 | O36: 1124266.4 | P36: 3.8549086e+08 | Q36: 1189898 | R36: 3.5291788e+08 | S36: 1100105.4 | V36: =B36+D36+F36+H36+J36+L36+N36+P36+R36+T36 -> 1.639371e+09 | W36: =C36+E36+G36+I36+K36+M36+O36+Q36+S36+U36 -> 9552293.9 | X36: =(W36-W35)/W35*100 -> 3.2185271
A39: Location Quotients | C39: Agriculture, forestry and fishing | D39: Mining and quarrying | E39: Manufacturing | F39: Electricity, gas and water | G39: Construction | H39: Wholesale & retail trade; hotels & restaurants | I39: Transport , storage and communication | J39: Finance, real estate and business services | K39: Personal and General Government Services | L39: Actual vs Necessary Employment | M39: Agriculture, forestry and fishing | N39: Mining and quarrying | O39: Manufacturing | P39: Electricity, gas and water | Q39: Construction | R39: Wholesale & retail trade; hotels & restaurants | S39: Transport , storage and communication | T39: Finance, real estate and business services | U39: Personal and General Government Services
A40: =A22 -> 1996 | C40: =(C4/$W4)/(B4/$V4) -> 1.47377 | D40: =(E4/$W4)/(D4/$V4) -> 0.65732809 | E40: =(G4/$W4)/(F4/$V4) -> 1.1632519 | F40: =(I4/$W4)/(H4/$V4) -> 0.93944836 | G40: =(K4/$W4)/(J4/$V4) -> 0.99038508 | H40: =(M4/$W4)/(L4/$V4) -> 0.57817048 | I40: =(O4/$W4)/(N4/$V4) -> 1.5612585 | J40: =(Q4/$W4)/(P4/$V4) -> 0.71893126 | K40: =(S4/$W4)/(R4/$V4) -> 1.004095 | L40: =AVERAGE(C40:K40) -> 1.0096265 | M40: =(1-1/C40)*C4 -> 1319.1083 | N40: =(1-1/D40)*E4 -> -610.91467 | O40: =(1-1/E40)*G4 -> 745.96277 | P40: =(1-1/F40)*I4 -> -14.607811 | Q40: =(1-1/G40)*K4 -> -10.426986 | R40: =(1-1/H40)*M4 -> -1436.5548 | S40: =(1-1/I40)*O4 -> 843.92517 | T40: =(1-1/J40)*Q4 -> -628.54693 | U40: =(1-1/K40)*S4 -> 20.267361 | V40: =AVERAGE(M40:U40) -> 25.35694
A41: =A23 -> 1997 | C41: =(C5/$W5)/(B5/$V5) -> 1.4184836 | D41: =(E5/$W5)/(D5/$V5) -> 0.57555229 | E41: =(G5/$W5)/(F5/$V5) -> 1.2338042 | F41: =(I5/$W5)/(H5/$V5) -> 0.90234056 | G41: =(K5/$W5)/(J5/$V5) -> 1.0418646 | H41: =(M5/$W5)/(L5/$V5) -> 0.60928389 | I41: =(O5/$W5)/(N5/$V5) -> 1.6332913 | J41: =(Q5/$W5)/(P5/$V5) -> 0.76018238 | K41: =(S5/$W5)/(R5/$V5) -> 0.97099495 | L41: =AVERAGE(C41:K41) -> 1.0161998 | M41: =(1-1/C41)*C5 -> 1251.013 | N41: =(1-1/D41)*E5 -> -794.48401 | O41: =(1-1/E41)*G5 -> 1106.6385 | P41: =(1-1/F41)*I5 -> -25.615682 | Q41: =(1-1/G41)*K5 -> 50.760411 | R41: =(1-1/H41)*M5 -> -1483.7637 | S41: =(1-1/I41)*O5 -> 1045.1098 | T41: =(1-1/J41)*Q5 -> -607.99533 | U41: =(1-1/K41)*S5 -> -165.52505 | V41: =AVERAGE(M41:U41) -> 41.793103
A42: =A24 -> 1998 | C42: =(C6/$W6)/(B6/$V6) -> 1.3701819 | D42: =(E6/$W6)/(D6/$V6) -> 0.66359334 | E42: =(G6/$W6)/(F6/$V6) -> 1.2829434 | F42: =(I6/$W6)/(H6/$V6) -> 0.86280738 | G42: =(K6/$W6)/(J6/$V6) -> 1.0634324 | H42: =(M6/$W6)/(L6/$V6) -> 0.62171232 | I42: =(O6/$W6)/(N6/$V6) -> 1.6694068 | J42: =(Q6/$W6)/(P6/$V6) -> 0.7720939 | K42: =(S6/$W6)/(R6/$V6) -> 0.94562711 | L42: =AVERAGE(C42:K42) -> 1.0279776 | M42: =(1-1/C42)*C6 -> 1176.3773 | N42: =(1-1/D42)*E6 -> -573.80488 | O42: =(1-1/E42)*G6 -> 1399.3879 | P42: =(1-1/F42)*I6 -> -37.836645 | Q42: =(1-1/G42)*K6 -> 78.184975 | R42: =(1-1/H42)*M6 -> -1647.6004 | S42: =(1-1/I42)*O6 -> 1130.1736 | T42: =(1-1/J42)*Q6 -> -645.45745 | U42: =(1-1/K42)*S6 -> -352.79256 | V42: =AVERAGE(M42:U42) -> 58.514654
A43: =A25 -> 1999 | C43: =(C7/$W7)/(B7/$V7) -> 1.3435912 | D43: =(E7/$W7)/(D7/$V7) -> 0.6726583 | E43: =(G7/$W7)/(F7/$V7) -> 1.3232466 | F43: =(I7/$W7)/(H7/$V7) -> 0.84020066 | G43: =(K7/$W7)/(J7/$V7) -> 1.092753 | H43: =(M7/$W7)/(L7/$V7) -> 0.63923105 | I43: =(O7/$W7)/(N7/$V7) -> 1.7069351 | J43: =(Q7/$W7)/(P7/$V7) -> 0.78996358 | K43: =(S7/$W7)/(R7/$V7) -> 0.93455518 | L43: =AVERAGE(C43:K43) -> 1.0381261 | M43: =(1-1/C43)*C7 -> 1146.8076 | N43: =(1-1/D43)*E7 -> -550.09691 | O43: =(1-1/E43)*G7 -> 1638.3122 | P43: =(1-1/F43)*I7 -> -45.855708 | Q43: =(1-1/G43)*K7 -> 118.64532 | R43: =(1-1/H43)*M7 -> -1817.6317 | S43: =(1-1/I43)*O7 -> 1260.0865 | T43: =(1-1/J43)*Q7 -> -657.31255 | U43: =(1-1/K43)*S7 -> -463.1102 | V43: =AVERAGE(M43:U43) -> 69.982732
A44: =A26 -> 2000 | C44: =(C8/$W8)/(B8/$V8) -> 1.324947 | D44: =(E8/$W8)/(D8/$V8) -> 0.67129945 | E44: =(G8/$W8)/(F8/$V8) -> 1.3440645 | F44: =(I8/$W8)/(H8/$V8) -> 0.82595265 | G44: =(K8/$W8)/(J8/$V8) -> 1.10871 | H44: =(M8/$W8)/(L8/$V8) -> 0.64691775 | I44: =(O8/$W8)/(N8/$V8) -> 1.697886 | J44: =(Q8/$W8)/(P8/$V8) -> 0.80693705 | K44: =(S8/$W8)/(R8/$V8) -> 0.92928871 | L44: =AVERAGE(C44:K44) -> 1.0395559 | M44: =(1-1/C44)*C8 -> 1124.2544 | N44: =(1-1/D44)*E8 -> -554.50744 | O44: =(1-1/E44)*G8 -> 1801.0472 | P44: =(1-1/F44)*I8 -> -52.367551 | Q44: =(1-1/G44)*K8 -> 154.02273 | R44: =(1-1/H44)*M8 -> -1854.3287 | S44: =(1-1/I44)*O8 -> 1287.9843 | T44: =(1-1/J44)*Q8 -> -664.49864 | U44: =(1-1/K44)*S8 -> -540.55409 | V44: =AVERAGE(M44:U44) -> 77.894689
A45: =A27 -> 2001 | C45: =(C9/$W9)/(B9/$V9) -> 1.3093269 | D45: =(E9/$W9)/(D9/$V9) -> 0.74437036 | E45: =(G9/$W9)/(F9/$V9) -> 1.3514826 | F45: =(I9/$W9)/(H9/$V9) -> 0.82368735 | G45: =(K9/$W9)/(J9/$V9) -> 1.1198501 | H45: =(M9/$W9)/(L9/$V9) -> 0.65204033 | I45: =(O9/$W9)/(N9/$V9) -> 1.6857296 | J45: =(Q9/$W9)/(P9/$V9) -> 0.80515887 | K45: =(S9/$W9)/(R9/$V9) -> 0.92667798 | L45: =AVERAGE(C45:K45) -> 1.0464805 | M45: =(1-1/C45)*C9 -> 1189.4556 | N45: =(1-1/D45)*E9 -> -436.22102 | O45: =(1-1/E45)*G9 -> 1862.2927 | P45: =(1-1/F45)*I9 -> -54.979799 | Q45: =(1-1/G45)*K9 -> 169.32833 | R45: =(1-1/H45)*M9 -> -1926.8036 | S45: =(1-1/I45)*O9 -> 1267.218 | T45: =(1-1/J45)*Q9 -> -761.27745 | U45: =(1-1/K45)*S9 -> -578.25417 | V45: =AVERAGE(M45:U45) -> 81.195394
A46: =A28 -> 2002 | C46: =(C10/$W10)/(B10/$V10) -> 1.3065892 | D46: =(E10/$W10)/(D10/$V10) -> 0.83899616 | E46: =(G10/$W10)/(F10/$V10) -> 1.353806 | F46: =(I10/$W10)/(H10/$V10) -> 0.83545408 | G46: =(K10/$W10)/(J10/$V10) -> 1.1219274 | H46: =(M10/$W10)/(L10/$V10) -> 0.65420302 | I46: =(O10/$W10)/(N10/$V10) -> 1.6359638 | J46: =(Q10/$W10)/(P10/$V10) -> 0.80416562 | K46: =(S10/$W10)/(R10/$V10) -> 0.92149697 | L46: =AVERAGE(C46:K46) -> 1.0525114 | M46: =(1-1/C46)*C10 -> 1265.959 | N46: =(1-1/D46)*E10 -> -296.20881 | O46: =(1-1/E46)*G10 -> 1987.4621 | P46: =(1-1/F46)*I10 -> -54.557093 | Q46: =(1-1/G46)*K10 -> 181.24203 | R46: =(1-1/H46)*M10 -> -2018.9365 | S46: =(1-1/I46)*O10 -> 1255.9805 | T46: =(1-1/J46)*Q10 -> -873.92122 | U46: =(1-1/K46)*S10 -> -674.88901 | V46: =AVERAGE(M46:U46) -> 85.792326
A47: =A29 -> 2003 | C47: =(C11/$W11)/(B11/$V11) -> 1.3453091 | D47: =(E11/$W11)/(D11/$V11) -> 0.91188394 | E47: =(G11/$W11)/(F11/$V11) -> 1.3342274 | F47: =(I11/$W11)/(H11/$V11) -> 0.84864867 | G47: =(K11/$W11)/(J11/$V11) -> 1.1141655 | H47: =(M11/$W11)/(L11/$V11) -> 0.65112816 | I47: =(O11/$W11)/(N11/$V11) -> 1.6526851 | J47: =(Q11/$W11)/(P11/$V11) -> 0.79781864 | K47: =(S11/$W11)/(R11/$V11) -> 0.93290665 | L47: =AVERAGE(C47:K47) -> 1.0654192 | M47: =(1-1/C47)*C11 -> 1464.7204 | N47: =(1-1/D47)*E11 -> -179.11765 | O47: =(1-1/E47)*G11 -> 1940.9379 | P47: =(1-1/F47)*I11 -> -50.96771 | Q47: =(1-1/G47)*K11 -> 200.2182 | R47: =(1-1/H47)*M11 -> -2315.1898 | S47: =(1-1/I47)*O11 -> 1300.4518 | T47: =(1-1/J47)*Q11 -> -973.88871 | U47: =(1-1/K47)*S11 -> -644.52396 | V47: =AVERAGE(M47:U47) -> 82.515604
A48: =A30 -> 2004 | C48: =(C12/$W12)/(B12/$V12) -> 1.3223123 | D48: =(E12/$W12)/(D12/$V12) -> 1.1389164 | E48: =(G12/$W12)/(F12/$V12) -> 1.2799085 | F48: =(I12/$W12)/(H12/$V12) -> 0.84651619 | G48: =(K12/$W12)/(J12/$V12) -> 1.0983096 | H48: =(M12/$W12)/(L12/$V12) -> 0.64419991 | I48: =(O12/$W12)/(N12/$V12) -> 1.6655075 | J48: =(Q12/$W12)/(P12/$V12) -> 0.78698211 | K48: =(S12/$W12)/(R12/$V12) -> 0.94996246 | L48: =AVERAGE(C48:K48) -> 1.0814016 | M48: =(1-1/C48)*C12 -> 1301.7294 | N48: =(1-1/D48)*E12 -> 310.12007 | O48: =(1-1/E48)*G12 -> 1776.5289 | P48: =(1-1/F48)*I12 -> -54.52053 | Q48: =(1-1/G48)*K12 -> 215.03829 | R48: =(1-1/H48)*M12 -> -2601.3005 | S48: =(1-1/I48)*O12 -> 1430.5956 | T48: =(1-1/J48)*Q12 -> -1159.3606 | U48: =(1-1/K48)*S12 -> -502.57359 | V48: =AVERAGE(M48:U48) -> 79.584118
A49: =A31 -> 2005 | C49: =(C13/$W13)/(B13/$V13) -> 1.313916 | D49: =(E13/$W13)/(D13/$V13) -> 1.2092814 | E49: =(G13/$W13)/(F13/$V13) -> 1.2813821 | F49: =(I13/$W13)/(H13/$V13) -> 0.84257243 | G49: =(K13/$W13)/(J13/$V13) -> 1.0932987 | H49: =(M13/$W13)/(L13/$V13) -> 0.64296922 | I49: =(O13/$W13)/(N13/$V13) -> 1.6685038 | J49: =(Q13/$W13)/(P13/$V13) -> 0.78370368 | K49: =(S13/$W13)/(R13/$V13) -> 0.97136472 | L49: =AVERAGE(C49:K49) -> 1.0896658 | M49: =(1-1/C49)*C13 -> 1226.1409 | N49: =(1-1/D49)*E13 -> 467.27429 | O49: =(1-1/E49)*G13 -> 1863.1697 | P49: =(1-1/F49)*I13 -> -58.788377 | Q49: =(1-1/G49)*K13 -> 247.47546 | R49: =(1-1/H49)*M13 -> -2956.5396 | S49: =(1-1/I49)*O13 -> 1516.4315 | T49: =(1-1/J49)*Q13 -> -1316.1752 | U49: =(1-1/K49)*S13 -> -293.18071 | V49: =AVERAGE(M49:U49) -> 77.311998
A50: =A32 -> 2006 | C50: =(C14/$W14)/(B14/$V14) -> 1.2988541 | D50: =(E14/$W14)/(D14/$V14) -> 1.4070778 | E50: =(G14/$W14)/(F14/$V14) -> 1.3027477 | F50: =(I14/$W14)/(H14/$V14) -> 0.82568294 | G50: =(K14/$W14)/(J14/$V14) -> 1.083481 | H50: =(M14/$W14)/(L14/$V14) -> 0.63915898 | I50: =(O14/$W14)/(N14/$V14) -> 1.6452289 | J50: =(Q14/$W14)/(P14/$V14) -> 0.77841311 | K50: =(S14/$W14)/(R14/$V14) -> 0.96943678 | L50: =AVERAGE(C50:K50) -> 1.1055646 | M50: =(1-1/C50)*C14 -> 1209.055 | N50: =(1-1/D50)*E14 -> 995.18577 | O50: =(1-1/E50)*G14 -> 2213.1527 | P50: =(1-1/F50)*I14 -> -70.008668 | Q50: =(1-1/G50)*K14 -> 237.29417 | R50: =(1-1/H50)*M14 -> -3462.7381 | S50: =(1-1/I50)*O14 -> 1528.6279 | T50: =(1-1/J50)*Q14 -> -1540.7445 | U50: =(1-1/K50)*S14 -> -336.52506 | V50: =AVERAGE(M50:U50) -> 85.922137
A51: =A33 -> 2007 | C51: =(C15/$W15)/(B15/$V15) -> 1.3078773 | D51: =(E15/$W15)/(D15/$V15) -> 1.38434 | E51: =(G15/$W15)/(F15/$V15) -> 1.2810338 | F51: =(I15/$W15)/(H15/$V15) -> 0.82962292 | G51: =(K15/$W15)/(J15/$V15) -> 1.0868233 | H51: =(M15/$W15)/(L15/$V15) -> 0.64281228 | I51: =(O15/$W15)/(N15/$V15) -> 1.6156671 | J51: =(Q15/$W15)/(P15/$V15) -> 0.78157321 | K51: =(S15/$W15)/(R15/$V15) -> 0.98838799 | L51: =AVERAGE(C51:K51) -> 1.1020153 | M51: =(1-1/C51)*C15 -> 1372.8216 | N51: =(1-1/D51)*E15 -> 1036.31 | O51: =(1-1/E51)*G15 -> 2138.176 | P51: =(1-1/F51)*I15 -> -71.932098 | Q51: =(1-1/G51)*K15 -> 259.27933 | R51: =(1-1/H51)*M15 -> -3593.7488 | S51: =(1-1/I51)*O15 -> 1492.6357 | T51: =(1-1/J51)*Q15 -> -1694.2048 | U51: =(1-1/K51)*S15 -> -137.4218 | V51: =AVERAGE(M51:U51) -> 89.101688
... A54: =A36 -> 2010 | C54: =(C18/$W18)/(B18/$V18) -> 1.2575984 | D54: =(E18/$W18)/(D18/$V18) -> 1.458107 | E54: =(G18/$W18)/(F18/$V18) -> 1.3129631 | F54: =(I18/$W18)/(H18/$V18) -> 0.82523974 | G54: =(K18/$W18)/(J18/$V18) -> 1.0743934 | H54: =(M18/$W18)/(L18/$V18) -> 0.63400463 | I54: =(O18/$W18)/(N18/$V18) -> 1.5778424 | J54: =(Q18/$W18)/(P18/$V18) -> 0.77158201 | K54: =(S18/$W18)/(R18/$V18) -> 0.98976425 | L54: =AVERAGE(C54:K54) -> 1.1001661 | M54: =(1-1/C54)*C18 -> 1047.3317 | N54: =(1-1/D54)*E18 -> 1321.623 | O54: =(1-1/E54)*G18 -> 2532.4081 | P54: =(1-1/F54)*I18 -> -66.41674 | Q54: =(1-1/G54)*K18 -> 237.85473 | R54: =(1-1/H54)*M18 -> -3682.5846 | S54: =(1-1/I54)*O18 -> 1656.3367 | T54: =(1-1/J54)*Q18 -> -2036.3348 | U54: =(1-1/K54)*S18 -> -137.83596 | V54: =AVERAGE(M54:U54) -> 96.931349
A57: Economic Structure | C57: Agriculture, forestry and fishing | D57: Mining and quarrying | E57: Manufacturing | F57: Electricity, gas and water | G57: Construction | H57: Wholesale & retail trade; hotels & restaurants | I57: Transport , storage and communication | J57: Finance, real estate and business services | K57: Personal and General Government Services | L57: Average
A58: =A40 -> 1996 | C58: =C22/$W22*100 -> 4.0211534 | D58: =E22/$W22*100 -> 13.403515 | E58: =G22/$W22*100 -> 42.064473 | F58: =I22/$W22*100 -> 0.76675262 | G58: =K22/$W22*100 -> 1.9873957 | H58: =M22/$W22*100 -> 5.6362801 | I58: =O22/$W22*100 -> 9.298855 | J58: =Q22/$W22*100 -> 9.2480815 | K58: =S22/$W22*100 -> 13.573493 | L58: =AVERAGE(C58:K58) -> 11.111111
A59: =A41 -> 1997 | C59: =C23/$W23*100 -> 3.6778443 | D59: =E23/$W23*100 -> 12.729395 | E59: =G23/$W23*100 -> 43.498369 | F59: =I23/$W23*100 -> 0.77248402 | G59: =K23/$W23*100 -> 2.120683 | H59: =M23/$W23*100 -> 5.7451098 | I59: =O23/$W23*100 -> 9.7432489 | J59: =Q23/$W23*100 -> 9.3683965 | K59: =S23/$W23*100 -> 12.34447 | L59: =AVERAGE(C59:K59) -> 11.111111
A60: =A42 -> 1998 | C60: =C24/$W24*100 -> 3.567327 | D60: =E24/$W24*100 -> 12.988546 | E60: =G24/$W24*100 -> 43.204426 | F60: =I24/$W24*100 -> 0.71029645 | G60: =K24/$W24*100 -> 1.905542 | H60: =M24/$W24*100 -> 5.8726364 | I60: =O24/$W24*100 -> 10.101263 | J60: =Q24/$W24*100 -> 9.5930781 | K60: =S24/$W24*100 -> 12.056884 | L60: =AVERAGE(C60:K60) -> 11.111111
A61: =A43 -> 1999 | C61: =C25/$W25*100 -> 3.364121 | D61: =E25/$W25*100 -> 10.430322 | E61: =G25/$W25*100 -> 44.942906 | F61: =I25/$W25*100 -> 0.68862267 | G61: =K25/$W25*100 -> 1.8538441 | H61: =M25/$W25*100 -> 6.5006486 | I61: =O25/$W25*100 -> 10.688109 | J61: =Q25/$W25*100 -> 10.07493 | K61: =S25/$W25*100 -> 11.456497 | L61: =AVERAGE(C61:K61) -> 11.111111
A62: =A44 -> 2000 | C62: =C26/$W26*100 -> 3.2441726 | D62: =E26/$W26*100 -> 10.210836 | E62: =G26/$W26*100 -> 45.988527 | F62: =I26/$W26*100 -> 0.69132092 | G62: =K26/$W26*100 -> 1.8458746 | H62: =M26/$W26*100 -> 6.7378491 | I62: =O26/$W26*100 -> 10.813551 | J62: =Q26/$W26*100 -> 9.7141937 | K62: =S26/$W26*100 -> 10.753675 | L62: =AVERAGE(C62:K62) -> 11.111111
A63: =A45 -> 2001 | C63: =C27/$W27*100 -> 3.1560884 | D63: =E27/$W27*100 -> 10.065565 | E63: =G27/$W27*100 -> 45.384273 | F63: =I27/$W27*100 -> 0.66575347 | G63: =K27/$W27*100 -> 2.3975634 | H63: =M27/$W27*100 -> 7.0468623 | I63: =O27/$W27*100 -> 10.887093 | J63: =Q27/$W27*100 -> 9.7640861 | K63: =S27/$W27*100 -> 10.632715 | L63: =AVERAGE(C63:K63) -> 11.111111
A64: =A46 -> 2002 | C64: =C28/$W28*100 -> 3.1653686 | D64: =E28/$W28*100 -> 9.5187255 | E64: =G28/$W28*100 -> 46.14155 | F64: =I28/$W28*100 -> 0.72314724 | G64: =K28/$W28*100 -> 1.8389993 | H64: =M28/$W28*100 -> 6.9943432 | I64: =O28/$W28*100 -> 11.294661 | J64: =Q28/$W28*100 -> 9.8839422 | K64: =S28/$W28*100 -> 10.439262 | L64: =AVERAGE(C64:K64) -> 11.111111
A65: =A47 -> 2003 | C65: =C29/$W29*100 -> 3.3097215 | D65: =E29/$W29*100 -> 10.114471 | E65: =G29/$W29*100 -> 44.310707 | F65: =I29/$W29*100 -> 0.62695963 | G65: =K29/$W29*100 -> 1.8579642 | H65: =M29/$W29*100 -> 6.9557536 | I65: =O29/$W29*100 -> 11.732993 | J65: =Q29/$W29*100 -> 10.367441 | K65: =S29/$W29*100 -> 10.723989 | L65: =AVERAGE(C65:K65) -> 11.111111
A66: =A48 -> 2004 | C66: =C30/$W30*100 -> 3.2319678 | D66: =E30/$W30*100 -> 10.324857 | E66: =G30/$W30*100 -> 44.211243 | F66: =I30/$W30*100 -> 0.65784836 | G66: =K30/$W30*100 -> 1.9277799 | H66: =M30/$W30*100 -> 6.9484566 | I66: =O30/$W30*100 -> 11.636173 | J66: =Q30/$W30*100 -> 10.487131 | K66: =S30/$W30*100 -> 10.574543 | L66: =AVERAGE(C66:K66) -> 11.111111
A67: =A49 -> 2005 | C67: =C31/$W31*100 -> 2.9752247 | D67: =E31/$W31*100 -> 9.6634916 | E67: =G31/$W31*100 -> 44.65483 | F67: =I31/$W31*100 -> 0.67051023 | G67: =K31/$W31*100 -> 2.0879802 | H67: =M31/$W31*100 -> 7.0369234 | I67: =O31/$W31*100 -> 11.552446 | J67: =Q31/$W31*100 -> 10.805572 | K67: =S31/$W31*100 -> 10.553022 | L67: =AVERAGE(C67:K67) -> 11.111111
A68: =A50 -> 2006 | C68: =C32/$W32*100 -> 2.8799101 | D68: =E32/$W32*100 -> 8.8995815 | E68: =G32/$W32*100 -> 45.160886 | F68: =I32/$W32*100 -> 0.65899375 | G68: =K32/$W32*100 -> 2.1413952 | H68: =M32/$W32*100 -> 7.1242203 | I68: =O32/$W32*100 -> 11.3983 | J68: =Q32/$W32*100 -> 11.32741 | K68: =S32/$W32*100 -> 10.409304 | L68: =AVERAGE(C68:K68) -> 11.111111
A69: =A51 -> 2007 | C69: =C33/$W33*100 -> 2.8541878 | D69: =E33/$W33*100 -> 8.746414 | E69: =G33/$W33*100 -> 45.230227 | F69: =I33/$W33*100 -> 0.63412938 | G69: =K33/$W33*100 -> 2.3165161 | H69: =M33/$W33*100 -> 7.1007547 | I69: =O33/$W33*100 -> 11.458198 | J69: =Q33/$W33*100 -> 11.317468 | K69: =S33/$W33*100 -> 10.342105 | L69: =AVERAGE(C69:K69) -> 11.111111
... A72: =A54 -> 2010 | C72: =C36/$W36*100 -> 3.2216329 | D72: =E36/$W36*100 -> 9.0008202 | E72: =G36/$W36*100 -> 41.665859 | F72: =I36/$W36*100 -> 0.62953281 | G72: =K36/$W36*100 -> 2.6368649 | H72: =M36/$W36*100 -> 7.1023595 | I72: =O36/$W36*100 -> 11.769596 | J72: =Q36/$W36*100 -> 12.456673 | K72: =S36/$W36*100 -> 11.516662 | L72: =AVERAGE(C72:K72) -> 11.111111
A74: Average | C74: =AVERAGE(C58:C72) -> 3.2735553 | D74: =AVERAGE(D58:D72) -> 10.168756 | E74: =AVERAGE(E58:E72) -> 44.209936 | F74: =AVERAGE(F58:F72) -> 0.67665272 | G74: =AVERAGE(G58:G72) -> 2.1389229 | H74: =AVERAGE(H58:H72) -> 6.7358785 | I74: =AVERAGE(I58:I72) -> 11.051133 | J74: =AVERAGE(J58:J72) -> 10.574228 | K74: =AVERAGE(K58:K72) -> 11.170937
A75: Deviation | C75: =C72-C58 -> -0.79952049 | D75: =D72-D58 -> -4.4026952 | E75: =E72-E58 -> -0.39861476 | F75: =F72-F58 -> -0.13721981 | G75: =G72-G58 -> 0.64946916 | H75: =H72-H58 -> 1.4660794 | I75: =I72-I58 -> 2.4707413 | J75: =J72-J58 -> 3.2085917 | K75: =K72-K58 -> -2.0568313
A76: Std Dev | C76: =STDEV(C58:C72) -> 0.30323808 | D76: =STDEV(D58:D72) -> 1.6590296 | E76: =STDEV(E58:E72) -> 1.5491177 | F76: =STDEV(F58:F72) -> 0.048759891 | G76: =STDEV(G58:G72) -> 0.29626337 | H76: =STDEV(H58:H72) -> 0.54051837 | I76: =STDEV(I58:I72) -> 0.7956289 | J76: =STDEV(J58:J72) -> 1.0802467 | K76: =STDEV(K58:K72) -> 0.92554212
C80: 1996 | D80: 1999 | E80: 2003 | F80: 2006 | G80: 2008 | H80: =A72 -> 2010 | I80: Average | J80: Deviation | K80: Std Dev
B81: Agriculture, forestry and fishing | C81: {=TRANSPOSE(C58:K58)} -> 4.0211534 | D81: {=TRANSPOSE(C61:K61)} -> 3.364121 | E81: {=TRANSPOSE(C65:K65)} -> 3.3097215 | F81: {=TRANSPOSE(C68:K68)} -> 2.8799101 | G81: {=TRANSPOSE(C70:K70)} -> 3.1390887 | H81: {=TRANSPOSE(C72:K72)} -> 3.2216329 | I81: =AVERAGE(C81:H81) -> 3.3226046 | J81: =H81-C81 -> -0.79952049 | K81: =STDEV(C81:H81) -> 0.38202404
B82: Mining and quarrying | C82: 13.403515 | D82: 10.430322 | E82: 10.114471 | F82: 8.8995815 | G82: 7.9327491 | H82: 9.0008202 | I82: =AVERAGE(C82:H82) -> 9.9635765 | J82: =H82-C82 -> -4.4026952 | K82: =STDEV(C82:H82) -> 1.910866
B83: Manufacturing | C83: 42.064473 | D83: 44.942906 | E83: 44.310707 | F83: 45.160886 | G83: 45.412374 | H83: 41.665859 | I83: =AVERAGE(C83:H83) -> 43.926201 | J83: =H83-C83 -> -0.39861476 | K83: =STDEV(C83:H83) -> 1.642551
B84: Electricity, gas and water | C84: 0.76675262 | D84: 0.68862267 | E84: 0.62695963 | F84: 0.65899375 | G84: 0.62317329 | H84: 0.62953281 | I84: =AVERAGE(C84:H84) -> 0.66567246 | J84: =H84-C84 -> -0.13721981 | K84: =STDEV(C84:H84) -> 0.055496763
B85: Construction | C85: 1.9873957 | D85: 1.8538441 | E85: 1.8579642 | F85: 2.1413952 | G85: 2.465391 | H85: 2.6368649 | I85: =AVERAGE(C85:H85) -> 2.1571425 | J85: =H85-C85 -> 0.64946916 | K85: =STDEV(C85:H85) -> 0.3273256
B86: Wholesale & retail trade; hotels & restaurants | C86: 5.6362801 | D86: 6.5006486 | E86: 6.9557536 | F86: 7.1242203 | G86: 6.9747593 | H86: 7.1023595 | I86: =AVERAGE(C86:H86) -> 6.7156702 | J86: =H86-C86 -> 1.4660794 | K86: =STDEV(C86:H86) -> 0.57489587
B87: Transport , storage and communication | C87: 9.298855 | D87: 10.688109 | E87: 11.732993 | F87: 11.3983 | G87: 11.371206 | H87: 11.769596 | I87: =AVERAGE(C87:H87) -> 11.043176 | J87: =H87-C87 -> 2.4707413 | K87: =STDEV(C87:H87) -> 0.93872029
B88: Finance, real estate and business services | C88: 9.2480815 | D88: 10.07493 | E88: 10.367441 | F88: 11.32741 | G88: 11.554105 | H88: 12.456673 | I88: =AVERAGE(C88:H88) -> 10.838107 | J88: =H88-C88 -> 3.2085917 | K88: =STDEV(C88:H88) -> 1.1579269
B89: Personal and General Government Services | C89: 13.573493 | D89: 11.456497 | E89: 10.723989 | F89: 10.409304 | G89: 10.527153 | H89: 11.516662 | I89: =AVERAGE(C89:H89) -> 11.36785 | J89: =H89-C89 -> -2.0568313 | K89: =STDEV(C89:H89) -> 1.1777098
A92: Diversity | C92: Agriculture, forestry and fishing | D92: Mining and quarrying | E92: Manufacturing | F92: Electricity, gas and water | G92: Construction | H92: Wholesale & retail trade; hotels & restaurants | I92: Transport , storage and communication | J92: Finance, real estate and business services | K92: Personal and General Government Services | L92: Average
A93: 1996 | C93: =C4/($W4-C4) -> 0.18964424 | D93: =E4/($W4-E4) -> 0.047698017 | E93: =G4/($W4-G4) -> 0.2602338 | F93: =I4/($W4-I4) -> 0.0088828605 | G93: =K4/($W4-K4) -> 0.043541865 | H93: =M4/($W4-M4) -> 0.082828702 | I93: =O4/($W4-O4) -> 0.10035235 | J93: =Q4/($W4-Q4) -> 0.066619606 | K93: =S4/($W4-S4) -> 0.23924987 | L93: =AVERAGE(C93:K93) -> 0.11545015
A94: 1997 | C94: =C5/($W5-C5) -> 0.1772828 | D94: =E5/($W5-E5) -> 0.039780051 | E94: =G5/($W5-G5) -> 0.26164693 | F94: =I5/($W5-I5) -> 0.0084762933 | G94: =K5/($W5-K5) -> 0.046967895 | H94: =M5/($W5-M5) -> 0.089523672 | I94: =O5/($W5-O5) -> 0.10585148 | J94: =Q5/($W5-Q5) -> 0.073469078 | K94: =S5/($W5-S5) -> 0.24499192 | L94: =AVERAGE(C94:K94) -> 0.11644335
A95: 1998 | C95: =C6/($W6-C6) -> 0.16761038 | D95: =E6/($W6-E6) -> 0.038762448 | E95: =G6/($W6-G6) -> 0.26452505 | F95: =I6/($W6-I6) -> 0.0079069581 | G95: =K6/($W6-K6) -> 0.045164772 | H95: =M6/($W6-M6) -> 0.098021981 | I95: =O6/($W6-O6) -> 0.10243893 | J95: =Q6/($W6-Q6) -> 0.077690729 | K95: =S6/($W6-S6) -> 0.25357064 | L95: =AVERAGE(C95:K95) -> 0.1172991
A96: 1999 | C96: =C7/($W7-C7) -> 0.16021866 | D96: =E7/($W7-E7) -> 0.03606423 | E96: =G7/($W7-G7) -> 0.26027048 | F96: =I7/($W7-I7) -> 0.0074798939 | G96: =K7/($W7-K7) -> 0.044978981 | H96: =M7/($W7-M7) -> 0.11009071 | I96: =O7/($W7-O7) -> 0.10337581 | J96: =Q7/($W7-Q7) -> 0.082400531 | K96: =S7/($W7-S7) -> 0.25571982 | L96: =AVERAGE(C96:K96) -> 0.11784435
A97: 2000 | C97: =C8/($W8-C8) -> 0.15481275 | D97: =E8/($W8-E8) -> 0.034252678 | E97: =G8/($W8-G8) -> 0.25905705 | F97: =I8/($W8-I8) -> 0.0073208662 | G97: =K8/($W8-K8) -> 0.04815057 | H97: =M8/($W8-M8) -> 0.11031956 | I97: =O8/($W8-O8) -> 0.10088362 | J97: =Q8/($W8-Q8) -> 0.088403486 | K97: =S8/($W8-S8) -> 0.26223141 | L97: =AVERAGE(C97:K97) -> 0.11838133
A98: 2001 | C98: =C9/($W9-C9) -> 0.16388308 | D98: =E9/($W9-E9) -> 0.036833199 | E98: =G9/($W9-G9) -> 0.25041104 | F98: =I9/($W9-I9) -> 0.0072353429 | G98: =K9/($W9-K9) -> 0.04629692 | H98: =M9/($W9-M9) -> 0.1123205 | I98: =O9/($W9-O9) -> 0.095437738 | J98: =Q9/($W9-Q9) -> 0.096468655 | K98: =S9/($W9-S9) -> 0.25689698 | L98: =AVERAGE(C98:K98) -> 0.11842038
A99: 2002 | C99: =C10/($W10-C10) -> 0.16298118 | D99: =E10/($W10-E10) -> 0.041769201 | E99: =G10/($W10-G10) -> 0.24616659 | F99: =I10/($W10-I10) -> 0.0072474591 | G99: =K10/($W10-K10) -> 0.045281244 | H99: =M10/($W10-M10) -> 0.1101427 | I99: =O10/($W10-O10) -> 0.0916127 | J99: =Q10/($W10-Q10) -> 0.1027988 | K99: =S10/($W10-S10) -> 0.2590967 | L99: =AVERAGE(C99:K99) -> 0.11856629
A100: 2003 | C100: =C11/($W11-C11) -> 0.15787633 | D100: =E11/($W11-E11) -> 0.046342879 | E100: =G11/($W11-G11) -> 0.22719524 | F100: =I11/($W11-I11) -> 0.0068754108 | G100: =K11/($W11-K11) -> 0.048974426 | H100: =M11/($W11-M11) -> 0.11513303 | I100: =O11/($W11-O11) -> 0.085399723 | J100: =Q11/($W11-Q11) -> 0.10110874 | K100: =S11/($W11-S11) -> 0.27248016 | L100: =AVERAGE(C100:K100) -> 0.11793177
A101: 2004 | C101: =C12/($W12-C12) -> 0.13541167 | D101: =E12/($W12-E12) -> 0.060197717 | E101: =G12/($W12-G12) -> 0.22161201 | F101: =I12/($W12-I12) -> 0.006760578 | G101: =K12/($W12-K12) -> 0.056691483 | H101: =M12/($W12-M12) -> 0.11754223 | I101: =O12/($W12-O12) -> 0.086901129 | J101: =Q12/($W12-Q12) -> 0.10576851 | K101: =S12/($W12-S12) -> 0.27077109 | L101: =AVERAGE(C101:K101) -> 0.11796182
A102: 2005 | C102: =C13/($W13-C13) -> 0.12126527 | D102: =E13/($W13-E13) -> 0.060331448 | E102: =G13/($W13-G13) -> 0.21773055 | F102: =I13/($W13-I13) -> 0.0066748372 | G102: =K13/($W13-K13) -> 0.065090174 | H102: =M13/($W13-M13) -> 0.12638274 | I102: =O13/($W13-O13) -> 0.086671849 | J102: =Q13/($W13-Q13) -> 0.11172414 | K102: =S13/($W13-S13) -> 0.26515017 | L102: =AVERAGE(C102:K102) -> 0.11789124
A103: 2006 | C103: =C14/($W14-C14) -> 0.11195819 | D103: =E14/($W14-E14) -> 0.07056305 | E103: =G14/($W14-G14) -> 0.22320899 | F103: =I14/($W14-I14) -> 0.0063946055 | G103: =K14/($W14-K14) -> 0.062712896 | H103: =M14/($W14-M14) -> 0.13317748 | I103: =O14/($W14-O14) -> 0.080713279 | J103: =Q14/($W14-Q14) -> 0.11570921 | K103: =S14/($W14-S14) -> 0.25711915 | L103: =AVERAGE(C103:K103) -> 0.11795076
A104: 2007 | C104: =C15/($W15-C15) -> 0.11590225 | D104: =E15/($W15-E15) -> 0.071212241 | E104: =G15/($W15-G15) -> 0.21004317 | F104: =I15/($W15-I15) -> 0.0062772902 | G104: =K15/($W15-K15) -> 0.061349517 | H104: =M15/($W15-M15) -> 0.13018032 | I104: =O15/($W15-O15) -> 0.074994285 | J104: =Q15/($W15-Q15) -> 0.12103503 | K104: =S15/($W15-S15) -> 0.26314188 | L104: =AVERAGE(C104:K104) -> 0.11712622
... A107: 2010 | C107: =C18/($W18-C18) -> 0.092440399 | D107: =E18/($W18-E18) -> 0.074825377 | E107: =G18/($W18-G18) -> 0.21333059 | F107: =I18/($W18-I18) -> 0.005217422 | G107: =K18/($W18-K18) -> 0.060275406 | H107: =M18/($W18-M18) -> 0.11803352 | I107: =O18/($W18-O18) -> 0.080904185 | J107: =Q18/($W18-Q18) -> 0.12846006 | K107: =S18/($W18-S18) -> 0.28299643 | L107: =AVERAGE(C107:K107) -> 0.11738704
A109: Average | C109: =AVERAGE(C93:C107) -> 0.14087511 | D109: =AVERAGE(D93:D107) -> 0.05354404 | E109: =AVERAGE(E93:E107) -> 0.23639444 | F109: =AVERAGE(F93:F107) -> 0.0069346141 | G109: =AVERAGE(G93:G107) -> 0.053056321 | H109: =AVERAGE(H93:H107) -> 0.11293753 | I109: =AVERAGE(I93:I107) -> 0.090360389 | J109: =AVERAGE(J93:J107) -> 0.10153168 | K109: =AVERAGE(K93:K107) -> 0.26194238
A110: Deviation | C110: =C107-C93 -> -0.097203845 | D110: =D107-D93 -> 0.027127359 | E110: =E107-E93 -> -0.046903208 | F110: =F107-F93 -> -0.0036654385 | G110: =G107-G93 -> 0.016733541 | H110: =H107-H93 -> 0.035204818 | I110: =I107-I93 -> -0.01944817 | J110: =J107-J93 -> 0.061840452 | K110: =K107-K93 -> 0.043746554
A111: Std Dev | C111: =STDEV(C93:C107) -> 0.031366679 | D111: =STDEV(D93:D107) -> 0.015665055 | E111: =STDEV(E93:E107) -> 0.021257281 | F111: =STDEV(F93:F107) -> 0.0010319437 | G111: =STDEV(G93:G107) -> 0.007909668 | H111: =STDEV(H93:H107) -> 0.014022093 | I111: =STDEV(I93:I107) -> 0.010283917 | J111: =STDEV(J93:J107) -> 0.020276399 | K111: =STDEV(K93:K107) -> 0.011955293
A114: Gross Operating Surplus | B114: Agriculture | D114: Mining | F114: Manufacturing | H114: Electricity | J114: Construction | L114: Trade | N114: Transport | P114: Finance | R114: Community services | V114: Total
A115: (Current prices, R 1000) | B115: SA | C115: MA | D115: SA | E115: =C115 -> MA | F115: SA | G115: =E115 -> MA | H115: SA | I115: =G115 -> MA | J115: SA | K115: =I115 -> MA | L115: SA | M115: =K115 -> MA | N115: SA | O115: =M115 -> MA | P115: SA | Q115: =O115 -> MA | R115: SA | S115: =Q115 -> MA | V115: SA | W115: MA
A116: =A93 -> 1996 | B116: 16812880 | C116: 82735.692 | D116: 18798620 | E116: 115212.52 | F116: 54160040 | G116: 1212867 | H116: 12503810 | I116: 15042.211 | J116: 6216861.6 | K116: 28545.929 | L116: 41045680 | M116: 96417.235 | N116: 26492460 | O116: 216271.44 | P116: 62446520 | Q116: 202138.52 | R116: 18876070 | S116: 89996.516 | V116: =B116+D116+F116+H116+J116+L116+N116+P116+R116+T116 -> 2.5735294e+08 | W116: =C116+E116+G116+I116+K116+M116+O116+Q116+S116+U116 -> 2059227.1
A117: =A94 -> 1997 | B117: 17735190 | C117: 88473.233 | D117: 18463560 | E117: 127418.82 | F117: 61071070 | G117: 1458440.4 | H117: 13266030 | I117: 16432.736 | J117: 7544451 | K117: 38948.951 | L117: 43726380 | M117: 112856.17 | N117: 30338690 | O117: 256052.68 | P117: 73799080 | Q117: 246976.3 | R117: 21145675 | S117: 98932.022 | V117: =B117+D117+F117+H117+J117+L117+N117+P117+R117+T117 -> 2.8709013e+08 | W117: =C117+E117+G117+I117+K117+M117+O117+Q117+S117+U117 -> 2444531.3
A118: =A95 -> 1998 | B118: 17119700 | C118: 90781.119 | D118: 22383200 | E118: 173781.14 | F118: 58746996 | G118: 1569496.9 | H118: 13736900 | I118: 17280.064 | J118: 7545400 | K118: 38886.781 | L118: 44879900 | M118: 122093.93 | N118: 33884100 | O118: 291373.4 | P118: 79841800 | Q118: 284825.22 | R118: 24194000 | S118: 112705.26 | V118: =B118+D118+F118+H118+J118+L118+N118+P118+R118+T118 -> 3.02332e+08 | W118: =C118+E118+G118+I118+K118+M118+O118+Q118+S118+U118 -> 2701223.8
A119: =A96 -> 1999 | B119: 17367400 | C119: 83275.115 | D119: 26153400 | E119: 211882.44 | F119: 61353000 | G119: 1723416.4 | H119: 13440000 | I119: 15709.234 | J119: 7726900 | K119: 40665.403 | L119: 48733100 | M119: 140310.17 | N119: 38979300 | O119: 343967.69 | P119: 93114600 | Q119: 336493 | R119: 27589000 | S119: 122264.16 | V119: =B119+D119+F119+H119+J119+L119+N119+P119+R119+T119 -> 334456700 | W119: =C119+E119+G119+I119+K119+M119+O119+Q119+S119+U119 -> 3017983.6
A120: =A97 -> 2000 | B120: 18042000 | C120: 93215.2 | D120: 35133200 | E120: 313213.06 | F120: 76113660 | G120: 2099530 | H120: 14622000 | I120: 17919.691 | J120: 8317000 | K120: 44636.934 | L120: 61187350 | M120: 184619.93 | N120: 47245800 | O120: 408092.78 | P120: 1.029656e+08 | Q120: 379608.21 | R120: 32289800 | S120: 140468.21 | V120: =B120+D120+F120+H120+J120+L120+N120+P120+R120+T120 -> 3.9591641e+08 | W120: =C120+E120+G120+I120+K120+M120+O120+Q120+S120+U120 -> 3681304
A121: =A98 -> 2001 | B121: 22610200 | C121: 119297.56 | D121: 45932200 | E121: 393250.61 | F121: 88179400 | G121: 2278187.3 | H121: 14814900 | I121: 18529.002 | J121: 9360000 | K121: 63940.263 | L121: 68374000 | M121: 218467.09 | N121: 53276900 | O121: 442128.38 | P121: 115041000 | Q121: 417606.86 | R121: 35631000 | S121: 156474.9 | V121: =B121+D121+F121+H121+J121+L121+N121+P121+R121+T121 -> 453219600 | W121: =C121+E121+G121+I121+K121+M121+O121+Q121+S121+U121 -> 4107882
...

Sheet NewCastle
A1: NewCastle
A2: Number of formally employed people | B2: Agriculture | D2: Mining | F2: Manufacturing | H2: Electricity | J2: Construction | L2: Trade | N2: Transport | P2: Finance | R2: Community services | T2: Private Households | V2: Total | X2: Year-on-Year MA | Y2: Total-Private Households | AB2: Unemployment Rate | AC2: Number of Claims for Unemployment Benefits | AD2: ='[1]Data Input'!C1 -> Index of New Job Postings | AE2: ='[1]Data Input'!D1 -> Average Salary per Placement
B3: SA | C3: MA | D3: SA | E3: =C3 -> MA | F3: SA | G3: =E3 -> MA | H3: SA | I3: =G3 -> MA | J3: SA | K3: =I3 -> MA | L3: SA | M3: =K3 -> MA | N3: SA | O3: =M3 -> MA | P3: SA | Q3: =O3 -> MA | R3: SA | S3: =Q3 -> MA | T3: SA | U3: =S3 -> MA | V3: SA | W3: =U3 -> MA | Y3: SA | Z3: MA
A4: 1996 | B4: 887880 | C4: 1496.5685 | D4: 568517 | E4: 559.9889 | F4: 1457136.5 | G4: 15306.898 | H4: 76930.867 | I4: 428.43854 | J4: 345823.5 | K4: 669.43445 | L4: 1085992 | M4: 2627.186 | N4: 479493.16 | O4: 2016.5559 | P4: 713126.49 | Q4: 2325.4588 | R4: 1578263.3 | S4: 8817.5066 | T4: 1015292.6 | U4: 5808.4291 | V4: =B4+D4+F4+H4+J4+L4+N4+P4+R4+T4 -> 8208455.4 | W4: =C4+E4+G4+I4+K4+M4+O4+Q4+S4+U4 -> 40056.464 | Y4: =V4-T4 -> 7193162.8 | Z4: =W4-U4 -> 34248.035 | AA4: 1996 | AB4: 0.32372236
A5: =A4+1 -> 1997 | B5: 881959.67 | C5: 1495.5823 | D5: 552238 | E5: 460.08223 | F5: 1396428.8 | G5: 15002.807 | H5: 77385.042 | I5: 429.60596 | J5: 357720.37 | K5: 709.04253 | L5: 1120388.8 | M5: 2780.6944 | N5: 486881.96 | O5: 2092.2294 | P5: 747970.5 | Q5: 2506.0892 | R5: 1683664.2 | S5: 9531.9812 | T5: 1003185.5 | U5: 5758.6472 | V5: =B5+D5+F5+H5+J5+L5+N5+P5+R5+T5 -> 8307822.7 | W5: =C5+E5+G5+I5+K5+M5+O5+Q5+S5+U5 -> 40766.762 | X5: =(W5-W4)/W4*100 -> 1.7732398 | Y5: =V5-T5 -> 7304637.2 | Z5: =W5-U5 -> 35008.114 | AA5: 1997 | AB5: 0.33545861
A6: =A5+1 -> 1998 | B6: 867918.28 | C6: 1457.9011 | D6: 465851 | E6: 360.37774 | F6: 1350784.2 | G6: 15087.173 | H6: 75323.284 | I6: 414.47129 | J6: 336634.99 | K6: 710.85064 | L6: 1189534.6 | M6: 3144.3986 | N6: 461107.75 | O6: 2117.892 | P6: 773497.72 | Q6: 2740.4745 | R6: 1772084.2 | S6: 10043.842 | T6: 991531.26 | U6: 5623.2702 | V6: =B6+D6+F6+H6+J6+L6+N6+P6+R6+T6 -> 8284267.3 | W6: =C6+E6+G6+I6+K6+M6+O6+Q6+S6+U6 -> 41700.651 | X6: =(W6-W5)/W5*100 -> 2.2908118 | Y6: =V6-T6 -> 7292736 | Z6: =W6-U6 -> 36077.381 | AA6: 1998 | AB6: 0.38090977
A7: =A6+1 -> 1999 | B7: 866463.02 | C7: 1446.332 | D7: 436254 | E7: 213.99181 | F7: 1315722.5 | G7: 15332.642 | H7: 74493.773 | I7: 404.29453 | J7: 332065.66 | K7: 739.33682 | L7: 1307911.3 | M7: 3647.5937 | N7: 462724.37 | O7: 2235.4247 | P7: 812416.77 | Q7: 3022.937 | R7: 1837006.2 | S7: 10451.03 | T7: 985259.98 | U7: 5535.3101 | V7: =B7+D7+F7+H7+J7+L7+N7+P7+R7+T7 -> 8430317.6 | W7: =C7+E7+G7+I7+K7+M7+O7+Q7+S7+U7 -> 43028.893 | X7: =(W7-W6)/W6*100 -> 3.1851811 | Y7: =V7-T7 -> 7445057.6 | Z7: =W7-U7 -> 37493.583 | AA7: 1999 | AB7: 0.33436179
A8: =A7+1 -> 2000 | B8: 856696.91 | C8: 1419.002 | D8: 417717 | E8: 171.60034 | F8: 1296165.5 | G8: 14854.502 | H8: 74502.364 | I8: 397.46049 | J8: 350824.84 | K8: 783.81928 | L8: 1300427.2 | M8: 3630.1442 | N8: 456984.32 | O8: 2180.452 | P8: 852256.59 | Q8: 3190.1695 | R8: 1892891.1 | S8: 10796.548 | T8: 968553.77 | U8: 5398.4167 | V8: =B8+D8+F8+H8+J8+L8+N8+P8+R8+T8 -> 8467019.5 | W8: =C8+E8+G8+I8+K8+M8+O8+Q8+S8+U8 -> 42822.114 | X8: =(W8-W7)/W7*100 -> -0.48055779 | Y8: =V8-T8 -> 7498465.8 | Z8: =W8-U8 -> 37423.697 | AA8: 2000 | AB8: 0.36168079
